Workbook
Name Liste_Supplier: _xlfn.ANCHORARRAY(BASE_TECH!$N$1)
Name ListeDynamique: BASE_TECH!$E$1
Name ListeFamilles: BASE_TECH!$A:$A
Name ListeSousfamilles: BASE_TECH!$B:$B
Name MaListeRef: _xlfn.ANCHORARRAY(BASE_TECH!$O$1)
Name MaListeSousFamille: _xlfn.ANCHORARRAY(BASE_TECH!$E$1)
Name TYPE: TabFournisseurs[TYPE]

Sheet FICHE PRODUIT
A2: TEMPLATE | N2: Priority | S2: W26-27
A4: Dernière MAJ | S4: In development
A6: Photo | C6: COMMENT | D6: Page | E6: 14 | H6: STOCK date
D7: SAMPLE | H7: VENTE last saison
D8: Production
D9: Color Recipe
D10: Shooting fait | E10: FALSE | H10: TOTAL | I10: 48 | J10: 50 | K10: 52 | L10: 54 | M10: 56 | N10: 58 | O10: 60 | P10: 62 | Q10: 64
H11: =SUM(I11:Q11) -> 0 | R11: Order date
D12: Famille | H12: =SUM(I12:Q12) -> 0
D13: Sous-famille | H13: =SUM(I13:Q13) -> 0
H14: =SUM(I14:Q14) -> 0
D15: Production cost | H15: =SUM(I15:Q15) -> 0
D16: Fabric cost | E16: =SUM(G29:G43) -> 2.5 | H16: =SUM(I16:Q16) -> 0
H17: =SUM(I17:Q17) -> 0
D18: Total Price | E18: =SUM(E15:E16) -> 2.5 | H18: =SUM(I18:Q18) -> 0
D19: Margin | E19: =SUM(E21/E18) -> 0 | G19: Production | H19: 0
G20: Reassort | H20: 0
D21: Price TTC | H21: =SUM(H19:H20) -> 0 | I21: =SUM(I11:I18) -> 0 | J21: =SUM(J11:J18) -> 0 | K21: =SUM(K11:K18) -> 0 | L21: =SUM(L11:L18) -> 0 | M21: =SUM(M11:M18) -> 0 | N21: =SUM(N11:N18) -> 0 | O21: =SUM(O11:O18) -> 0 | P21: =SUM(P11:P18) -> 0 | Q21: =SUM(Q11:Q18) -> 0
D22: Price B2B 2,5 | E22: =SUM(E21/2.5) -> 0 | H22: TOTAL | I22: 48 | J22: 50 | K22: 52 | L22: 54 | M22: 56 | N22: 58 | O22: 60 | P22: 62 | Q22: 64
D23: Price B2B 2,2 | E23: =SUM(E21/2.2) -> 0
A24: Update price for Fastmag
A25: Update website
A27: Nadejda in BLUE - Lise in PURPLE
A28: Type | B28: Supplier | C28: REF PRODUCT | D28: Need | E28: Total need | F28: Cost / per m | G28: Cost product | H28: Total cost prod | I28: Last update
E29: =D29*H21 -> 0 | F29: {=IFERROR(_xlfn.XLOOKUP(1,(TabFournisseurs[TYPE]=A29)*(TabFournisseurs[SUPPLIER2]=B29)*(TabFournisseurs[REF PRODUCT]=C29),TabFournisseurs[Cost / per m]),0)} -> 0 | G29: =F29*D29 -> 0 | H29: =G29*H21 -> 0
E30: =D30*H21 -> 0 | F30: {=IFERROR(_xlfn.XLOOKUP(1,(TabFournisseurs[TYPE]=A30)*(TabFournisseurs[SUPPLIER2]=B30)*(TabFournisseurs[REF PRODUCT]=C30),TabFournisseurs[Cost / per m]),0)} -> 0 | G30: =F30*D30 -> 0 | H30: =G30*H21 -> 0
E31: =D31*H21 -> 0 | F31: {=IFERROR(_xlfn.XLOOKUP(1,(TabFournisseurs[TYPE]=A31)*(TabFournisseurs[SUPPLIER2]=B31)*(TabFournisseurs[REF PRODUCT]=C31),TabFournisseurs[Cost / per m]),0)} -> 0 | G31: =F31*D31 -> 0 | H31: =G31*H21 -> 0
E32: =D32*H21 -> 0 | F32: {=IFERROR(_xlfn.XLOOKUP(1,(TabFournisseurs[TYPE]=A32)*(TabFournisseurs[SUPPLIER2]=B32)*(TabFournisseurs[REF PRODUCT]=C32),TabFournisseurs[Cost / per m]),0)} -> 0 | G32: =F32*D32 -> 0 | H32: =G32*H21 -> 0
E33: =D33*H21 -> 0 | F33: {=IFERROR(_xlfn.XLOOKUP(1,(TabFournisseurs[TYPE]=A33)*(TabFournisseurs[SUPPLIER2]=B33)*(TabFournisseurs[REF PRODUCT]=C33),TabFournisseurs[Cost / per m]),0)} -> 0 | G33: =F33*D33 -> 0 | H33: =G33*H21 -> 0
E34: =D34*H21 -> 0 | F34: {=IFERROR(_xlfn.XLOOKUP(1,(TabFournisseurs[TYPE]=A34)*(TabFournisseurs[SUPPLIER2]=B34)*(TabFournisseurs[REF PRODUCT]=C34),TabFournisseurs[Cost / per m]),0)} -> 0 | G34: =F34*D34 -> 0 | H34: =G34*H21 -> 0
E35: =D35*H21 -> 0 | F35: {=IFERROR(_xlfn.XLOOKUP(1,(TabFournisseurs[TYPE]=A35)*(TabFournisseurs[SUPPLIER2]=B35)*(TabFournisseurs[REF PRODUCT]=C35),TabFournisseurs[Cost / per m]),0)} -> 0 | G35: =F35*D35 -> 0 | H35: =G35*H21 -> 0
E36: =D36*H21 -> 0 | F36: {=IFERROR(_xlfn.XLOOKUP(1,(TabFournisseurs[TYPE]=A36)*(TabFournisseurs[SUPPLIER2]=B36)*(TabFournisseurs[REF PRODUCT]=C36),TabFournisseurs[Cost / per m]),0)} -> 0 | G36: =F36*D36 -> 0 | H36: =G36*H21 -> 0
E37: =D37*H21 -> 0 | F37: {=IFERROR(_xlfn.XLOOKUP(1,(TabFournisseurs[TYPE]=A37)*(TabFournisseurs[SUPPLIER2]=B37)*(TabFournisseurs[REF PRODUCT]=C37),TabFournisseurs[Cost / per m]),0)} -> 0 | G37: =F37*D37 -> 0 | H37: =G37*H21 -> 0
E38: =D38*H21 -> 0 | F38: {=IFERROR(_xlfn.XLOOKUP(1,(TabFournisseurs[TYPE]=A38)*(TabFournisseurs[SUPPLIER2]=B38)*(TabFournisseurs[REF PRODUCT]=C38),TabFournisseurs[Cost / per m]),0)} -> 0 | G38: =F38*D38 -> 0 | H38: =G38*H21 -> 0
E39: =D39*H21 -> 0 | F39: {=IFERROR(_xlfn.XLOOKUP(1,(TabFournisseurs[TYPE]=A39)*(TabFournisseurs[SUPPLIER2]=B39)*(TabFournisseurs[REF PRODUCT]=C39),TabFournisseurs[Cost / per m]),0)} -> 0 | G39: =F39*D39 -> 0 | H39: =G39*H21 -> 0
E40: =D40*H21 -> 0 | F40: {=IFERROR(_xlfn.XLOOKUP(1,(TabFournisseurs[TYPE]=A40)*(TabFournisseurs[SUPPLIER2]=B40)*(TabFournisseurs[REF PRODUCT]=C40),TabFournisseurs[Cost / per m]),0)} -> 0 | G40: =F40*D40 -> 0 | H40: =G40*H21 -> 0
A41: Frais externe | B41: Classwash | E41: =D41*H21 -> 0 | F41: {=IFERROR(_xlfn.XLOOKUP(1,(TabFournisseurs[TYPE]=A41)*(TabFournisseurs[SUPPLIER2]=B41)*(TabFournisseurs[REF PRODUCT]=C41),TabFournisseurs[Cost / per m]),0)} -> 0 | G41: =F41*D41 -> 0 | H41: =G41*H21 -> 0
A42: Frais externe | B42: Transport | C42: Européen | D42: 1 | E42: =D42*H21 -> 0 | F42: {=IFERROR(_xlfn.XLOOKUP(1,(TabFournisseurs[TYPE]=A42)*(TabFournisseurs[SUPPLIER2]=B42)*(TabFournisseurs[REF PRODUCT]=C42),TabFournisseurs[Cost / per m]),0)} -> 2 | G42: =F42*D42 -> 2 | H42: =G42*H21 -> 0
A43: Frais externe | B43: Communication | C43: Marketing | D43: 1 | E43: =D43*H21 -> 0 | F43: {=IFERROR(_xlfn.XLOOKUP(1,(TabFournisseurs[TYPE]=A43)*(TabFournisseurs[SUPPLIER2]=B43)*(TabFournisseurs[REF PRODUCT]=C43),TabFournisseurs[Cost / per m]),0)} -> 0.5 | G43: =F43*D43 -> 0.5 | H43: =G43*H21 -> 0
A45: MARIUS BROWN | H45: Brown | N45: Priority | Q45: +++ | S45: W26-27
A47: 46225 | S47: IN PRODUCTION
A49: #VALUE! | C49: COMMENT | D49: Page | E49: Page 11 | H49: STOCK date
D50: SAMPLE | E50: Not need | H50: VENTE last saison
D51: Production | E51: OCEAN SURPLUS
D52: Color Recipe
D53: Shooting fait | E53: FALSE | H53: TOTAL | I53: 48 | J53: 50 | K53: 52 | L53: 54 | M53: 56 | N53: 58 | O53: 60 | P53: 62 | Q53: 64
H54: =SUM(I54:Q54) -> 58 | I54: 7 | J54: 10 | K54: 12 | L54: 11 | M54: 9 | N54: 5 | O54: 2 | P54: 2 | R54: Order date 22 juillet 2026
D55: Famille | E55: Gilet | H55: =SUM(I55:Q55) -> 0
D56: Sous-famille | E56: Marius | H56: =SUM(I56:Q56) -> 0
H57: =SUM(I57:Q57) -> 0
D58: Production cost | E58: 55 | H58: =SUM(I58:Q58) -> 0
D59: Fabric cost | E59: =SUM(G72:G84) -> 16.6465 | H59: =SUM(I59:Q59) -> 0
H60: =SUM(I60:Q60) -> 0
D61: Total Price | E61: =SUM(E58:E59) -> 71.6465 | H61: =SUM(I61:Q61) -> 0
D62: Margin | E62: =SUM(E64/E61) -> 4.396586 | G62: Production | H62: 100
G63: Reassort | H63: 0
D64: Price TTC | E64: 315 | H64: =SUM(H54:H61) -> 58 | I64: =SUM(I54:I61) -> 7 | J64: =SUM(J54:J61) -> 10 | K64: =SUM(K54:K61) -> 12 | L64: =SUM(L54:L61) -> 11 | M64: =SUM(M54:M61) -> 9 | N64: =SUM(N54:N61) -> 5 | O64: =SUM(O54:O61) -> 2 | ... Q64: =SUM(Q54:Q61) -> 0
D65: Price B2B 2,5 | E65: =SUM(E64/2.5) -> 126 | H65: TOTAL | I65: 48 | J65: 50 | K65: 52 | L65: 54 | M65: 56 | N65: 58 | O65: 60 | P65: 62 | Q65: 64
D66: Price B2B 2,2 | E66: =SUM(E64/2.2) -> 143.18182
A67: Update price for Fastmag | B67: 46220
A68: Update website
A70: Nadejda in BLUE - Lise in PURPLE
A71: Type | B71: Supplier | C71: REF PRODUCT | D71: Need | E71: Total need | F71: Cost / per m | G71: Cost product | H71: Total cost prod | I71: Last update
A72: FABRIC | B72: AMBASSADOR | C72: SUE225PEC - FAUX SUEDE PECAN | D72: 0.8 | E72: =D72*H64 -> 46.4 | F72: {=IFERROR(_xlfn.XLOOKUP(1,(TabFournisseurs[TYPE]=A72)*(TabFournisseurs[SUPPLIER2]=B72)*(TabFournisseurs[REF PRODUCT]=C72),TabFournisseurs[Cost / per m]),0)} -> 6.2 | G72: =F72*D72 -> 4.96 | H72: =G72*H64 -> 287.68
A73: LINNING | B73: TABEL | C73: Dessin Camo - Fleurs Rouge | D73: 0.35 | E73: =D73*H64 -> 20.3 | F73: {=IFERROR(_xlfn.XLOOKUP(1,(TabFournisseurs[TYPE]=A73)*(TabFournisseurs[SUPPLIER2]=B73)*(TabFournisseurs[REF PRODUCT]=C73),TabFournisseurs[Cost / per m]),0)} -> 3.95 | G73: =F73*D73 -> 1.3825 | H73: =G73*H64 -> 80.185
A74: BACK | B74: MDA | C74: 2179 PPT / COL CW27742 | D74: 0.4 | E74: =D74*H64 -> 23.2 | F74: {=IFERROR(_xlfn.XLOOKUP(1,(TabFournisseurs[TYPE]=A74)*(TabFournisseurs[SUPPLIER2]=B74)*(TabFournisseurs[REF PRODUCT]=C74),TabFournisseurs[Cost / per m]),0)} -> 8.91 | G74: =F74*D74 -> 3.564 | H74: =G74*H64 -> 206.712
A75: INTERLINING | B75: CHARGEUR | C75: 713048 PRETA | D75: 0.8 | E75: =D75*H64 -> 46.4 | F75: {=IFERROR(_xlfn.XLOOKUP(1,(TabFournisseurs[TYPE]=A75)*(TabFournisseurs[SUPPLIER2]=B75)*(TabFournisseurs[REF PRODUCT]=C75),TabFournisseurs[Cost / per m]),0)} -> 1.35 | G75: =F75*D75 -> 1.08 | H75: =G75*H64 -> 62.64
A76: UNDER COLLAR | B76: OFFITEX | C76: COR 301C/1 | D76: 0.05 | E76: =D76*H64 -> 2.9 | F76: {=IFERROR(_xlfn.XLOOKUP(1,(TabFournisseurs[TYPE]=A76)*(TabFournisseurs[SUPPLIER2]=B76)*(TabFournisseurs[REF PRODUCT]=C76),TabFournisseurs[Cost / per m]),0)} -> 0.05 | G76: =F76*D76 -> 0.0025 | H76: =G76*H64 -> 0.145
A77: PANO DE BOLSO | B77: DRAGONI | C77: RAVENNA PXT | D77: 0.05 | E77: =D77*H64 -> 2.9 | F77: {=IFERROR(_xlfn.XLOOKUP(1,(TabFournisseurs[TYPE]=A77)*(TabFournisseurs[SUPPLIER2]=B77)*(TabFournisseurs[REF PRODUCT]=C77),TabFournisseurs[Cost / per m]),0)} -> 2.97 | G77: =F77*D77 -> 0.1485 | H77: =G77*H64 -> 8.613
A78: GALON | B78: NASTRO | C78: G | D78: 0.1 | E78: =D78*H64 -> 5.8 | F78: {=IFERROR(_xlfn.XLOOKUP(1,(TabFournisseurs[TYPE]=A78)*(TabFournisseurs[SUPPLIER2]=B78)*(TabFournisseurs[REF PRODUCT]=C78),TabFournisseurs[Cost / per m]),0)} -> 0.49 | G78: =F78*D78 -> 0.049 | H78: =G78*H64 -> 2.842
A79: ETIQUETTES | B79: CADICA | C79: A3 | D79: 1 | E79: =D79*H64 -> 58 | F79: {=IFERROR(_xlfn.XLOOKUP(1,(TabFournisseurs[TYPE]=A79)*(TabFournisseurs[SUPPLIER2]=B79)*(TabFournisseurs[REF PRODUCT]=C79),TabFournisseurs[Cost / per m]),0)} -> 0.27 | G79: =F79*D79 -> 0.27 | H79: =G79*H64 -> 15.66
A80: HANGTAG | B80: CADICA | C80: Y | D80: 1 | E80: =D80*H64 -> 58 | F80: {=IFERROR(_xlfn.XLOOKUP(1,(TabFournisseurs[TYPE]=A80)*(TabFournisseurs[SUPPLIER2]=B80)*(TabFournisseurs[REF PRODUCT]=C80),TabFournisseurs[Cost / per m]),0)} -> 0.21 | G80: =F80*D80 -> 0.21 | H80: =G80*H64 -> 12.18
A81: BOUTONS | B81: LOUROPEL | C81: BT1 | D81: 8 | E81: =D81*H64 -> 464 | F81: {=IFERROR(_xlfn.XLOOKUP(1,(TabFournisseurs[TYPE]=A81)*(TabFournisseurs[SUPPLIER2]=B81)*(TabFournisseurs[REF PRODUCT]=C81),TabFournisseurs[Cost / per m]),0)} -> 0.06 | G81: =F81*D81 -> 0.48 | H81: =G81*H64 -> 27.84
A83: Frais externe | B83: Transport | C83: International | D83: 1 | E83: =D83*H64 -> 58 | F83: {=IFERROR(_xlfn.XLOOKUP(1,(TabFournisseurs[TYPE]=A83)*(TabFournisseurs[SUPPLIER2]=B83)*(TabFournisseurs[REF PRODUCT]=C83),TabFournisseurs[Cost / per m]),0)} -> 4 | G83: =F83*D83 -> 4 | H83: =G83*H64 -> 232
A84: Frais externe | B84: Communication | C84: Marketing | D84: 1 | E84: =D84*H64 -> 58 | F84: {=IFERROR(_xlfn.XLOOKUP(1,(TabFournisseurs[TYPE]=A84)*(TabFournisseurs[SUPPLIER2]=B84)*(TabFournisseurs[REF PRODUCT]=C84),TabFournisseurs[Cost / per m]),0)} -> 0.5 | G84: =F84*D84 -> 0.5 | H84: =G84*H64 -> 29
A86: MARIUS BROWN | H86: Straw | N86: Priority | S86: W26-27
A88: Dernière MAJ | S88: PROTO
A90: TO DO | C90: COMMENT | D90: Page | E90: Page 12 | H90: STOCK date
C91: NEW COLOR | D91: SAMPLE | E91: TO DO | H91: VENTE last saison
D92: Production | E92: OCEAN SURPLUS
D93: Color Recipe
D94: Shooting fait | E94: FALSE | H94: TOTAL | I94: 48 | J94: 50 | K94: 52 | L94: 54 | M94: 56 | N94: 58 | O94: 60 | P94: 62 | Q94: 64
H95: =SUM(I95:Q95) -> 0 | R95: Order date
D96: Famille | E96: Gilet | H96: =SUM(I96:Q96) -> 0
D97: Sous-famille | E97: Marius | H97: =SUM(I97:Q97) -> 0
H98: =SUM(I98:Q98) -> 0
D99: Production cost | E99: 55 | H99: =SUM(I99:Q99) -> 0
D100: Fabric cost | E100: =SUM(G113:G125) -> 16.6465 | H100: =SUM(I100:Q100) -> 0
H101: =SUM(I101:Q101) -> 0
D102: Total Price | E102: =SUM(E99:E100) -> 71.6465 | H102: =SUM(I102:Q102) -> 0
D103: Margin | E103: =SUM(E105/E102) -> 4.396586 | G103: Production | H103: 0
G104: Reassort | H104: 0
D105: Price TTC | E105: 315 | H105: =SUM(H103:H104) -> 0 | I105: =SUM(I95:I102) -> 0 | J105: =SUM(J95:J102) -> 0 | K105: =SUM(K95:K102) -> 0 | L105: =SUM(L95:L102) -> 0 | M105: =SUM(M95:M102) -> 0 | N105: =SUM(N95:N102) -> 0 | O105: =SUM(O95:O102) -> 0 | P105: =SUM(P95:P102) -> 0 | Q105: =SUM(Q95:Q102) -> 0
D106: Price B2B 2,5 | E106: =SUM(E105/2.5) -> 126 | H106: TOTAL | I106: 48 | J106: 50 | K106: 52 | L106: 54 | M106: 56 | N106: 58 | O106: 60 | P106: 62 | Q106: 64
D107: Price B2B 2,2 | E107: =SUM(E105/2.2) -> 143.18182
A108: Update price for Fastmag
A109: Update website
A111: Nadejda in BLUE - Lise in PURPLE
A112: Type | B112: Supplier | C112: REF PRODUCT | D112: Need | E112: Total need | F112: Cost / per m | G112: Cost product | H112: Total cost prod | I112: Last update
A113: FABRIC | B113: AMBASSADOR | C113: SUE225STR - FAUX SUEDE STARW | D113: 0.8 | E113: =D113*H105 -> 0 | F113: {=IFERROR(_xlfn.XLOOKUP(1,(TabFournisseurs[TYPE]=A113)*(TabFournisseurs[SUPPLIER2]=B113)*(TabFournisseurs[REF PRODUCT]=C113),TabFournisseurs[Cost / per m]),0)} -> 6.2 | G113: =F113*D113 -> 4.96 | H113: =G113*H105 -> 0
...

Sheet PRIO PROD
A1: STATUT | B1: WAIT QUANTITY
A3: Étiquettes de lignes | B3: Somme de PRIORITY
A4: 0 | B4: 0
A5: COOL PANTS 2 ECRU | B5: 0
A6: COOL PANTS 2 W | B6: 0
A7: COOL PANTS VELOURS | B7: 0
A8: DANDY GDS4015 | B8: 0
A9: DANDY GDW2015 | B9: 0
A10: LOUISIANE COTON | B10: 0
A11: LOUISIANE DENIM | B11: 0
A12: MARIUS CHEVRON F149 | B12: 0
A13: MARIUS CHEVRON FX9 | B13: 0
A14: MARIUS PKT3 GPW3003 | B14: 0
A15: MARIUS POCKET F89 | B15: 0
A16: PECK POCKET | B16: 0
... A23: Total général | B23: 0

Sheet MAJ PRICE
A1: STATUT | B1: (Tous)
A3: Étiquettes de lignes | B3: TTC | C3: B2B 2,2 | D3: B2B 2,5
A4: 46151 | B4: 325 | C4: 147.72727 | D4: 130
A5: DANDY GDW4006 | B5: 325 | C5: 147.72727 | D5: 130
A6: 46157 | B6: 245 | C6: 111.36364 | D6: 98
A7: LOUISIANE COTON | B7: 245 | C7: 111.36364 | D7: 98
A8: 46162 | B8: 269 | C8: 122.27273 | D8: 107.6
A9: DANDY GDW2015 | B9: 295 | C9: 134.09091 | D9: 118
A10: DANDY GDW4006 | B10: 325 | C10: 147.72727 | D10: 130
A11: MARIUS PDG W | B11: 325 | C11: 147.72727 | D11: 130
A12: MARIUS PDP W | B12: 315 | C12: 143.18182 | D12: 126
A13: MARIUS PKT PDG W | B13: 325 | C13: 147.72727 | D13: 130
A14: MARIUS PKT-GPW0021C | B14: 295 | C14: 134.09091 | D14: 118
A15: MARIUS PKT3 GPW3003 | B15: 295 | C15: 134.09091 | D15: 118
A16: MARIUS POCKET F79 | B16: 295 | C16: 134.09091 | D16: 118
A17: MARIUS POCKET F89 | B17: 295 | C17: 134.09091 | D17: 118
A18: MARIUS POCKET F99 | B18: 295 | C18: 134.09091 | D18: 118
A19: MARIUS POCKET FX28 | B19: 295 | C19: 134.09091 | D19: 118
A20: PECK VELOUR | B20: 269 | C20: 122.27273 | D20: 107.6
... A26: MARIUS CHALE DENIM | B26: 315 | C26: 143.18182 | D26: 126
A27: 46163 | B27: 465 | C27: 211.36364 | D27: 186
A28: KINGSMAN | B28: 495 | C28: 225 | D28: 198
A29: HABANO W | B29: 465 | C29: 211.36364 | D29: 186
A30: SLACK X DENIM | B30: 595 | C30: 270.45455 | D30: 238
A31: SLACK X CANEVAS | B31: 535 | C31: 243.18182 | D31: 214
A32: Total général | B32: 245 | C32: 111.36364 | D32: 98

Sheet MATIERE PREMIERE
A1: STATUT | B1: (Plusieurs éléments)
A2: Type | B2: (Tous)
A4: Étiquettes de lignes | B4: Somme de Total need | C4: Somme de Total cost prod
A5: 0 | B5: 935 | C5: 9225
A6: ? | B6: 0 | C6: 0
A7: ACM | B7: 107.6 | C7: 807
A8: ALBANO MORGADO | B8: 874.52 | C8: 12258.234
A9: AMBASSADOR | B9: 163 | C9: 287.68
A10: FAUX SUEDE PECAN | B10: 116.6 | C10: 0
A11: SLACK IVY BROWN | B11: 116.6 | C11: 0
A12: SUE225PEC - FAUX SUEDE PECAN | B12: 46.4 | C12: 287.68
A13: MARIUS BROWN | B13: 46.4 | C13: 287.68
A14: SUE225STR - FAUX SUEDE STARW | B14: 0 | C14: 0
A15: MARIUS BROWN | B15: 0 | C15: 0
A16: SUE225NAV - FAUX SUEDE NAVY | B16: 0 | C16: 0
A17: MARIUS BLUE | B17: 0 | C17: 0
... A29: ARMY ==> RECUPERER INFOS SUMMER | B29: 1035 | C29: 0
A30: 0 | B30: 1035 | C30: 0
A31: BT Brown 1 | B31: 29 | C31: 1.45
A32: BT White 2 - CZL0092 SIZE 24 | B32: 0 | C32: 0
A33: BT1 | B33: 10745 | C33: 644.7
A34: BT2 | B34: 3437 | C34: 446.81
A35: BT4 - 387 SIZE 14 COL 51 | B35: 0 | C35: 0
A36: ESPIGAO 1 - 387SIZE 9 COL 5 ESPIGÃO | B36: 0 | C36: 0
A37: Loop 1 | B37: 0 | C37: 0
A38: MALLALEUS | B38: 24 | C38: 451.2
A39: MARZOTTO | B39: 20.35 | C39: 455.84
A40: MDA | B40: 140.8 | C40: 1254.528
A41: MOON | B41: 26 | C41: 577.2
A42: MYZIP | B42: 188 | C42: 0
... A58: Total général | B58: 30995.12 | C58: 65328.136

Sheet COÛT MOYEN DE PROD
A1: STATUT | B1: (Tous)
A3: Étiquettes de lignes | B3: Moyenne de PRODUCTION COST
A4: 0 | B4: 0
A5: Pièce à manche | B5: 107
A6: Blazers | B6: 91.113636
A7: Gilet | B7: 52.033582
A8: Pantalon | B8: 47
A9: Pièce à manche | B9: 78.24
A10: Surchemise | B10: 80
A11: (vide)
A12: #REF! | B12: #REF!
A13: Chemise | B13: 0
A14: Total général | B14: #REF!

Sheet PROTO
A1: SAMPLE | B1: TO DO
A3: Étiquettes de lignes | B3: Somme de PRIORITY
A4: ANTONIO AMADEU | B4: 0
A5: REPORT / CANCEL | B5: 0
A6: EASY SLACK | B6: 0
A7: Beige | B7: 0
A8: Kaki | B8: 0
A9: Navy | B9: 0
A10: OCEAN SURPLUS | B10: #REF!
A11: In development | B11: 0
A12: PROTO | B12: 0
A13: REPORT / CANCEL | B13: #REF!
A14: MARIUS PATCH | B14: 0
A15: 0 | B15: 0
A16: SLACK IVY PDG W | B16: 0
A17: Brown | B17: 0
A18: SLACK IVY VIW3005 | B18: 0
A19: Camel | B19: 0
A20: SLACK PKT PDG W | B20: 0
A21: Brown | B21: 0
A22: SLACK X HBT | B22: 0
A23: 0 | B23: 0
A24: #REF! | B24: #REF!
A25: #REF! | B25: #REF!
A26: PILOT - col 3 | B26: 0
A27: 0 | B27: 0
A28: MARIUS PATCH | B28: 0
A29: 0 | B29: 0
A30: IN PRODUCTION | B30: 0
A31: ARMY ==> RECUPERER INFOS SUMMER | B31: 0
A32: 0 | B32: 0
A33: VALYS JEANS | B33: 0
A34: PROTO | B34: 0
A35: 0 | B35: 0
A36: PROTO | B36: 0
A37: Total général | B37: #REF!

Sheet DATTA BASE
A1: REF | B1: COULEUR | C1: SAISON | D1: PRIORITY | E1: STATUT | F1: PAGE | G1: SAMPLE | H1: PRODUCTION | I1: SHOOTING | J1: FAMILLE | K1: SOUS-FAMILLE | L1: PRODUCTION COST | M1: FAVRIC COST | N1: TOTAL PRICE | O1: MARGE | P1: PRIX TTC | Q1: Price B2B 2,5 | R1: Price B2B 2,2 | S1: DATE MAJ PRIX | T1: Type | U1: Supplier | V1: REF PRODUCT | W1: Need | X1: Total need | Y1: Cost / per m | Z1: Cost product | AA1: Total cost prod
A2: ='FICHE PRODUIT'!$A$45 -> MARIUS BROWN | B2: ='FICHE PRODUIT'!$H$45 -> Brown | C2: ='FICHE PRODUIT'!$S$45 -> W26-27 | D2: ='FICHE PRODUIT'!$Q$45 -> +++ | E2: ='FICHE PRODUIT'!$S$47 -> IN PRODUCTION | F2: ='FICHE PRODUIT'!E49 -> Page 11 | G2: ='FICHE PRODUIT'!$E$50 -> Not need | H2: ='FICHE PRODUIT'!$E$51 -> OCEAN SURPLUS | I2: ='FICHE PRODUIT'!$E$53 -> FALSE | J2: ='FICHE PRODUIT'!$E$55 -> Gilet | K2: ='FICHE PRODUIT'!$E$56 -> Marius | L2: ='FICHE PRODUIT'!$E$58 -> 55 | M2: ='FICHE PRODUIT'!$E$59 -> 16.6465 | N2: ='FICHE PRODUIT'!$E$61 -> 71.6465 | O2: ='FICHE PRODUIT'!$E$62 -> 4.396586 | P2: ='FICHE PRODUIT'!$E$64 -> 315 | Q2: ='FICHE PRODUIT'!$E$65 -> 126 | R2: ='FICHE PRODUIT'!$E$66 -> 143.18182 | S2: ='FICHE PRODUIT'!$E$67 -> 0 | T2: ='FICHE PRODUIT'!A72 -> FABRIC | U2: ='FICHE PRODUIT'!B72 -> AMBASSADOR | V2: ='FICHE PRODUIT'!C72 -> SUE225PEC - FAUX SUEDE PECAN | W2: ='FICHE PRODUIT'!D72 -> 0.8 | X2: ='FICHE PRODUIT'!E72 -> 46.4 | Y2: ='FICHE PRODUIT'!F72 -> 6.2 | Z2: ='FICHE PRODUIT'!G72 -> 4.96 | AA2: ='FICHE PRODUIT'!H72 -> 287.68
A3: ='FICHE PRODUIT'!$A$45 -> MARIUS BROWN | B3: ='FICHE PRODUIT'!$H$45 -> Brown | C3: ='FICHE PRODUIT'!$S$45 -> W26-27 | D3: ='FICHE PRODUIT'!$Q$45 -> +++ | E3: ='FICHE PRODUIT'!$S$47 -> IN PRODUCTION | F3: ='FICHE PRODUIT'!E49 -> Page 11 | G3: ='FICHE PRODUIT'!$E$50 -> Not need | H3: ='FICHE PRODUIT'!$E$51 -> OCEAN SURPLUS | I3: ='FICHE PRODUIT'!$E$53 -> FALSE | J3: ='FICHE PRODUIT'!$E$55 -> Gilet | K3: ='FICHE PRODUIT'!$E$56 -> Marius | L3: ='FICHE PRODUIT'!$E$58 -> 55 | M3: ='FICHE PRODUIT'!$E$59 -> 16.6465 | N3: ='FICHE PRODUIT'!$E$61 -> 71.6465 | O3: ='FICHE PRODUIT'!$E$62 -> 4.396586 | P3: ='FICHE PRODUIT'!$E$64 -> 315 | Q3: ='FICHE PRODUIT'!$E$65 -> 126 | R3: ='FICHE PRODUIT'!$E$66 -> 143.18182 | S3: ='FICHE PRODUIT'!$E$67 -> 0 | T3: ='FICHE PRODUIT'!A73 -> LINNING | U3: ='FICHE PRODUIT'!B73 -> TABEL | V3: ='FICHE PRODUIT'!C73 -> Dessin Camo - Fleurs Rouge | W3: ='FICHE PRODUIT'!D73 -> 0.35 | X3: ='FICHE PRODUIT'!E73 -> 20.3 | Y3: ='FICHE PRODUIT'!F73 -> 3.95 | Z3: ='FICHE PRODUIT'!G73 -> 1.3825 | AA3: ='FICHE PRODUIT'!H73 -> 80.185
A4: ='FICHE PRODUIT'!$A$45 -> MARIUS BROWN | B4: ='FICHE PRODUIT'!$H$45 -> Brown | C4: ='FICHE PRODUIT'!$S$45 -> W26-27 | D4: ='FICHE PRODUIT'!$Q$45 -> +++ | E4: ='FICHE PRODUIT'!$S$47 -> IN PRODUCTION | F4: ='FICHE PRODUIT'!$E$49 -> Page 11 | G4: ='FICHE PRODUIT'!$E$50 -> Not need | H4: ='FICHE PRODUIT'!$E$51 -> OCEAN SURPLUS | I4: ='FICHE PRODUIT'!$E$53 -> FALSE | J4: ='FICHE PRODUIT'!$E$55 -> Gilet | K4: ='FICHE PRODUIT'!$E$56 -> Marius | L4: ='FICHE PRODUIT'!$E$58 -> 55 | M4: ='FICHE PRODUIT'!$E$59 -> 16.6465 | N4: ='FICHE PRODUIT'!$E$61 -> 71.6465 | O4: ='FICHE PRODUIT'!$E$62 -> 4.396586 | P4: ='FICHE PRODUIT'!$E$64 -> 315 | Q4: ='FICHE PRODUIT'!$E$65 -> 126 | R4: ='FICHE PRODUIT'!$E$66 -> 143.18182 | S4: ='FICHE PRODUIT'!$E$67 -> 0 | T4: ='FICHE PRODUIT'!A74 -> BACK | U4: ='FICHE PRODUIT'!B74 -> MDA | V4: ='FICHE PRODUIT'!C74 -> 2179 PPT / COL CW27742 | W4: ='FICHE PRODUIT'!D74 -> 0.4 | X4: ='FICHE PRODUIT'!E74 -> 23.2 | Y4: ='FICHE PRODUIT'!F74 -> 8.91 | Z4: ='FICHE PRODUIT'!G74 -> 3.564 | AA4: ='FICHE PRODUIT'!H74 -> 206.712
A5: ='FICHE PRODUIT'!$A$45 -> MARIUS BROWN | B5: ='FICHE PRODUIT'!$H$45 -> Brown | C5: ='FICHE PRODUIT'!$S$45 -> W26-27 | D5: ='FICHE PRODUIT'!$Q$45 -> +++ | E5: ='FICHE PRODUIT'!$S$47 -> IN PRODUCTION | F5: ='FICHE PRODUIT'!$E$49 -> Page 11 | G5: ='FICHE PRODUIT'!$E$50 -> Not need | H5: ='FICHE PRODUIT'!$E$51 -> OCEAN SURPLUS | I5: ='FICHE PRODUIT'!$E$53 -> FALSE | J5: ='FICHE PRODUIT'!$E$55 -> Gilet | K5: ='FICHE PRODUIT'!$E$56 -> Marius | L5: ='FICHE PRODUIT'!$E$58 -> 55 | M5: ='FICHE PRODUIT'!$E$59 -> 16.6465 | N5: ='FICHE PRODUIT'!$E$61 -> 71.6465 | O5: ='FICHE PRODUIT'!$E$62 -> 4.396586 | P5: ='FICHE PRODUIT'!$E$64 -> 315 | Q5: ='FICHE PRODUIT'!$E$65 -> 126 | R5: ='FICHE PRODUIT'!$E$66 -> 143.18182 | S5: ='FICHE PRODUIT'!$E$67 -> 0 | T5: ='FICHE PRODUIT'!A75 -> INTERLINING | U5: ='FICHE PRODUIT'!B75 -> CHARGEUR | V5: ='FICHE PRODUIT'!C75 -> 713048 PRETA | W5: ='FICHE PRODUIT'!D75 -> 0.8 | X5: ='FICHE PRODUIT'!E75 -> 46.4 | Y5: ='FICHE PRODUIT'!F75 -> 1.35 | Z5: ='FICHE PRODUIT'!G75 -> 1.08 | AA5: ='FICHE PRODUIT'!H75 -> 62.64
A6: ='FICHE PRODUIT'!$A$45 -> MARIUS BROWN | B6: ='FICHE PRODUIT'!$H$45 -> Brown | C6: ='FICHE PRODUIT'!$S$45 -> W26-27 | D6: ='FICHE PRODUIT'!$Q$45 -> +++ | E6: ='FICHE PRODUIT'!$S$47 -> IN PRODUCTION | F6: ='FICHE PRODUIT'!$E$49 -> Page 11 | G6: ='FICHE PRODUIT'!$E$50 -> Not need | H6: ='FICHE PRODUIT'!$E$51 -> OCEAN SURPLUS | I6: ='FICHE PRODUIT'!$E$53 -> FALSE | J6: ='FICHE PRODUIT'!$E$55 -> Gilet | K6: ='FICHE PRODUIT'!$E$56 -> Marius | L6: ='FICHE PRODUIT'!$E$58 -> 55 | M6: ='FICHE PRODUIT'!$E$59 -> 16.6465 | N6: ='FICHE PRODUIT'!$E$61 -> 71.6465 | O6: ='FICHE PRODUIT'!$E$62 -> 4.396586 | P6: ='FICHE PRODUIT'!$E$64 -> 315 | Q6: ='FICHE PRODUIT'!$E$65 -> 126 | R6: ='FICHE PRODUIT'!$E$66 -> 143.18182 | S6: ='FICHE PRODUIT'!$E$67 -> 0 | T6: ='FICHE PRODUIT'!A76 -> UNDER COLLAR | U6: ='FICHE PRODUIT'!B76 -> OFFITEX | V6: ='FICHE PRODUIT'!C76 -> COR 301C/1 | W6: ='FICHE PRODUIT'!D76 -> 0.05 | X6: ='FICHE PRODUIT'!E76 -> 2.9 | Y6: ='FICHE PRODUIT'!F76 -> 0.05 | Z6: ='FICHE PRODUIT'!G76 -> 0.0025 | AA6: ='FICHE PRODUIT'!H76 -> 0.145
A7: ='FICHE PRODUIT'!$A$45 -> MARIUS BROWN | B7: ='FICHE PRODUIT'!$H$45 -> Brown | C7: ='FICHE PRODUIT'!$S$45 -> W26-27 | D7: ='FICHE PRODUIT'!$Q$45 -> +++ | E7: ='FICHE PRODUIT'!$S$47 -> IN PRODUCTION | F7: ='FICHE PRODUIT'!$E$49 -> Page 11 | G7: ='FICHE PRODUIT'!$E$50 -> Not need | H7: ='FICHE PRODUIT'!$E$51 -> OCEAN SURPLUS | I7: ='FICHE PRODUIT'!$E$53 -> FALSE | J7: ='FICHE PRODUIT'!$E$55 -> Gilet | K7: ='FICHE PRODUIT'!$E$56 -> Marius | L7: ='FICHE PRODUIT'!$E$58 -> 55 | M7: ='FICHE PRODUIT'!$E$59 -> 16.6465 | N7: ='FICHE PRODUIT'!$E$61 -> 71.6465 | O7: ='FICHE PRODUIT'!$E$62 -> 4.396586 | P7: ='FICHE PRODUIT'!$E$64 -> 315 | Q7: ='FICHE PRODUIT'!$E$65 -> 126 | R7: ='FICHE PRODUIT'!$E$66 -> 143.18182 | S7: ='FICHE PRODUIT'!$E$67 -> 0 | T7: ='FICHE PRODUIT'!A77 -> PANO DE BOLSO | U7: ='FICHE PRODUIT'!B77 -> DRAGONI | V7: ='FICHE PRODUIT'!C77 -> RAVENNA PXT | W7: ='FICHE PRODUIT'!D77 -> 0.05 | X7: ='FICHE PRODUIT'!E77 -> 2.9 | Y7: ='FICHE PRODUIT'!F77 -> 2.97 | Z7: ='FICHE PRODUIT'!G77 -> 0.1485 | AA7: ='FICHE PRODUIT'!H77 -> 8.613
A8: ='FICHE PRODUIT'!$A$45 -> MARIUS BROWN | B8: ='FICHE PRODUIT'!$H$45 -> Brown | C8: ='FICHE PRODUIT'!$S$45 -> W26-27 | D8: ='FICHE PRODUIT'!$Q$45 -> +++ | E8: ='FICHE PRODUIT'!$S$47 -> IN PRODUCTION | F8: ='FICHE PRODUIT'!$E$49 -> Page 11 | G8: ='FICHE PRODUIT'!$E$50 -> Not need | H8: ='FICHE PRODUIT'!$E$51 -> OCEAN SURPLUS | I8: ='FICHE PRODUIT'!$E$53 -> FALSE | J8: ='FICHE PRODUIT'!$E$55 -> Gilet | K8: ='FICHE PRODUIT'!$E$56 -> Marius | L8: ='FICHE PRODUIT'!$E$58 -> 55 | M8: ='FICHE PRODUIT'!$E$59 -> 16.6465 | N8: ='FICHE PRODUIT'!$E$61 -> 71.6465 | O8: ='FICHE PRODUIT'!$E$62 -> 4.396586 | P8: ='FICHE PRODUIT'!$E$64 -> 315 | Q8: ='FICHE PRODUIT'!$E$65 -> 126 | R8: ='FICHE PRODUIT'!$E$66 -> 143.18182 | S8: ='FICHE PRODUIT'!$E$67 -> 0 | T8: ='FICHE PRODUIT'!A78 -> GALON | U8: ='FICHE PRODUIT'!B78 -> NASTRO | V8: ='FICHE PRODUIT'!C78 -> G | W8: ='FICHE PRODUIT'!D78 -> 0.1 | X8: ='FICHE PRODUIT'!E78 -> 5.8 | Y8: ='FICHE PRODUIT'!F78 -> 0.49 | Z8: ='FICHE PRODUIT'!G78 -> 0.049 | AA8: ='FICHE PRODUIT'!H78 -> 2.842
A9: ='FICHE PRODUIT'!$A$45 -> MARIUS BROWN | B9: ='FICHE PRODUIT'!$H$45 -> Brown | C9: ='FICHE PRODUIT'!$S$45 -> W26-27 | D9: ='FICHE PRODUIT'!$Q$45 -> +++ | E9: ='FICHE PRODUIT'!$S$47 -> IN PRODUCTION | F9: ='FICHE PRODUIT'!$E$49 -> Page 11 | G9: ='FICHE PRODUIT'!$E$50 -> Not need | H9: ='FICHE PRODUIT'!$E$51 -> OCEAN SURPLUS | I9: ='FICHE PRODUIT'!$E$53 -> FALSE | J9: ='FICHE PRODUIT'!$E$55 -> Gilet | K9: ='FICHE PRODUIT'!$E$56 -> Marius | L9: ='FICHE PRODUIT'!$E$58 -> 55 | M9: ='FICHE PRODUIT'!$E$59 -> 16.6465 | N9: ='FICHE PRODUIT'!$E$61 -> 71.6465 | O9: ='FICHE PRODUIT'!$E$62 -> 4.396586 | P9: ='FICHE PRODUIT'!$E$64 -> 315 | Q9: ='FICHE PRODUIT'!$E$65 -> 126 | R9: ='FICHE PRODUIT'!$E$66 -> 143.18182 | S9: ='FICHE PRODUIT'!$E$67 -> 0 | T9: ='FICHE PRODUIT'!A79 -> ETIQUETTES | U9: ='FICHE PRODUIT'!B79 -> CADICA | V9: ='FICHE PRODUIT'!C79 -> A3 | W9: ='FICHE PRODUIT'!D79 -> 1 | X9: ='FICHE PRODUIT'!E79 -> 58 | Y9: ='FICHE PRODUIT'!F79 -> 0.27 | Z9: ='FICHE PRODUIT'!G79 -> 0.27 | AA9: ='FICHE PRODUIT'!H79 -> 15.66
A10: ='FICHE PRODUIT'!$A$45 -> MARIUS BROWN | B10: ='FICHE PRODUIT'!$H$45 -> Brown | C10: ='FICHE PRODUIT'!$S$45 -> W26-27 | D10: ='FICHE PRODUIT'!$Q$45 -> +++ | E10: ='FICHE PRODUIT'!$S$47 -> IN PRODUCTION | F10: ='FICHE PRODUIT'!$E$49 -> Page 11 | G10: ='FICHE PRODUIT'!$E$50 -> Not need | H10: ='FICHE PRODUIT'!$E$51 -> OCEAN SURPLUS | I10: ='FICHE PRODUIT'!$E$53 -> FALSE | J10: ='FICHE PRODUIT'!$E$55 -> Gilet | K10: ='FICHE PRODUIT'!$E$56 -> Marius | L10: ='FICHE PRODUIT'!$E$58 -> 55 | M10: ='FICHE PRODUIT'!$E$59 -> 16.6465 | N10: ='FICHE PRODUIT'!$E$61 -> 71.6465 | O10: ='FICHE PRODUIT'!$E$62 -> 4.396586 | P10: ='FICHE PRODUIT'!$E$64 -> 315 | Q10: ='FICHE PRODUIT'!$E$65 -> 126 | R10: ='FICHE PRODUIT'!$E$66 -> 143.18182 | S10: ='FICHE PRODUIT'!$E$67 -> 0 | T10: ='FICHE PRODUIT'!A80 -> HANGTAG | U10: ='FICHE PRODUIT'!B80 -> CADICA | V10: ='FICHE PRODUIT'!C80 -> Y | W10: ='FICHE PRODUIT'!D80 -> 1 | X10: ='FICHE PRODUIT'!E80 -> 58 | Y10: ='FICHE PRODUIT'!F80 -> 0.21 | Z10: ='FICHE PRODUIT'!G80 -> 0.21 | AA10: ='FICHE PRODUIT'!H80 -> 12.18
A11: ='FICHE PRODUIT'!$A$45 -> MARIUS BROWN | B11: ='FICHE PRODUIT'!$H$45 -> Brown | C11: ='FICHE PRODUIT'!$S$45 -> W26-27 | D11: ='FICHE PRODUIT'!$Q$45 -> +++ | E11: ='FICHE PRODUIT'!$S$47 -> IN PRODUCTION | F11: ='FICHE PRODUIT'!$E$49 -> Page 11 | G11: ='FICHE PRODUIT'!$E$50 -> Not need | H11: ='FICHE PRODUIT'!$E$51 -> OCEAN SURPLUS | I11: ='FICHE PRODUIT'!$E$53 -> FALSE | J11: ='FICHE PRODUIT'!$E$55 -> Gilet | K11: ='FICHE PRODUIT'!$E$56 -> Marius | L11: ='FICHE PRODUIT'!$E$58 -> 55 | M11: ='FICHE PRODUIT'!$E$59 -> 16.6465 | N11: ='FICHE PRODUIT'!$E$61 -> 71.6465 | O11: ='FICHE PRODUIT'!$E$62 -> 4.396586 | P11: ='FICHE PRODUIT'!$E$64 -> 315 | Q11: ='FICHE PRODUIT'!$E$65 -> 126 | R11: ='FICHE PRODUIT'!$E$66 -> 143.18182 | S11: ='FICHE PRODUIT'!$E$67 -> 0 | T11: ='FICHE PRODUIT'!A81 -> BOUTONS | U11: ='FICHE PRODUIT'!B81 -> LOUROPEL | V11: ='FICHE PRODUIT'!C81 -> BT1 | W11: ='FICHE PRODUIT'!D81 -> 8 | X11: ='FICHE PRODUIT'!E81 -> 464 | Y11: ='FICHE PRODUIT'!F81 -> 0.06 | Z11: ='FICHE PRODUIT'!G81 -> 0.48 | AA11: ='FICHE PRODUIT'!H81 -> 27.84
A12: ='FICHE PRODUIT'!$A$45 -> MARIUS BROWN | B12: ='FICHE PRODUIT'!$H$45 -> Brown | C12: ='FICHE PRODUIT'!$S$45 -> W26-27 | D12: ='FICHE PRODUIT'!$Q$45 -> +++ | E12: ='FICHE PRODUIT'!$S$47 -> IN PRODUCTION | F12: ='FICHE PRODUIT'!$E$49 -> Page 11 | G12: ='FICHE PRODUIT'!$E$50 -> Not need | H12: ='FICHE PRODUIT'!$E$51 -> OCEAN SURPLUS | I12: ='FICHE PRODUIT'!$E$53 -> FALSE | J12: ='FICHE PRODUIT'!$E$55 -> Gilet | K12: ='FICHE PRODUIT'!$E$56 -> Marius | L12: ='FICHE PRODUIT'!$E$58 -> 55 | M12: ='FICHE PRODUIT'!$E$59 -> 16.6465 | N12: ='FICHE PRODUIT'!$E$61 -> 71.6465 | O12: ='FICHE PRODUIT'!$E$62 -> 4.396586 | P12: ='FICHE PRODUIT'!$E$64 -> 315 | Q12: ='FICHE PRODUIT'!$E$65 -> 126 | R12: ='FICHE PRODUIT'!$E$66 -> 143.18182 | S12: ='FICHE PRODUIT'!$E$67 -> 0 | T12: ='FICHE PRODUIT'!A82 -> 0 | U12: ='FICHE PRODUIT'!B82 -> 0 | V12: ='FICHE PRODUIT'!C82 -> 0 | W12: ='FICHE PRODUIT'!D82 -> 0 | X12: ='FICHE PRODUIT'!E82 -> 0 | Y12: ='FICHE PRODUIT'!F82 -> 0 | Z12: ='FICHE PRODUIT'!G82 -> 0 | AA12: ='FICHE PRODUIT'!H82 -> 0
A13: ='FICHE PRODUIT'!$A$45 -> MARIUS BROWN | B13: ='FICHE PRODUIT'!$H$45 -> Brown | C13: ='FICHE PRODUIT'!$S$45 -> W26-27 | D13: ='FICHE PRODUIT'!$Q$45 -> +++ | E13: ='FICHE PRODUIT'!$S$47 -> IN PRODUCTION | F13: ='FICHE PRODUIT'!$E$49 -> Page 11 | G13: ='FICHE PRODUIT'!$E$50 -> Not need | H13: ='FICHE PRODUIT'!$E$51 -> OCEAN SURPLUS | I13: ='FICHE PRODUIT'!$E$53 -> FALSE | J13: ='FICHE PRODUIT'!$E$55 -> Gilet | K13: ='FICHE PRODUIT'!$E$56 -> Marius | L13: ='FICHE PRODUIT'!$E$58 -> 55 | M13: ='FICHE PRODUIT'!$E$59 -> 16.6465 | N13: ='FICHE PRODUIT'!$E$61 -> 71.6465 | O13: ='FICHE PRODUIT'!$E$62 -> 4.396586 | P13: ='FICHE PRODUIT'!$E$64 -> 315 | Q13: ='FICHE PRODUIT'!$E$65 -> 126 | R13: ='FICHE PRODUIT'!$E$66 -> 143.18182 | S13: ='FICHE PRODUIT'!$E$67 -> 0 | T13: ='FICHE PRODUIT'!A83 -> Frais externe | U13: ='FICHE PRODUIT'!B83 -> Transport | V13: ='FICHE PRODUIT'!C83 -> International | W13: ='FICHE PRODUIT'!D83 -> 1 | X13: ='FICHE PRODUIT'!E83 -> 58 | Y13: ='FICHE PRODUIT'!F83 -> 4 | Z13: ='FICHE PRODUIT'!G83 -> 4 | AA13: ='FICHE PRODUIT'!H83 -> 232
A14: ='FICHE PRODUIT'!$A$45 -> MARIUS BROWN | B14: ='FICHE PRODUIT'!$H$45 -> Brown | C14: ='FICHE PRODUIT'!$S$45 -> W26-27 | D14: ='FICHE PRODUIT'!$Q$45 -> +++ | E14: ='FICHE PRODUIT'!$S$47 -> IN PRODUCTION | F14: ='FICHE PRODUIT'!$E$49 -> Page 11 | G14: ='FICHE PRODUIT'!$E$50 -> Not need | H14: ='FICHE PRODUIT'!$E$51 -> OCEAN SURPLUS | I14: ='FICHE PRODUIT'!$E$53 -> FALSE | J14: ='FICHE PRODUIT'!$E$55 -> Gilet | K14: ='FICHE PRODUIT'!$E$56 -> Marius | L14: ='FICHE PRODUIT'!$E$58 -> 55 | M14: ='FICHE PRODUIT'!$E$59 -> 16.6465 | N14: ='FICHE PRODUIT'!$E$61 -> 71.6465 | O14: ='FICHE PRODUIT'!$E$62 -> 4.396586 | P14: ='FICHE PRODUIT'!$E$64 -> 315 | Q14: ='FICHE PRODUIT'!$E$65 -> 126 | R14: ='FICHE PRODUIT'!$E$66 -> 143.18182 | S14: ='FICHE PRODUIT'!$E$67 -> 0 | T14: ='FICHE PRODUIT'!A84 -> Frais externe | U14: ='FICHE PRODUIT'!B84 -> Communication | V14: ='FICHE PRODUIT'!C84 -> Marketing | W14: ='FICHE PRODUIT'!D84 -> 1 | X14: ='FICHE PRODUIT'!E84 -> 58 | Y14: ='FICHE PRODUIT'!F84 -> 0.5 | Z14: ='FICHE PRODUIT'!G84 -> 0.5 | AA14: ='FICHE PRODUIT'!H84 -> 29
A15: ='FICHE PRODUIT'!$A$86 -> MARIUS BROWN | B15: ='FICHE PRODUIT'!$H$86 -> Straw | C15: ='FICHE PRODUIT'!$S$86 -> W26-27 | D15: ='FICHE PRODUIT'!$Q$86 -> 0 | E15: ='FICHE PRODUIT'!$S$88 -> PROTO | F15: ='FICHE PRODUIT'!$E$90 -> Page 12 | G15: ='FICHE PRODUIT'!$E$91 -> TO DO | H15: ='FICHE PRODUIT'!$E$92 -> OCEAN SURPLUS | I15: ='FICHE PRODUIT'!$E$94 -> FALSE | J15: ='FICHE PRODUIT'!$E$96 -> Gilet | K15: ='FICHE PRODUIT'!$E$97 -> Marius | L15: ='FICHE PRODUIT'!$E$99 -> 55 | M15: ='FICHE PRODUIT'!$E$100 -> 16.6465 | N15: ='FICHE PRODUIT'!$E$102 -> 71.6465 | O15: ='FICHE PRODUIT'!$E$103 -> 4.396586 | P15: ='FICHE PRODUIT'!$E$105 -> 315 | Q15: ='FICHE PRODUIT'!$E$106 -> 126 | R15: ='FICHE PRODUIT'!$E$107 -> 143.18182 | S15: ='FICHE PRODUIT'!$E$108 -> 0 | T15: ='FICHE PRODUIT'!A113 -> FABRIC | U15: ='FICHE PRODUIT'!B113 -> AMBASSADOR | V15: ='FICHE PRODUIT'!C113 -> SUE225STR - FAUX SUEDE STARW | W15: ='FICHE PRODUIT'!D113 -> 0.8 | X15: ='FICHE PRODUIT'!E113 -> 0 | Y15: ='FICHE PRODUIT'!F113 -> 6.2 | Z15: ='FICHE PRODUIT'!G113 -> 4.96 | AA15: ='FICHE PRODUIT'!H113 -> 0
A16: ='FICHE PRODUIT'!$A$86 -> MARIUS BROWN | B16: ='FICHE PRODUIT'!$H$86 -> Straw | C16: ='FICHE PRODUIT'!$S$86 -> W26-27 | D16: ='FICHE PRODUIT'!$Q$86 -> 0 | E16: ='FICHE PRODUIT'!$S$88 -> PROTO | F16: ='FICHE PRODUIT'!$E$90 -> Page 12 | G16: ='FICHE PRODUIT'!$E$91 -> TO DO | H16: ='FICHE PRODUIT'!$E$92 -> OCEAN SURPLUS | I16: ='FICHE PRODUIT'!$E$94 -> FALSE | J16: ='FICHE PRODUIT'!$E$96 -> Gilet | K16: ='FICHE PRODUIT'!$E$97 -> Marius | L16: ='FICHE PRODUIT'!$E$99 -> 55 | M16: ='FICHE PRODUIT'!$E$100 -> 16.6465 | N16: ='FICHE PRODUIT'!$E$102 -> 71.6465 | O16: ='FICHE PRODUIT'!$E$103 -> 4.396586 | P16: ='FICHE PRODUIT'!$E$105 -> 315 | Q16: ='FICHE PRODUIT'!$E$106 -> 126 | R16: ='FICHE PRODUIT'!$E$107 -> 143.18182 | S16: ='FICHE PRODUIT'!$E$108 -> 0 | T16: ='FICHE PRODUIT'!A114 -> LINNING | U16: ='FICHE PRODUIT'!B114 -> TABEL | V16: ='FICHE PRODUIT'!C114 -> Dessin Camo - Fleurs Rouge | W16: ='FICHE PRODUIT'!D114 -> 0.35 | X16: ='FICHE PRODUIT'!E114 -> 0 | Y16: ='FICHE PRODUIT'!F114 -> 3.95 | Z16: ='FICHE PRODUIT'!G114 -> 1.3825 | AA16: ='FICHE PRODUIT'!H114 -> 0
A17: ='FICHE PRODUIT'!$A$86 -> MARIUS BROWN | B17: ='FICHE PRODUIT'!$H$86 -> Straw | C17: ='FICHE PRODUIT'!$S$86 -> W26-27 | D17: ='FICHE PRODUIT'!$Q$86 -> 0 | E17: ='FICHE PRODUIT'!$S$88 -> PROTO | F17: ='FICHE PRODUIT'!$E$90 -> Page 12 | G17: ='FICHE PRODUIT'!$E$91 -> TO DO | H17: ='FICHE PRODUIT'!$E$92 -> OCEAN SURPLUS | I17: ='FICHE PRODUIT'!$E$94 -> FALSE | J17: ='FICHE PRODUIT'!$E$96 -> Gilet | K17: ='FICHE PRODUIT'!$E$97 -> Marius | L17: ='FICHE PRODUIT'!$E$99 -> 55 | M17: ='FICHE PRODUIT'!$E$100 -> 16.6465 | N17: ='FICHE PRODUIT'!$E$102 -> 71.6465 | O17: ='FICHE PRODUIT'!$E$103 -> 4.396586 | P17: ='FICHE PRODUIT'!$E$105 -> 315 | Q17: ='FICHE PRODUIT'!$E$106 -> 126 | R17: ='FICHE PRODUIT'!$E$107 -> 143.18182 | S17: ='FICHE PRODUIT'!$E$108 -> 0 | T17: ='FICHE PRODUIT'!A115 -> BACK | U17: ='FICHE PRODUIT'!B115 -> MDA | V17: ='FICHE PRODUIT'!C115 -> 2179 PPT / COL CW27742 | W17: ='FICHE PRODUIT'!D115 -> 0.4 | X17: ='FICHE PRODUIT'!E115 -> 0 | Y17: ='FICHE PRODUIT'!F115 -> 8.91 | Z17: ='FICHE PRODUIT'!G115 -> 3.564 | AA17: ='FICHE PRODUIT'!H115 -> 0
A18: ='FICHE PRODUIT'!$A$86 -> MARIUS BROWN | B18: ='FICHE PRODUIT'!$H$86 -> Straw | C18: ='FICHE PRODUIT'!$S$86 -> W26-27 | D18: ='FICHE PRODUIT'!$Q$86 -> 0 | E18: ='FICHE PRODUIT'!$S$88 -> PROTO | F18: ='FICHE PRODUIT'!$E$90 -> Page 12 | G18: ='FICHE PRODUIT'!$E$91 -> TO DO | H18: ='FICHE PRODUIT'!$E$92 -> OCEAN SURPLUS | I18: ='FICHE PRODUIT'!$E$94 -> FALSE | J18: ='FICHE PRODUIT'!$E$96 -> Gilet | K18: ='FICHE PRODUIT'!$E$97 -> Marius | L18: ='FICHE PRODUIT'!$E$99 -> 55 | M18: ='FICHE PRODUIT'!$E$100 -> 16.6465 | N18: ='FICHE PRODUIT'!$E$102 -> 71.6465 | O18: ='FICHE PRODUIT'!$E$103 -> 4.396586 | P18: ='FICHE PRODUIT'!$E$105 -> 315 | Q18: ='FICHE PRODUIT'!$E$106 -> 126 | R18: ='FICHE PRODUIT'!$E$107 -> 143.18182 | S18: ='FICHE PRODUIT'!$E$108 -> 0 | T18: ='FICHE PRODUIT'!A116 -> INTERLINING | U18: ='FICHE PRODUIT'!B116 -> CHARGEUR | V18: ='FICHE PRODUIT'!C116 -> 713048 PRETA | W18: ='FICHE PRODUIT'!D116 -> 0.8 | X18: ='FICHE PRODUIT'!E116 -> 0 | Y18: ='FICHE PRODUIT'!F116 -> 1.35 | Z18: ='FICHE PRODUIT'!G116 -> 1.08 | AA18: ='FICHE PRODUIT'!H116 -> 0
A19: ='FICHE PRODUIT'!$A$86 -> MARIUS BROWN | B19: ='FICHE PRODUIT'!$H$86 -> Straw | C19: ='FICHE PRODUIT'!$S$86 -> W26-27 | D19: ='FICHE PRODUIT'!$Q$86 -> 0 | E19: ='FICHE PRODUIT'!$S$88 -> PROTO | F19: ='FICHE PRODUIT'!$E$90 -> Page 12 | G19: ='FICHE PRODUIT'!$E$91 -> TO DO | H19: ='FICHE PRODUIT'!$E$92 -> OCEAN SURPLUS | I19: ='FICHE PRODUIT'!$E$94 -> FALSE | J19: ='FICHE PRODUIT'!$E$96 -> Gilet | K19: ='FICHE PRODUIT'!$E$97 -> Marius | L19: ='FICHE PRODUIT'!$E$99 -> 55 | M19: ='FICHE PRODUIT'!$E$100 -> 16.6465 | N19: ='FICHE PRODUIT'!$E$102 -> 71.6465 | O19: ='FICHE PRODUIT'!$E$103 -> 4.396586 | P19: ='FICHE PRODUIT'!$E$105 -> 315 | Q19: ='FICHE PRODUIT'!$E$106 -> 126 | R19: ='FICHE PRODUIT'!$E$107 -> 143.18182 | S19: ='FICHE PRODUIT'!$E$108 -> 0 | T19: ='FICHE PRODUIT'!A117 -> UNDER COLLAR | U19: ='FICHE PRODUIT'!B117 -> OFFITEX | V19: ='FICHE PRODUIT'!C117 -> COR 301C/1 | W19: ='FICHE PRODUIT'!D117 -> 0.05 | X19: ='FICHE PRODUIT'!E117 -> 0 | Y19: ='FICHE PRODUIT'!F117 -> 0.05 | Z19: ='FICHE PRODUIT'!G117 -> 0.0025 | AA19: ='FICHE PRODUIT'!H117 -> 0
A20: ='FICHE PRODUIT'!$A$86 -> MARIUS BROWN | B20: ='FICHE PRODUIT'!$H$86 -> Straw | C20: ='FICHE PRODUIT'!$S$86 -> W26-27 | D20: ='FICHE PRODUIT'!$Q$86 -> 0 | E20: ='FICHE PRODUIT'!$S$88 -> PROTO | F20: ='FICHE PRODUIT'!$E$90 -> Page 12 | G20: ='FICHE PRODUIT'!$E$91 -> TO DO | H20: ='FICHE PRODUIT'!$E$92 -> OCEAN SURPLUS | I20: ='FICHE PRODUIT'!$E$94 -> FALSE | J20: ='FICHE PRODUIT'!$E$96 -> Gilet | K20: ='FICHE PRODUIT'!$E$97 -> Marius | L20: ='FICHE PRODUIT'!$E$99 -> 55 | M20: ='FICHE PRODUIT'!$E$100 -> 16.6465 | N20: ='FICHE PRODUIT'!$E$102 -> 71.6465 | O20: ='FICHE PRODUIT'!$E$103 -> 4.396586 | P20: ='FICHE PRODUIT'!$E$105 -> 315 | Q20: ='FICHE PRODUIT'!$E$106 -> 126 | R20: ='FICHE PRODUIT'!$E$107 -> 143.18182 | S20: ='FICHE PRODUIT'!$E$108 -> 0 | T20: ='FICHE PRODUIT'!A118 -> PANO DE BOLSO | U20: ='FICHE PRODUIT'!B118 -> DRAGONI | V20: ='FICHE PRODUIT'!C118 -> RAVENNA PXT | W20: ='FICHE PRODUIT'!D118 -> 0.05 | X20: ='FICHE PRODUIT'!E118 -> 0 | Y20: ='FICHE PRODUIT'!F118 -> 2.97 | Z20: ='FICHE PRODUIT'!G118 -> 0.1485 | AA20: ='FICHE PRODUIT'!H118 -> 0
A21: ='FICHE PRODUIT'!$A$86 -> MARIUS BROWN | B21: ='FICHE PRODUIT'!$H$86 -> Straw | C21: ='FICHE PRODUIT'!$S$86 -> W26-27 | D21: ='FICHE PRODUIT'!$Q$86 -> 0 | E21: ='FICHE PRODUIT'!$S$88 -> PROTO | F21: ='FICHE PRODUIT'!$E$90 -> Page 12 | G21: ='FICHE PRODUIT'!$E$91 -> TO DO | H21: ='FICHE PRODUIT'!$E$92 -> OCEAN SURPLUS | I21: ='FICHE PRODUIT'!$E$94 -> FALSE | J21: ='FICHE PRODUIT'!$E$96 -> Gilet | K21: ='FICHE PRODUIT'!$E$97 -> Marius | L21: ='FICHE PRODUIT'!$E$99 -> 55 | M21: ='FICHE PRODUIT'!$E$100 -> 16.6465 | N21: ='FICHE PRODUIT'!$E$102 -> 71.6465 | O21: ='FICHE PRODUIT'!$E$103 -> 4.396586 | P21: ='FICHE PRODUIT'!$E$105 -> 315 | Q21: ='FICHE PRODUIT'!$E$106 -> 126 | R21: ='FICHE PRODUIT'!$E$107 -> 143.18182 | S21: ='FICHE PRODUIT'!$E$108 -> 0 | T21: ='FICHE PRODUIT'!A119 -> GALON | U21: ='FICHE PRODUIT'!B119 -> NASTRO | V21: ='FICHE PRODUIT'!C119 -> G | W21: ='FICHE PRODUIT'!D119 -> 0.1 | X21: ='FICHE PRODUIT'!E119 -> 0 | Y21: ='FICHE PRODUIT'!F119 -> 0.49 | Z21: ='FICHE PRODUIT'!G119 -> 0.049 | AA21: ='FICHE PRODUIT'!H119 -> 0
A22: ='FICHE PRODUIT'!$A$86 -> MARIUS BROWN | B22: ='FICHE PRODUIT'!$H$86 -> Straw | C22: ='FICHE PRODUIT'!$S$86 -> W26-27 | D22: ='FICHE PRODUIT'!$Q$86 -> 0 | E22: ='FICHE PRODUIT'!$S$88 -> PROTO | F22: ='FICHE PRODUIT'!$E$90 -> Page 12 | G22: ='FICHE PRODUIT'!$E$91 -> TO DO | H22: ='FICHE PRODUIT'!$E$92 -> OCEAN SURPLUS | I22: ='FICHE PRODUIT'!$E$94 -> FALSE | J22: ='FICHE PRODUIT'!$E$96 -> Gilet | K22: ='FICHE PRODUIT'!$E$97 -> Marius | L22: ='FICHE PRODUIT'!$E$99 -> 55 | M22: ='FICHE PRODUIT'!$E$100 -> 16.6465 | N22: ='FICHE PRODUIT'!$E$102 -> 71.6465 | O22: ='FICHE PRODUIT'!$E$103 -> 4.396586 | P22: ='FICHE PRODUIT'!$E$105 -> 315 | Q22: ='FICHE PRODUIT'!$E$106 -> 126 | R22: ='FICHE PRODUIT'!$E$107 -> 143.18182 | S22: ='FICHE PRODUIT'!$E$108 -> 0 | T22: ='FICHE PRODUIT'!A120 -> ETIQUETTES | U22: ='FICHE PRODUIT'!B120 -> CADICA | V22: ='FICHE PRODUIT'!C120 -> A3 | W22: ='FICHE PRODUIT'!D120 -> 1 | X22: ='FICHE PRODUIT'!E120 -> 0 | Y22: ='FICHE PRODUIT'!F120 -> 0.27 | Z22: ='FICHE PRODUIT'!G120 -> 0.27 | AA22: ='FICHE PRODUIT'!H120 -> 0
A23: ='FICHE PRODUIT'!$A$86 -> MARIUS BROWN | B23: ='FICHE PRODUIT'!$H$86 -> Straw | C23: ='FICHE PRODUIT'!$S$86 -> W26-27 | D23: ='FICHE PRODUIT'!$Q$86 -> 0 | E23: ='FICHE PRODUIT'!$S$88 -> PROTO | F23: ='FICHE PRODUIT'!$E$90 -> Page 12 | G23: ='FICHE PRODUIT'!$E$91 -> TO DO | H23: ='FICHE PRODUIT'!$E$92 -> OCEAN SURPLUS | I23: ='FICHE PRODUIT'!$E$94 -> FALSE | J23: ='FICHE PRODUIT'!$E$96 -> Gilet | K23: ='FICHE PRODUIT'!$E$97 -> Marius | L23: ='FICHE PRODUIT'!$E$99 -> 55 | M23: ='FICHE PRODUIT'!$E$100 -> 16.6465 | N23: ='FICHE PRODUIT'!$E$102 -> 71.6465 | O23: ='FICHE PRODUIT'!$E$103 -> 4.396586 | P23: ='FICHE PRODUIT'!$E$105 -> 315 | Q23: ='FICHE PRODUIT'!$E$106 -> 126 | R23: ='FICHE PRODUIT'!$E$107 -> 143.18182 | S23: ='FICHE PRODUIT'!$E$108 -> 0 | T23: ='FICHE PRODUIT'!A121 -> HANGTAG | U23: ='FICHE PRODUIT'!B121 -> CADICA | V23: ='FICHE PRODUIT'!C121 -> Y | W23: ='FICHE PRODUIT'!D121 -> 1 | X23: ='FICHE PRODUIT'!E121 -> 0 | Y23: ='FICHE PRODUIT'!F121 -> 0.21 | Z23: ='FICHE PRODUIT'!G121 -> 0.21 | AA23: ='FICHE PRODUIT'!H121 -> 0
A24: ='FICHE PRODUIT'!$A$86 -> MARIUS BROWN | B24: ='FICHE PRODUIT'!$H$86 -> Straw | C24: ='FICHE PRODUIT'!$S$86 -> W26-27 | D24: ='FICHE PRODUIT'!$Q$86 -> 0 | E24: ='FICHE PRODUIT'!$S$88 -> PROTO | F24: ='FICHE PRODUIT'!$E$90 -> Page 12 | G24: ='FICHE PRODUIT'!$E$91 -> TO DO | H24: ='FICHE PRODUIT'!$E$92 -> OCEAN SURPLUS | I24: ='FICHE PRODUIT'!$E$94 -> FALSE | J24: ='FICHE PRODUIT'!$E$96 -> Gilet | K24: ='FICHE PRODUIT'!$E$97 -> Marius | L24: ='FICHE PRODUIT'!$E$99 -> 55 | M24: ='FICHE PRODUIT'!$E$100 -> 16.6465 | N24: ='FICHE PRODUIT'!$E$102 -> 71.6465 | O24: ='FICHE PRODUIT'!$E$103 -> 4.396586 | P24: ='FICHE PRODUIT'!$E$105 -> 315 | Q24: ='FICHE PRODUIT'!$E$106 -> 126 | R24: ='FICHE PRODUIT'!$E$107 -> 143.18182 | S24: ='FICHE PRODUIT'!$E$108 -> 0 | T24: ='FICHE PRODUIT'!A122 -> BOUTONS | U24: ='FICHE PRODUIT'!B122 -> LOUROPEL | V24: ='FICHE PRODUIT'!C122 -> BT1 | W24: ='FICHE PRODUIT'!D122 -> 8 | X24: ='FICHE PRODUIT'!E122 -> 0 | Y24: ='FICHE PRODUIT'!F122 -> 0.06 | Z24: ='FICHE PRODUIT'!G122 -> 0.48 | AA24: ='FICHE PRODUIT'!H122 -> 0
A25: ='FICHE PRODUIT'!$A$86 -> MARIUS BROWN | B25: ='FICHE PRODUIT'!$H$86 -> Straw | C25: ='FICHE PRODUIT'!$S$86 -> W26-27 | D25: ='FICHE PRODUIT'!$Q$86 -> 0 | E25: ='FICHE PRODUIT'!$S$88 -> PROTO | F25: ='FICHE PRODUIT'!$E$90 -> Page 12 | G25: ='FICHE PRODUIT'!$E$91 -> TO DO | H25: ='FICHE PRODUIT'!$E$92 -> OCEAN SURPLUS | I25: ='FICHE PRODUIT'!$E$94 -> FALSE | J25: ='FICHE PRODUIT'!$E$96 -> Gilet | K25: ='FICHE PRODUIT'!$E$97 -> Marius | L25: ='FICHE PRODUIT'!$E$99 -> 55 | M25: ='FICHE PRODUIT'!$E$100 -> 16.6465 | N25: ='FICHE PRODUIT'!$E$102 -> 71.6465 | O25: ='FICHE PRODUIT'!$E$103 -> 4.396586 | P25: ='FICHE PRODUIT'!$E$105 -> 315 | Q25: ='FICHE PRODUIT'!$E$106 -> 126 | R25: ='FICHE PRODUIT'!$E$107 -> 143.18182 | S25: ='FICHE PRODUIT'!$E$108 -> 0 | T25: ='FICHE PRODUIT'!A123 -> 0 | U25: ='FICHE PRODUIT'!B123 -> 0 | V25: ='FICHE PRODUIT'!C123 -> 0 | W25: ='FICHE PRODUIT'!D123 -> 0 | X25: ='FICHE PRODUIT'!E123 -> 0 | Y25: ='FICHE PRODUIT'!F123 -> 0 | Z25: ='FICHE PRODUIT'!G123 -> 0 | AA25: ='FICHE PRODUIT'!H123 -> 0
A26: ='FICHE PRODUIT'!$A$86 -> MARIUS BROWN | B26: ='FICHE PRODUIT'!$H$86 -> Straw | C26: ='FICHE PRODUIT'!$S$86 -> W26-27 | D26: ='FICHE PRODUIT'!$Q$86 -> 0 | E26: ='FICHE PRODUIT'!$S$88 -> PROTO | F26: ='FICHE PRODUIT'!$E$90 -> Page 12 | G26: ='FICHE PRODUIT'!$E$91 -> TO DO | H26: ='FICHE PRODUIT'!$E$92 -> OCEAN SURPLUS | I26: ='FICHE PRODUIT'!$E$94 -> FALSE | J26: ='FICHE PRODUIT'!$E$96 -> Gilet | K26: ='FICHE PRODUIT'!$E$97 -> Marius | L26: ='FICHE PRODUIT'!$E$99 -> 55 | M26: ='FICHE PRODUIT'!$E$100 -> 16.6465 | N26: ='FICHE PRODUIT'!$E$102 -> 71.6465 | O26: ='FICHE PRODUIT'!$E$103 -> 4.396586 | P26: ='FICHE PRODUIT'!$E$105 -> 315 | Q26: ='FICHE PRODUIT'!$E$106 -> 126 | R26: ='FICHE PRODUIT'!$E$107 -> 143.18182 | S26: ='FICHE PRODUIT'!$E$108 -> 0 | T26: ='FICHE PRODUIT'!A124 -> Frais externe | U26: ='FICHE PRODUIT'!B124 -> Transport | V26: ='FICHE PRODUIT'!C124 -> International | W26: ='FICHE PRODUIT'!D124 -> 1 | X26: ='FICHE PRODUIT'!E124 -> 0 | Y26: ='FICHE PRODUIT'!F124 -> 4 | Z26: ='FICHE PRODUIT'!G124 -> 4 | AA26: ='FICHE PRODUIT'!H124 -> 0
A27: ='FICHE PRODUIT'!$A$86 -> MARIUS BROWN | B27: ='FICHE PRODUIT'!$H$86 -> Straw | C27: ='FICHE PRODUIT'!$S$86 -> W26-27 | D27: ='FICHE PRODUIT'!$Q$86 -> 0 | E27: ='FICHE PRODUIT'!$S$88 -> PROTO | F27: ='FICHE PRODUIT'!$E$90 -> Page 12 | G27: ='FICHE PRODUIT'!$E$91 -> TO DO | H27: ='FICHE PRODUIT'!$E$92 -> OCEAN SURPLUS | I27: ='FICHE PRODUIT'!$E$94 -> FALSE | J27: ='FICHE PRODUIT'!$E$96 -> Gilet | K27: ='FICHE PRODUIT'!$E$97 -> Marius | L27: ='FICHE PRODUIT'!$E$99 -> 55 | M27: ='FICHE PRODUIT'!$E$100 -> 16.6465 | N27: ='FICHE PRODUIT'!$E$102 -> 71.6465 | O27: ='FICHE PRODUIT'!$E$103 -> 4.396586 | P27: ='FICHE PRODUIT'!$E$105 -> 315 | Q27: ='FICHE PRODUIT'!$E$106 -> 126 | R27: ='FICHE PRODUIT'!$E$107 -> 143.18182 | S27: ='FICHE PRODUIT'!$E$108 -> 0 | T27: ='FICHE PRODUIT'!A125 -> Frais externe | U27: ='FICHE PRODUIT'!B125 -> Communication | V27: ='FICHE PRODUIT'!C125 -> Marketing | W27: ='FICHE PRODUIT'!D125 -> 1 | X27: ='FICHE PRODUIT'!E125 -> 0 | Y27: ='FICHE PRODUIT'!F125 -> 0.5 | Z27: ='FICHE PRODUIT'!G125 -> 0.5 | AA27: ='FICHE PRODUIT'!H125 -> 0
A28: ='FICHE PRODUIT'!$A$127 -> MARIUS BLUE | B28: ='FICHE PRODUIT'!$H$127 -> Navy | C28: ='FICHE PRODUIT'!$S$127 -> W26-27 | D28: ='FICHE PRODUIT'!$Q$127 -> 0 | E28: ='FICHE PRODUIT'!$S$129 -> PROTO | F28: ='FICHE PRODUIT'!$E$131 -> Page 12 | G28: ='FICHE PRODUIT'!$E$132 -> TO DO | H28: ='FICHE PRODUIT'!$E$133 -> OCEAN SURPLUS | I28: ='FICHE PRODUIT'!$E$135 -> FALSE | J28: ='FICHE PRODUIT'!$E$137 -> Gilet | K28: ='FICHE PRODUIT'!$E$138 -> Marius | L28: ='FICHE PRODUIT'!$E$140 -> 55 | M28: ='FICHE PRODUIT'!$E$141 -> 16.6465 | N28: ='FICHE PRODUIT'!$E$143 -> 71.6465 | O28: ='FICHE PRODUIT'!$E$144 -> 4.396586 | P28: ='FICHE PRODUIT'!$E$146 -> 315 | Q28: ='FICHE PRODUIT'!$E$147 -> 126 | R28: ='FICHE PRODUIT'!$E$148 -> 143.18182 | S28: ='FICHE PRODUIT'!$E$149 -> 0 | T28: ='FICHE PRODUIT'!A154 -> FABRIC | U28: ='FICHE PRODUIT'!B154 -> AMBASSADOR | V28: ='FICHE PRODUIT'!C154 -> SUE225NAV - FAUX SUEDE NAVY | W28: ='FICHE PRODUIT'!D154 -> 0.8 | X28: ='FICHE PRODUIT'!E154 -> 0 | Y28: ='FICHE PRODUIT'!F154 -> 6.2 | Z28: ='FICHE PRODUIT'!G154 -> 4.96 | AA28: ='FICHE PRODUIT'!H154 -> 0
A29: ='FICHE PRODUIT'!$A$127 -> MARIUS BLUE | B29: ='FICHE PRODUIT'!$H$127 -> Navy | C29: ='FICHE PRODUIT'!$S$127 -> W26-27 | D29: ='FICHE PRODUIT'!$Q$127 -> 0 | E29: ='FICHE PRODUIT'!$S$129 -> PROTO | F29: ='FICHE PRODUIT'!$E$131 -> Page 12 | G29: ='FICHE PRODUIT'!$E$132 -> TO DO | H29: ='FICHE PRODUIT'!$E$133 -> OCEAN SURPLUS | I29: ='FICHE PRODUIT'!$E$135 -> FALSE | J29: ='FICHE PRODUIT'!$E$137 -> Gilet | K29: ='FICHE PRODUIT'!$E$138 -> Marius | L29: ='FICHE PRODUIT'!$E$140 -> 55 | M29: ='FICHE PRODUIT'!$E$141 -> 16.6465 | N29: ='FICHE PRODUIT'!$E$143 -> 71.6465 | O29: ='FICHE PRODUIT'!$E$144 -> 4.396586 | P29: ='FICHE PRODUIT'!$E$146 -> 315 | Q29: ='FICHE PRODUIT'!$E$147 -> 126 | R29: ='FICHE PRODUIT'!$E$148 -> 143.18182 | S29: ='FICHE PRODUIT'!$E$149 -> 0 | T29: ='FICHE PRODUIT'!A155 -> LINNING | U29: ='FICHE PRODUIT'!B155 -> TABEL | V29: ='FICHE PRODUIT'!C155 -> Dessin Camo - Fleurs Rouge | W29: ='FICHE PRODUIT'!D155 -> 0.35 | X29: ='FICHE PRODUIT'!E155 -> 0 | Y29: ='FICHE PRODUIT'!F155 -> 3.95 | Z29: ='FICHE PRODUIT'!G155 -> 1.3825 | AA29: ='FICHE PRODUIT'!H155 -> 0
A30: ='FICHE PRODUIT'!$A$127 -> MARIUS BLUE | B30: ='FICHE PRODUIT'!$H$127 -> Navy | C30: ='FICHE PRODUIT'!$S$127 -> W26-27 | D30: ='FICHE PRODUIT'!$Q$127 -> 0 | E30: ='FICHE PRODUIT'!$S$129 -> PROTO | F30: ='FICHE PRODUIT'!$E$131 -> Page 12 | G30: ='FICHE PRODUIT'!$E$132 -> TO DO | H30: ='FICHE PRODUIT'!$E$133 -> OCEAN SURPLUS | I30: ='FICHE PRODUIT'!$E$135 -> FALSE | J30: ='FICHE PRODUIT'!$E$137 -> Gilet | K30: ='FICHE PRODUIT'!$E$138 -> Marius | L30: ='FICHE PRODUIT'!$E$140 -> 55 | M30: ='FICHE PRODUIT'!$E$141 -> 16.6465 | N30: ='FICHE PRODUIT'!$E$143 -> 71.6465 | O30: ='FICHE PRODUIT'!$E$144 -> 4.396586 | P30: ='FICHE PRODUIT'!$E$146 -> 315 | Q30: ='FICHE PRODUIT'!$E$147 -> 126 | R30: ='FICHE PRODUIT'!$E$148 -> 143.18182 | S30: ='FICHE PRODUIT'!$E$149 -> 0 | T30: ='FICHE PRODUIT'!A156 -> BACK | U30: ='FICHE PRODUIT'!B156 -> MDA | V30: ='FICHE PRODUIT'!C156 -> 2179 PPT / COL CW27742 | W30: ='FICHE PRODUIT'!D156 -> 0.4 | X30: ='FICHE PRODUIT'!E156 -> 0 | Y30: ='FICHE PRODUIT'!F156 -> 8.91 | Z30: ='FICHE PRODUIT'!G156 -> 3.564 | AA30: ='FICHE PRODUIT'!H156 -> 0
A31: ='FICHE PRODUIT'!$A$127 -> MARIUS BLUE | B31: ='FICHE PRODUIT'!$H$127 -> Navy | C31: ='FICHE PRODUIT'!$S$127 -> W26-27 | D31: ='FICHE PRODUIT'!$Q$127 -> 0 | E31: ='FICHE PRODUIT'!$S$129 -> PROTO | F31: ='FICHE PRODUIT'!$E$131 -> Page 12 | G31: ='FICHE PRODUIT'!$E$132 -> TO DO | H31: ='FICHE PRODUIT'!$E$133 -> OCEAN SURPLUS | I31: ='FICHE PRODUIT'!$E$135 -> FALSE | J31: ='FICHE PRODUIT'!$E$137 -> Gilet | K31: ='FICHE PRODUIT'!$E$138 -> Marius | L31: ='FICHE PRODUIT'!$E$140 -> 55 | M31: ='FICHE PRODUIT'!$E$141 -> 16.6465 | N31: ='FICHE PRODUIT'!$E$143 -> 71.6465 | O31: ='FICHE PRODUIT'!$E$144 -> 4.396586 | P31: ='FICHE PRODUIT'!$E$146 -> 315 | Q31: ='FICHE PRODUIT'!$E$147 -> 126 | R31: ='FICHE PRODUIT'!$E$148 -> 143.18182 | S31: ='FICHE PRODUIT'!$E$149 -> 0 | T31: ='FICHE PRODUIT'!A157 -> INTERLINING | U31: ='FICHE PRODUIT'!B157 -> CHARGEUR | V31: ='FICHE PRODUIT'!C157 -> 713048 PRETA | W31: ='FICHE PRODUIT'!D157 -> 0.8 | X31: ='FICHE PRODUIT'!E157 -> 0 | Y31: ='FICHE PRODUIT'!F157 -> 1.35 | Z31: ='FICHE PRODUIT'!G157 -> 1.08 | AA31: ='FICHE PRODUIT'!H157 -> 0
A32: ='FICHE PRODUIT'!$A$127 -> MARIUS BLUE | B32: ='FICHE PRODUIT'!$H$127 -> Navy | C32: ='FICHE PRODUIT'!$S$127 -> W26-27 | D32: ='FICHE PRODUIT'!$Q$127 -> 0 | E32: ='FICHE PRODUIT'!$S$129 -> PROTO | F32: ='FICHE PRODUIT'!$E$131 -> Page 12 | G32: ='FICHE PRODUIT'!$E$132 -> TO DO | H32: ='FICHE PRODUIT'!$E$133 -> OCEAN SURPLUS | I32: ='FICHE PRODUIT'!$E$135 -> FALSE | J32: ='FICHE PRODUIT'!$E$137 -> Gilet | K32: ='FICHE PRODUIT'!$E$138 -> Marius | L32: ='FICHE PRODUIT'!$E$140 -> 55 | M32: ='FICHE PRODUIT'!$E$141 -> 16.6465 | N32: ='FICHE PRODUIT'!$E$143 -> 71.6465 | O32: ='FICHE PRODUIT'!$E$144 -> 4.396586 | P32: ='FICHE PRODUIT'!$E$146 -> 315 | Q32: ='FICHE PRODUIT'!$E$147 -> 126 | R32: ='FICHE PRODUIT'!$E$148 -> 143.18182 | S32: ='FICHE PRODUIT'!$E$149 -> 0 | T32: ='FICHE PRODUIT'!A158 -> UNDER COLLAR | U32: ='FICHE PRODUIT'!B158 -> OFFITEX | V32: ='FICHE PRODUIT'!C158 -> COR 301C/1 | W32: ='FICHE PRODUIT'!D158 -> 0.05 | X32: ='FICHE PRODUIT'!E158 -> 0 | Y32: ='FICHE PRODUIT'!F158 -> 0.05 | Z32: ='FICHE PRODUIT'!G158 -> 0.0025 | AA32: ='FICHE PRODUIT'!H158 -> 0
A33: ='FICHE PRODUIT'!$A$127 -> MARIUS BLUE | B33: ='FICHE PRODUIT'!$H$127 -> Navy | C33: ='FICHE PRODUIT'!$S$127 -> W26-27 | D33: ='FICHE PRODUIT'!$Q$127 -> 0 | E33: ='FICHE PRODUIT'!$S$129 -> PROTO | F33: ='FICHE PRODUIT'!$E$131 -> Page 12 | G33: ='FICHE PRODUIT'!$E$132 -> TO DO | H33: ='FICHE PRODUIT'!$E$133 -> OCEAN SURPLUS | I33: ='FICHE PRODUIT'!$E$135 -> FALSE | J33: ='FICHE PRODUIT'!$E$137 -> Gilet | K33: ='FICHE PRODUIT'!$E$138 -> Marius | L33: ='FICHE PRODUIT'!$E$140 -> 55 | M33: ='FICHE PRODUIT'!$E$141 -> 16.6465 | N33: ='FICHE PRODUIT'!$E$143 -> 71.6465 | O33: ='FICHE PRODUIT'!$E$144 -> 4.396586 | P33: ='FICHE PRODUIT'!$E$146 -> 315 | Q33: ='FICHE PRODUIT'!$E$147 -> 126 | R33: ='FICHE PRODUIT'!$E$148 -> 143.18182 | S33: ='FICHE PRODUIT'!$E$149 -> 0 | T33: ='FICHE PRODUIT'!A159 -> PANO DE BOLSO | U33: ='FICHE PRODUIT'!B159 -> DRAGONI | V33: ='FICHE PRODUIT'!C159 -> RAVENNA PXT | W33: ='FICHE PRODUIT'!D159 -> 0.05 | X33: ='FICHE PRODUIT'!E159 -> 0 | Y33: ='FICHE PRODUIT'!F159 -> 2.97 | Z33: ='FICHE PRODUIT'!G159 -> 0.1485 | AA33: ='FICHE PRODUIT'!H159 -> 0
A34: ='FICHE PRODUIT'!$A$127 -> MARIUS BLUE | B34: ='FICHE PRODUIT'!$H$127 -> Navy | C34: ='FICHE PRODUIT'!$S$127 -> W26-27 | D34: ='FICHE PRODUIT'!$Q$127 -> 0 | E34: ='FICHE PRODUIT'!$S$129 -> PROTO | F34: ='FICHE PRODUIT'!$E$131 -> Page 12 | G34: ='FICHE PRODUIT'!$E$132 -> TO DO | H34: ='FICHE PRODUIT'!$E$133 -> OCEAN SURPLUS | I34: ='FICHE PRODUIT'!$E$135 -> FALSE | J34: ='FICHE PRODUIT'!$E$137 -> Gilet | K34: ='FICHE PRODUIT'!$E$138 -> Marius | L34: ='FICHE PRODUIT'!$E$140 -> 55 | M34: ='FICHE PRODUIT'!$E$141 -> 16.6465 | N34: ='FICHE PRODUIT'!$E$143 -> 71.6465 | O34: ='FICHE PRODUIT'!$E$144 -> 4.396586 | P34: ='FICHE PRODUIT'!$E$146 -> 315 | Q34: ='FICHE PRODUIT'!$E$147 -> 126 | R34: ='FICHE PRODUIT'!$E$148 -> 143.18182 | S34: ='FICHE PRODUIT'!$E$149 -> 0 | T34: ='FICHE PRODUIT'!A160 -> GALON | U34: ='FICHE PRODUIT'!B160 -> NASTRO | V34: ='FICHE PRODUIT'!C160 -> G | W34: ='FICHE PRODUIT'!D160 -> 0.1 | X34: ='FICHE PRODUIT'!E160 -> 0 | Y34: ='FICHE PRODUIT'!F160 -> 0.49 | Z34: ='FICHE PRODUIT'!G160 -> 0.049 | AA34: ='FICHE PRODUIT'!H160 -> 0
A35: ='FICHE PRODUIT'!$A$127 -> MARIUS BLUE | B35: ='FICHE PRODUIT'!$H$127 -> Navy | C35: ='FICHE PRODUIT'!$S$127 -> W26-27 | D35: ='FICHE PRODUIT'!$Q$127 -> 0 | E35: ='FICHE PRODUIT'!$S$129 -> PROTO | F35: ='FICHE PRODUIT'!$E$131 -> Page 12 | G35: ='FICHE PRODUIT'!$E$132 -> TO DO | H35: ='FICHE PRODUIT'!$E$133 -> OCEAN SURPLUS | I35: ='FICHE PRODUIT'!$E$135 -> FALSE | J35: ='FICHE PRODUIT'!$E$137 -> Gilet | K35: ='FICHE PRODUIT'!$E$138 -> Marius | L35: ='FICHE PRODUIT'!$E$140 -> 55 | M35: ='FICHE PRODUIT'!$E$141 -> 16.6465 | N35: ='FICHE PRODUIT'!$E$143 -> 71.6465 | O35: ='FICHE PRODUIT'!$E$144 -> 4.396586 | P35: ='FICHE PRODUIT'!$E$146 -> 315 | Q35: ='FICHE PRODUIT'!$E$147 -> 126 | R35: ='FICHE PRODUIT'!$E$148 -> 143.18182 | S35: ='FICHE PRODUIT'!$E$149 -> 0 | T35: ='FICHE PRODUIT'!A161 -> ETIQUETTES | U35: ='FICHE PRODUIT'!B161 -> CADICA | V35: ='FICHE PRODUIT'!C161 -> A3 | W35: ='FICHE PRODUIT'!D161 -> 1 | X35: ='FICHE PRODUIT'!E161 -> 0 | Y35: ='FICHE PRODUIT'!F161 -> 0.27 | Z35: ='FICHE PRODUIT'!G161 -> 0.27 | AA35: ='FICHE PRODUIT'!H161 -> 0
A36: ='FICHE PRODUIT'!$A$127 -> MARIUS BLUE | B36: ='FICHE PRODUIT'!$H$127 -> Navy | C36: ='FICHE PRODUIT'!$S$127 -> W26-27 | D36: ='FICHE PRODUIT'!$Q$127 -> 0 | E36: ='FICHE PRODUIT'!$S$129 -> PROTO | F36: ='FICHE PRODUIT'!$E$131 -> Page 12 | G36: ='FICHE PRODUIT'!$E$132 -> TO DO | H36: ='FICHE PRODUIT'!$E$133 -> OCEAN SURPLUS | I36: ='FICHE PRODUIT'!$E$135 -> FALSE | J36: ='FICHE PRODUIT'!$E$137 -> Gilet | K36: ='FICHE PRODUIT'!$E$138 -> Marius | L36: ='FICHE PRODUIT'!$E$140 -> 55 | M36: ='FICHE PRODUIT'!$E$141 -> 16.6465 | N36: ='FICHE PRODUIT'!$E$143 -> 71.6465 | O36: ='FICHE PRODUIT'!$E$144 -> 4.396586 | P36: ='FICHE PRODUIT'!$E$146 -> 315 | Q36: ='FICHE PRODUIT'!$E$147 -> 126 | R36: ='FICHE PRODUIT'!$E$148 -> 143.18182 | S36: ='FICHE PRODUIT'!$E$149 -> 0 | T36: ='FICHE PRODUIT'!A162 -> HANGTAG | U36: ='FICHE PRODUIT'!B162 -> CADICA | V36: ='FICHE PRODUIT'!C162 -> Y | W36: ='FICHE PRODUIT'!D162 -> 1 | X36: ='FICHE PRODUIT'!E162 -> 0 | Y36: ='FICHE PRODUIT'!F162 -> 0.21 | Z36: ='FICHE PRODUIT'!G162 -> 0.21 | AA36: ='FICHE PRODUIT'!H162 -> 0
A37: ='FICHE PRODUIT'!$A$127 -> MARIUS BLUE | B37: ='FICHE PRODUIT'!$H$127 -> Navy | C37: ='FICHE PRODUIT'!$S$127 -> W26-27 | D37: ='FICHE PRODUIT'!$Q$127 -> 0 | E37: ='FICHE PRODUIT'!$S$129 -> PROTO | F37: ='FICHE PRODUIT'!$E$131 -> Page 12 | G37: ='FICHE PRODUIT'!$E$132 -> TO DO | H37: ='FICHE PRODUIT'!$E$133 -> OCEAN SURPLUS | I37: ='FICHE PRODUIT'!$E$135 -> FALSE | J37: ='FICHE PRODUIT'!$E$137 -> Gilet | K37: ='FICHE PRODUIT'!$E$138 -> Marius | L37: ='FICHE PRODUIT'!$E$140 -> 55 | M37: ='FICHE PRODUIT'!$E$141 -> 16.6465 | N37: ='FICHE PRODUIT'!$E$143 -> 71.6465 | O37: ='FICHE PRODUIT'!$E$144 -> 4.396586 | P37: ='FICHE PRODUIT'!$E$146 -> 315 | Q37: ='FICHE PRODUIT'!$E$147 -> 126 | R37: ='FICHE PRODUIT'!$E$148 -> 143.18182 | S37: ='FICHE PRODUIT'!$E$149 -> 0 | T37: ='FICHE PRODUIT'!A163 -> BOUTONS | U37: ='FICHE PRODUIT'!B163 -> LOUROPEL | V37: ='FICHE PRODUIT'!C163 -> BT1 | W37: ='FICHE PRODUIT'!D163 -> 8 | X37: ='FICHE PRODUIT'!E163 -> 0 | Y37: ='FICHE PRODUIT'!F163 -> 0.06 | Z37: ='FICHE PRODUIT'!G163 -> 0.48 | AA37: ='FICHE PRODUIT'!H163 -> 0
A38: ='FICHE PRODUIT'!$A$127 -> MARIUS BLUE | B38: ='FICHE PRODUIT'!$H$127 -> Navy | C38: ='FICHE PRODUIT'!$S$127 -> W26-27 | D38: ='FICHE PRODUIT'!$Q$127 -> 0 | E38: ='FICHE PRODUIT'!$S$129 -> PROTO | F38: ='FICHE PRODUIT'!$E$131 -> Page 12 | G38: ='FICHE PRODUIT'!$E$132 -> TO DO | H38: ='FICHE PRODUIT'!$E$133 -> OCEAN SURPLUS | I38: ='FICHE PRODUIT'!$E$135 -> FALSE | J38: ='FICHE PRODUIT'!$E$137 -> Gilet | K38: ='FICHE PRODUIT'!$E$138 -> Marius | L38: ='FICHE PRODUIT'!$E$140 -> 55 | M38: ='FICHE PRODUIT'!$E$141 -> 16.6465 | N38: ='FICHE PRODUIT'!$E$143 -> 71.6465 | O38: ='FICHE PRODUIT'!$E$144 -> 4.396586 | P38: ='FICHE PRODUIT'!$E$146 -> 315 | Q38: ='FICHE PRODUIT'!$E$147 -> 126 | R38: ='FICHE PRODUIT'!$E$148 -> 143.18182 | S38: ='FICHE PRODUIT'!$E$149 -> 0 | T38: ='FICHE PRODUIT'!A164 -> 0 | U38: ='FICHE PRODUIT'!B164 -> 0 | V38: ='FICHE PRODUIT'!C164 -> 0 | W38: ='FICHE PRODUIT'!D164 -> 0 | X38: ='FICHE PRODUIT'!E164 -> 0 | Y38: ='FICHE PRODUIT'!F164 -> 0 | Z38: ='FICHE PRODUIT'!G164 -> 0 | AA38: ='FICHE PRODUIT'!H164 -> 0
A39: ='FICHE PRODUIT'!$A$127 -> MARIUS BLUE | B39: ='FICHE PRODUIT'!$H$127 -> Navy | C39: ='FICHE PRODUIT'!$S$127 -> W26-27 | D39: ='FICHE PRODUIT'!$Q$127 -> 0 | E39: ='FICHE PRODUIT'!$S$129 -> PROTO | F39: ='FICHE PRODUIT'!$E$131 -> Page 12 | G39: ='FICHE PRODUIT'!$E$132 -> TO DO | H39: ='FICHE PRODUIT'!$E$133 -> OCEAN SURPLUS | I39: ='FICHE PRODUIT'!$E$135 -> FALSE | J39: ='FICHE PRODUIT'!$E$137 -> Gilet | K39: ='FICHE PRODUIT'!$E$138 -> Marius | L39: ='FICHE PRODUIT'!$E$140 -> 55 | M39: ='FICHE PRODUIT'!$E$141 -> 16.6465 | N39: ='FICHE PRODUIT'!$E$143 -> 71.6465 | O39: ='FICHE PRODUIT'!$E$144 -> 4.396586 | P39: ='FICHE PRODUIT'!$E$146 -> 315 | Q39: ='FICHE PRODUIT'!$E$147 -> 126 | R39: ='FICHE PRODUIT'!$E$148 -> 143.18182 | S39: ='FICHE PRODUIT'!$E$149 -> 0 | T39: ='FICHE PRODUIT'!A165 -> Frais externe | U39: ='FICHE PRODUIT'!B165 -> Transport | V39: ='FICHE PRODUIT'!C165 -> International | W39: ='FICHE PRODUIT'!D165 -> 1 | X39: ='FICHE PRODUIT'!E165 -> 0 | Y39: ='FICHE PRODUIT'!F165 -> 4 | Z39: ='FICHE PRODUIT'!G165 -> 4 | AA39: ='FICHE PRODUIT'!H165 -> 0
A40: ='FICHE PRODUIT'!$A$127 -> MARIUS BLUE | B40: ='FICHE PRODUIT'!$H$127 -> Navy | C40: ='FICHE PRODUIT'!$S$127 -> W26-27 | D40: ='FICHE PRODUIT'!$Q$127 -> 0 | E40: ='FICHE PRODUIT'!$S$129 -> PROTO | F40: ='FICHE PRODUIT'!$E$131 -> Page 12 | G40: ='FICHE PRODUIT'!$E$132 -> TO DO | H40: ='FICHE PRODUIT'!$E$133 -> OCEAN SURPLUS | I40: ='FICHE PRODUIT'!$E$135 -> FALSE | J40: ='FICHE PRODUIT'!$E$137 -> Gilet | K40: ='FICHE PRODUIT'!$E$138 -> Marius | L40: ='FICHE PRODUIT'!$E$140 -> 55 | M40: ='FICHE PRODUIT'!$E$141 -> 16.6465 | N40: ='FICHE PRODUIT'!$E$143 -> 71.6465 | O40: ='FICHE PRODUIT'!$E$144 -> 4.396586 | P40: ='FICHE PRODUIT'!$E$146 -> 315 | Q40: ='FICHE PRODUIT'!$E$147 -> 126 | R40: ='FICHE PRODUIT'!$E$148 -> 143.18182 | S40: ='FICHE PRODUIT'!$E$149 -> 0 | T40: ='FICHE PRODUIT'!A166 -> Frais externe | U40: ='FICHE PRODUIT'!B166 -> Communication | V40: ='FICHE PRODUIT'!C166 -> Marketing | W40: ='FICHE PRODUIT'!D166 -> 1 | X40: ='FICHE PRODUIT'!E166 -> 0 | Y40: ='FICHE PRODUIT'!F166 -> 0.5 | Z40: ='FICHE PRODUIT'!G166 -> 0.5 | AA40: ='FICHE PRODUIT'!H166 -> 0
A41: ='FICHE PRODUIT'!$A$168 -> MARIUS-GMW0008C | B41: ='FICHE PRODUIT'!$H$168 -> Marine | C41: ='FICHE PRODUIT'!$S$168 -> W26-27 | D41: ='FICHE PRODUIT'!$Q$168 -> 0 | E41: ='FICHE PRODUIT'!$S$170 -> REPORT / CANCEL | F41: ='FICHE PRODUIT'!$E$172 -> Page 13 | G41: ='FICHE PRODUIT'!$E$173 -> Not need | H41: ='FICHE PRODUIT'!$E$174 -> OCEAN SURPLUS | I41: ='FICHE PRODUIT'!$E$176 -> FALSE | J41: ='FICHE PRODUIT'!$E$178 -> Gilet | K41: ='FICHE PRODUIT'!$E$179 -> Marius | L41: ='FICHE PRODUIT'!$E$181 -> 55 | M41: ='FICHE PRODUIT'!$E$182 -> 20.3365 | N41: ='FICHE PRODUIT'!$E$184 -> 75.3365 | O41: ='FICHE PRODUIT'!$E$185 -> 4.1812402 | P41: ='FICHE PRODUIT'!$E$187 -> 315 | Q41: ='FICHE PRODUIT'!$E$188 -> 126 | R41: ='FICHE PRODUIT'!$E$189 -> 143.18182 | S41: ='FICHE PRODUIT'!$E$190 -> 0 | T41: ='FICHE PRODUIT'!A195 -> FABRIC | U41: ='FICHE PRODUIT'!B195 -> ALBANO MORGADO | V41: ='FICHE PRODUIT'!C195 -> 1516514-001 | W41: ='FICHE PRODUIT'!D195 -> 0.8 | X41: ='FICHE PRODUIT'!E195 -> 0 | Y41: ='FICHE PRODUIT'!F195 -> 13.4 | Z41: ='FICHE PRODUIT'!G195 -> 10.72 | AA41: ='FICHE PRODUIT'!H195 -> 0
A42: ='FICHE PRODUIT'!$A$168 -> MARIUS-GMW0008C | B42: ='FICHE PRODUIT'!$H$168 -> Marine | C42: ='FICHE PRODUIT'!$S$168 -> W26-27 | D42: ='FICHE PRODUIT'!$Q$168 -> 0 | E42: ='FICHE PRODUIT'!$S$170 -> REPORT / CANCEL | F42: ='FICHE PRODUIT'!$E$172 -> Page 13 | G42: ='FICHE PRODUIT'!$E$173 -> Not need | H42: ='FICHE PRODUIT'!$E$174 -> OCEAN SURPLUS | I42: ='FICHE PRODUIT'!$E$176 -> FALSE | J42: ='FICHE PRODUIT'!$E$178 -> Gilet | K42: ='FICHE PRODUIT'!$E$179 -> Marius | L42: ='FICHE PRODUIT'!$E$181 -> 55 | M42: ='FICHE PRODUIT'!$E$182 -> 20.3365 | N42: ='FICHE PRODUIT'!$E$184 -> 75.3365 | O42: ='FICHE PRODUIT'!$E$185 -> 4.1812402 | P42: ='FICHE PRODUIT'!$E$187 -> 315 | Q42: ='FICHE PRODUIT'!$E$188 -> 126 | R42: ='FICHE PRODUIT'!$E$189 -> 143.18182 | S42: ='FICHE PRODUIT'!$E$190 -> 0 | T42: ='FICHE PRODUIT'!A196 -> LINNING | U42: ='FICHE PRODUIT'!B196 -> TABEL | V42: ='FICHE PRODUIT'!C196 -> Dessin Camo - Fleurs Bleue | W42: ='FICHE PRODUIT'!D196 -> 0.35 | X42: ='FICHE PRODUIT'!E196 -> 0 | Y42: ='FICHE PRODUIT'!F196 -> 3.75 | Z42: ='FICHE PRODUIT'!G196 -> 1.3125 | AA42: ='FICHE PRODUIT'!H196 -> 0
A43: ='FICHE PRODUIT'!$A$168 -> MARIUS-GMW0008C | B43: ='FICHE PRODUIT'!$H$168 -> Marine | C43: ='FICHE PRODUIT'!$S$168 -> W26-27 | D43: ='FICHE PRODUIT'!$Q$168 -> 0 | E43: ='FICHE PRODUIT'!$S$170 -> REPORT / CANCEL | F43: ='FICHE PRODUIT'!$E$172 -> Page 13 | G43: ='FICHE PRODUIT'!$E$173 -> Not need | H43: ='FICHE PRODUIT'!$E$174 -> OCEAN SURPLUS | I43: ='FICHE PRODUIT'!$E$176 -> FALSE | J43: ='FICHE PRODUIT'!$E$178 -> Gilet | K43: ='FICHE PRODUIT'!$E$179 -> Marius | L43: ='FICHE PRODUIT'!$E$181 -> 55 | M43: ='FICHE PRODUIT'!$E$182 -> 20.3365 | N43: ='FICHE PRODUIT'!$E$184 -> 75.3365 | O43: ='FICHE PRODUIT'!$E$185 -> 4.1812402 | P43: ='FICHE PRODUIT'!$E$187 -> 315 | Q43: ='FICHE PRODUIT'!$E$188 -> 126 | R43: ='FICHE PRODUIT'!$E$189 -> 143.18182 | S43: ='FICHE PRODUIT'!$E$190 -> 0 | T43: ='FICHE PRODUIT'!A197 -> BACK | U43: ='FICHE PRODUIT'!B197 -> MDA | V43: ='FICHE PRODUIT'!C197 -> 2179 PPT / COL CW21241 | W43: ='FICHE PRODUIT'!D197 -> 0.4 | X43: ='FICHE PRODUIT'!E197 -> 0 | Y43: ='FICHE PRODUIT'!F197 -> 8.91 | Z43: ='FICHE PRODUIT'!G197 -> 3.564 | AA43: ='FICHE PRODUIT'!H197 -> 0
A44: ='FICHE PRODUIT'!$A$168 -> MARIUS-GMW0008C | B44: ='FICHE PRODUIT'!$H$168 -> Marine | C44: ='FICHE PRODUIT'!$S$168 -> W26-27 | D44: ='FICHE PRODUIT'!$Q$168 -> 0 | E44: ='FICHE PRODUIT'!$S$170 -> REPORT / CANCEL | F44: ='FICHE PRODUIT'!$E$172 -> Page 13 | G44: ='FICHE PRODUIT'!$E$173 -> Not need | H44: ='FICHE PRODUIT'!$E$174 -> OCEAN SURPLUS | I44: ='FICHE PRODUIT'!$E$176 -> FALSE | J44: ='FICHE PRODUIT'!$E$178 -> Gilet | K44: ='FICHE PRODUIT'!$E$179 -> Marius | L44: ='FICHE PRODUIT'!$E$181 -> 55 | M44: ='FICHE PRODUIT'!$E$182 -> 20.3365 | N44: ='FICHE PRODUIT'!$E$184 -> 75.3365 | O44: ='FICHE PRODUIT'!$E$185 -> 4.1812402 | P44: ='FICHE PRODUIT'!$E$187 -> 315 | Q44: ='FICHE PRODUIT'!$E$188 -> 126 | R44: ='FICHE PRODUIT'!$E$189 -> 143.18182 | S44: ='FICHE PRODUIT'!$E$190 -> 0 | T44: ='FICHE PRODUIT'!A198 -> INTERLINING | U44: ='FICHE PRODUIT'!B198 -> CHARGEUR | V44: ='FICHE PRODUIT'!C198 -> 713048 PRETA | W44: ='FICHE PRODUIT'!D198 -> 0.8 | X44: ='FICHE PRODUIT'!E198 -> 0 | Y44: ='FICHE PRODUIT'!F198 -> 1.35 | Z44: ='FICHE PRODUIT'!G198 -> 1.08 | AA44: ='FICHE PRODUIT'!H198 -> 0
A45: ='FICHE PRODUIT'!$A$168 -> MARIUS-GMW0008C | B45: ='FICHE PRODUIT'!$H$168 -> Marine | C45: ='FICHE PRODUIT'!$S$168 -> W26-27 | D45: ='FICHE PRODUIT'!$Q$168 -> 0 | E45: ='FICHE PRODUIT'!$S$170 -> REPORT / CANCEL | F45: ='FICHE PRODUIT'!$E$172 -> Page 13 | G45: ='FICHE PRODUIT'!$E$173 -> Not need | H45: ='FICHE PRODUIT'!$E$174 -> OCEAN SURPLUS | I45: ='FICHE PRODUIT'!$E$176 -> FALSE | J45: ='FICHE PRODUIT'!$E$178 -> Gilet | K45: ='FICHE PRODUIT'!$E$179 -> Marius | L45: ='FICHE PRODUIT'!$E$181 -> 55 | M45: ='FICHE PRODUIT'!$E$182 -> 20.3365 | N45: ='FICHE PRODUIT'!$E$184 -> 75.3365 | O45: ='FICHE PRODUIT'!$E$185 -> 4.1812402 | P45: ='FICHE PRODUIT'!$E$187 -> 315 | Q45: ='FICHE PRODUIT'!$E$188 -> 126 | R45: ='FICHE PRODUIT'!$E$189 -> 143.18182 | S45: ='FICHE PRODUIT'!$E$190 -> 0 | T45: ='FICHE PRODUIT'!A199 -> UNDER COLLAR | U45: ='FICHE PRODUIT'!B199 -> OFFITEX | V45: ='FICHE PRODUIT'!C199 -> COR 301C/1 | W45: ='FICHE PRODUIT'!D199 -> 0.05 | X45: ='FICHE PRODUIT'!E199 -> 0 | Y45: ='FICHE PRODUIT'!F199 -> 0.05 | Z45: ='FICHE PRODUIT'!G199 -> 0.0025 | AA45: ='FICHE PRODUIT'!H199 -> 0
A46: ='FICHE PRODUIT'!$A$168 -> MARIUS-GMW0008C | B46: ='FICHE PRODUIT'!$H$168 -> Marine | C46: ='FICHE PRODUIT'!$S$168 -> W26-27 | D46: ='FICHE PRODUIT'!$Q$168 -> 0 | E46: ='FICHE PRODUIT'!$S$170 -> REPORT / CANCEL | F46: ='FICHE PRODUIT'!$E$172 -> Page 13 | G46: ='FICHE PRODUIT'!$E$173 -> Not need | H46: ='FICHE PRODUIT'!$E$174 -> OCEAN SURPLUS | I46: ='FICHE PRODUIT'!$E$176 -> FALSE | J46: ='FICHE PRODUIT'!$E$178 -> Gilet | K46: ='FICHE PRODUIT'!$E$179 -> Marius | L46: ='FICHE PRODUIT'!$E$181 -> 55 | M46: ='FICHE PRODUIT'!$E$182 -> 20.3365 | N46: ='FICHE PRODUIT'!$E$184 -> 75.3365 | O46: ='FICHE PRODUIT'!$E$185 -> 4.1812402 | P46: ='FICHE PRODUIT'!$E$187 -> 315 | Q46: ='FICHE PRODUIT'!$E$188 -> 126 | R46: ='FICHE PRODUIT'!$E$189 -> 143.18182 | S46: ='FICHE PRODUIT'!$E$190 -> 0 | T46: ='FICHE PRODUIT'!A200 -> PANO DE BOLSO | U46: ='FICHE PRODUIT'!B200 -> DRAGONI | V46: ='FICHE PRODUIT'!C200 -> RAVENNA PXT | W46: ='FICHE PRODUIT'!D200 -> 0.05 | X46: ='FICHE PRODUIT'!E200 -> 0 | Y46: ='FICHE PRODUIT'!F200 -> 2.97 | Z46: ='FICHE PRODUIT'!G200 -> 0.1485 | AA46: ='FICHE PRODUIT'!H200 -> 0
A47: ='FICHE PRODUIT'!$A$168 -> MARIUS-GMW0008C | B47: ='FICHE PRODUIT'!$H$168 -> Marine | C47: ='FICHE PRODUIT'!$S$168 -> W26-27 | D47: ='FICHE PRODUIT'!$Q$168 -> 0 | E47: ='FICHE PRODUIT'!$S$170 -> REPORT / CANCEL | F47: ='FICHE PRODUIT'!$E$172 -> Page 13 | G47: ='FICHE PRODUIT'!$E$173 -> Not need | H47: ='FICHE PRODUIT'!$E$174 -> OCEAN SURPLUS | I47: ='FICHE PRODUIT'!$E$176 -> FALSE | J47: ='FICHE PRODUIT'!$E$178 -> Gilet | K47: ='FICHE PRODUIT'!$E$179 -> Marius | L47: ='FICHE PRODUIT'!$E$181 -> 55 | M47: ='FICHE PRODUIT'!$E$182 -> 20.3365 | N47: ='FICHE PRODUIT'!$E$184 -> 75.3365 | O47: ='FICHE PRODUIT'!$E$185 -> 4.1812402 | P47: ='FICHE PRODUIT'!$E$187 -> 315 | Q47: ='FICHE PRODUIT'!$E$188 -> 126 | R47: ='FICHE PRODUIT'!$E$189 -> 143.18182 | S47: ='FICHE PRODUIT'!$E$190 -> 0 | T47: ='FICHE PRODUIT'!A201 -> GALON | U47: ='FICHE PRODUIT'!B201 -> NASTRO | V47: ='FICHE PRODUIT'!C201 -> G | W47: ='FICHE PRODUIT'!D201 -> 0.1 | X47: ='FICHE PRODUIT'!E201 -> 0 | Y47: ='FICHE PRODUIT'!F201 -> 0.49 | Z47: ='FICHE PRODUIT'!G201 -> 0.049 | AA47: ='FICHE PRODUIT'!H201 -> 0
A48: ='FICHE PRODUIT'!$A$168 -> MARIUS-GMW0008C | B48: ='FICHE PRODUIT'!$H$168 -> Marine | C48: ='FICHE PRODUIT'!$S$168 -> W26-27 | D48: ='FICHE PRODUIT'!$Q$168 -> 0 | E48: ='FICHE PRODUIT'!$S$170 -> REPORT / CANCEL | F48: ='FICHE PRODUIT'!$E$172 -> Page 13 | G48: ='FICHE PRODUIT'!$E$173 -> Not need | H48: ='FICHE PRODUIT'!$E$174 -> OCEAN SURPLUS | I48: ='FICHE PRODUIT'!$E$176 -> FALSE | J48: ='FICHE PRODUIT'!$E$178 -> Gilet | K48: ='FICHE PRODUIT'!$E$179 -> Marius | L48: ='FICHE PRODUIT'!$E$181 -> 55 | M48: ='FICHE PRODUIT'!$E$182 -> 20.3365 | N48: ='FICHE PRODUIT'!$E$184 -> 75.3365 | O48: ='FICHE PRODUIT'!$E$185 -> 4.1812402 | P48: ='FICHE PRODUIT'!$E$187 -> 315 | Q48: ='FICHE PRODUIT'!$E$188 -> 126 | R48: ='FICHE PRODUIT'!$E$189 -> 143.18182 | S48: ='FICHE PRODUIT'!$E$190 -> 0 | T48: ='FICHE PRODUIT'!A202 -> BOUTONS | U48: ='FICHE PRODUIT'!B202 -> LOUROPEL | V48: ='FICHE PRODUIT'!C202 -> BT1 | W48: ='FICHE PRODUIT'!D202 -> 8 | X48: ='FICHE PRODUIT'!E202 -> 0 | Y48: ='FICHE PRODUIT'!F202 -> 0.06 | Z48: ='FICHE PRODUIT'!G202 -> 0.48 | AA48: ='FICHE PRODUIT'!H202 -> 0
A49: ='FICHE PRODUIT'!$A$168 -> MARIUS-GMW0008C | B49: ='FICHE PRODUIT'!$H$168 -> Marine | C49: ='FICHE PRODUIT'!$S$168 -> W26-27 | D49: ='FICHE PRODUIT'!$Q$168 -> 0 | E49: ='FICHE PRODUIT'!$S$170 -> REPORT / CANCEL | F49: ='FICHE PRODUIT'!$E$172 -> Page 13 | G49: ='FICHE PRODUIT'!$E$173 -> Not need | H49: ='FICHE PRODUIT'!$E$174 -> OCEAN SURPLUS | I49: ='FICHE PRODUIT'!$E$176 -> FALSE | J49: ='FICHE PRODUIT'!$E$178 -> Gilet | K49: ='FICHE PRODUIT'!$E$179 -> Marius | L49: ='FICHE PRODUIT'!$E$181 -> 55 | M49: ='FICHE PRODUIT'!$E$182 -> 20.3365 | N49: ='FICHE PRODUIT'!$E$184 -> 75.3365 | O49: ='FICHE PRODUIT'!$E$185 -> 4.1812402 | P49: ='FICHE PRODUIT'!$E$187 -> 315 | Q49: ='FICHE PRODUIT'!$E$188 -> 126 | R49: ='FICHE PRODUIT'!$E$189 -> 143.18182 | S49: ='FICHE PRODUIT'!$E$190 -> 0 | T49: ='FICHE PRODUIT'!A203 -> ETIQUETTES | U49: ='FICHE PRODUIT'!B203 -> CADICA | V49: ='FICHE PRODUIT'!C203 -> A3 | W49: ='FICHE PRODUIT'!D203 -> 1 | X49: ='FICHE PRODUIT'!E203 -> 0 | Y49: ='FICHE PRODUIT'!F203 -> 0.27 | Z49: ='FICHE PRODUIT'!G203 -> 0.27 | AA49: ='FICHE PRODUIT'!H203 -> 0
A50: ='FICHE PRODUIT'!$A$168 -> MARIUS-GMW0008C | B50: ='FICHE PRODUIT'!$H$168 -> Marine | C50: ='FICHE PRODUIT'!$S$168 -> W26-27 | D50: ='FICHE PRODUIT'!$Q$168 -> 0 | E50: ='FICHE PRODUIT'!$S$170 -> REPORT / CANCEL | F50: ='FICHE PRODUIT'!$E$172 -> Page 13 | G50: ='FICHE PRODUIT'!$E$173 -> Not need | H50: ='FICHE PRODUIT'!$E$174 -> OCEAN SURPLUS | I50: ='FICHE PRODUIT'!$E$176 -> FALSE | J50: ='FICHE PRODUIT'!$E$178 -> Gilet | K50: ='FICHE PRODUIT'!$E$179 -> Marius | L50: ='FICHE PRODUIT'!$E$181 -> 55 | M50: ='FICHE PRODUIT'!$E$182 -> 20.3365 | N50: ='FICHE PRODUIT'!$E$184 -> 75.3365 | O50: ='FICHE PRODUIT'!$E$185 -> 4.1812402 | P50: ='FICHE PRODUIT'!$E$187 -> 315 | Q50: ='FICHE PRODUIT'!$E$188 -> 126 | R50: ='FICHE PRODUIT'!$E$189 -> 143.18182 | S50: ='FICHE PRODUIT'!$E$190 -> 0 | T50: ='FICHE PRODUIT'!A204 -> HANGTAG | U50: ='FICHE PRODUIT'!B204 -> CADICA | V50: ='FICHE PRODUIT'!C204 -> Y | W50: ='FICHE PRODUIT'!D204 -> 1 | X50: ='FICHE PRODUIT'!E204 -> 0 | Y50: ='FICHE PRODUIT'!F204 -> 0.21 | Z50: ='FICHE PRODUIT'!G204 -> 0.21 | AA50: ='FICHE PRODUIT'!H204 -> 0
A51: ='FICHE PRODUIT'!$A$168 -> MARIUS-GMW0008C | B51: ='FICHE PRODUIT'!$H$168 -> Marine | C51: ='FICHE PRODUIT'!$S$168 -> W26-27 | D51: ='FICHE PRODUIT'!$Q$168 -> 0 | E51: ='FICHE PRODUIT'!$S$170 -> REPORT / CANCEL | F51: ='FICHE PRODUIT'!$E$172 -> Page 13 | G51: ='FICHE PRODUIT'!$E$173 -> Not need | H51: ='FICHE PRODUIT'!$E$174 -> OCEAN SURPLUS | I51: ='FICHE PRODUIT'!$E$176 -> FALSE | J51: ='FICHE PRODUIT'!$E$178 -> Gilet | K51: ='FICHE PRODUIT'!$E$179 -> Marius | L51: ='FICHE PRODUIT'!$E$181 -> 55 | M51: ='FICHE PRODUIT'!$E$182 -> 20.3365 | N51: ='FICHE PRODUIT'!$E$184 -> 75.3365 | O51: ='FICHE PRODUIT'!$E$185 -> 4.1812402 | P51: ='FICHE PRODUIT'!$E$187 -> 315 | Q51: ='FICHE PRODUIT'!$E$188 -> 126 | R51: ='FICHE PRODUIT'!$E$189 -> 143.18182 | S51: ='FICHE PRODUIT'!$E$190 -> 0 | T51: ='FICHE PRODUIT'!A205 -> 0 | U51: ='FICHE PRODUIT'!B205 -> 0 | V51: ='FICHE PRODUIT'!C205 -> 0 | W51: ='FICHE PRODUIT'!D205 -> 0 | X51: ='FICHE PRODUIT'!E205 -> 0 | Y51: ='FICHE PRODUIT'!F205 -> 0 | Z51: ='FICHE PRODUIT'!G205 -> 0 | AA51: ='FICHE PRODUIT'!H205 -> 0
A52: ='FICHE PRODUIT'!$A$168 -> MARIUS-GMW0008C | B52: ='FICHE PRODUIT'!$H$168 -> Marine | C52: ='FICHE PRODUIT'!$S$168 -> W26-27 | D52: ='FICHE PRODUIT'!$Q$168 -> 0 | E52: ='FICHE PRODUIT'!$S$170 -> REPORT / CANCEL | F52: ='FICHE PRODUIT'!$E$172 -> Page 13 | G52: ='FICHE PRODUIT'!$E$173 -> Not need | H52: ='FICHE PRODUIT'!$E$174 -> OCEAN SURPLUS | I52: ='FICHE PRODUIT'!$E$176 -> FALSE | J52: ='FICHE PRODUIT'!$E$178 -> Gilet | K52: ='FICHE PRODUIT'!$E$179 -> Marius | L52: ='FICHE PRODUIT'!$E$181 -> 55 | M52: ='FICHE PRODUIT'!$E$182 -> 20.3365 | N52: ='FICHE PRODUIT'!$E$184 -> 75.3365 | O52: ='FICHE PRODUIT'!$E$185 -> 4.1812402 | P52: ='FICHE PRODUIT'!$E$187 -> 315 | Q52: ='FICHE PRODUIT'!$E$188 -> 126 | R52: ='FICHE PRODUIT'!$E$189 -> 143.18182 | S52: ='FICHE PRODUIT'!$E$190 -> 0 | T52: ='FICHE PRODUIT'!A206 -> 0 | U52: ='FICHE PRODUIT'!B206 -> 0 | V52: ='FICHE PRODUIT'!C206 -> 0 | W52: ='FICHE PRODUIT'!D206 -> 0 | X52: ='FICHE PRODUIT'!E206 -> 0 | Y52: ='FICHE PRODUIT'!F206 -> 0 | Z52: ='FICHE PRODUIT'!G206 -> 0 | AA52: ='FICHE PRODUIT'!H206 -> 0
... A55: ='FICHE PRODUIT'!$A$168 -> MARIUS-GMW0008C | B55: ='FICHE PRODUIT'!$H$168 -> Marine | C55: ='FICHE PRODUIT'!$S$168 -> W26-27 | D55: ='FICHE PRODUIT'!$Q$168 -> 0 | E55: ='FICHE PRODUIT'!$S$170 -> REPORT / CANCEL | F55: ='FICHE PRODUIT'!$E$172 -> Page 13 | G55: ='FICHE PRODUIT'!$E$173 -> Not need | H55: ='FICHE PRODUIT'!$E$174 -> OCEAN SURPLUS | I55: ='FICHE PRODUIT'!$E$176 -> FALSE | J55: ='FICHE PRODUIT'!$E$178 -> Gilet | K55: ='FICHE PRODUIT'!$E$179 -> Marius | L55: ='FICHE PRODUIT'!$E$181 -> 55 | M55: ='FICHE PRODUIT'!$E$182 -> 20.3365 | N55: ='FICHE PRODUIT'!$E$184 -> 75.3365 | O55: ='FICHE PRODUIT'!$E$185 -> 4.1812402 | P55: ='FICHE PRODUIT'!$E$187 -> 315 | Q55: ='FICHE PRODUIT'!$E$188 -> 126 | R55: ='FICHE PRODUIT'!$E$189 -> 143.18182 | S55: ='FICHE PRODUIT'!$E$190 -> 0 | T55: ='FICHE PRODUIT'!A209 -> Frais externe | U55: ='FICHE PRODUIT'!B209 -> Communication | V55: ='FICHE PRODUIT'!C209 -> Marketing | W55: ='FICHE PRODUIT'!D209 -> 1 | X55: ='FICHE PRODUIT'!E209 -> 0 | Y55: ='FICHE PRODUIT'!F209 -> 0.5 | Z55: ='FICHE PRODUIT'!G209 -> 0.5 | AA55: ='FICHE PRODUIT'!H209 -> 0
A56: ='FICHE PRODUIT'!$A$211 -> MARIUS PDP W | B56: ='FICHE PRODUIT'!$H$211 -> Beige | C56: ='FICHE PRODUIT'!$S$211 -> W26-27 | D56: ='FICHE PRODUIT'!$Q$211 -> 0 | E56: ='FICHE PRODUIT'!$S$213 -> IN PRODUCTION | F56: ='FICHE PRODUIT'!$E$215 -> Page 15 | G56: ='FICHE PRODUIT'!$E$216 -> Not need | H56: ='FICHE PRODUIT'!$E$217 -> OCEAN SURPLUS | I56: ='FICHE PRODUIT'!$E$219 -> FALSE | J56: ='FICHE PRODUIT'!$E$221 -> Gilet | K56: ='FICHE PRODUIT'!$E$222 -> Marius | L56: ='FICHE PRODUIT'!$E$224 -> 55 | M56: ='FICHE PRODUIT'!$E$225 -> 24.18 | N56: ='FICHE PRODUIT'!$E$227 -> 79.18 | O56: ='FICHE PRODUIT'!$E$228 -> 3.9782773 | P56: ='FICHE PRODUIT'!$E$230 -> 315 | Q56: ='FICHE PRODUIT'!$E$231 -> 126 | R56: ='FICHE PRODUIT'!$E$232 -> 143.18182 | S56: ='FICHE PRODUIT'!$E$233 -> 46162 | T56: ='FICHE PRODUIT'!A238 -> FABRIC | U56: ='FICHE PRODUIT'!B238 -> ALBANO MORGADO | V56: ='FICHE PRODUIT'!C238 -> 3516983X COL 2 | W56: ='FICHE PRODUIT'!D238 -> 0.8 | X56: ='FICHE PRODUIT'!E238 -> 56 | Y56: ='FICHE PRODUIT'!F238 -> 14.6 | Z56: ='FICHE PRODUIT'!G238 -> 11.68 | AA56: ='FICHE PRODUIT'!H238 -> 817.6
A57: ='FICHE PRODUIT'!$A$211 -> MARIUS PDP W | B57: ='FICHE PRODUIT'!$H$211 -> Beige | C57: ='FICHE PRODUIT'!$S$211 -> W26-27 | D57: ='FICHE PRODUIT'!$Q$211 -> 0 | E57: ='FICHE PRODUIT'!$S$213 -> IN PRODUCTION | F57: ='FICHE PRODUIT'!$E$215 -> Page 15 | G57: ='FICHE PRODUIT'!$E$216 -> Not need | H57: ='FICHE PRODUIT'!$E$217 -> OCEAN SURPLUS | I57: ='FICHE PRODUIT'!$E$219 -> FALSE | J57: ='FICHE PRODUIT'!$E$221 -> Gilet | K57: ='FICHE PRODUIT'!$E$222 -> Marius | L57: ='FICHE PRODUIT'!$E$224 -> 55 | M57: ='FICHE PRODUIT'!$E$225 -> 24.18 | N57: ='FICHE PRODUIT'!$E$227 -> 79.18 | O57: ='FICHE PRODUIT'!$E$228 -> 3.9782773 | P57: ='FICHE PRODUIT'!$E$230 -> 315 | Q57: ='FICHE PRODUIT'!$E$231 -> 126 | R57: ='FICHE PRODUIT'!$E$232 -> 143.18182 | S57: ='FICHE PRODUIT'!$E$233 -> 46162 | T57: ='FICHE PRODUIT'!A239 -> 0 | U57: ='FICHE PRODUIT'!B239 -> 0 | V57: ='FICHE PRODUIT'!C239 -> 0 | W57: ='FICHE PRODUIT'!D239 -> 0 | X57: ='FICHE PRODUIT'!E239 -> 0 | Y57: ='FICHE PRODUIT'!F239 -> 0 | Z57: ='FICHE PRODUIT'!G239 -> 0 | AA57: ='FICHE PRODUIT'!H239 -> 0
A58: ='FICHE PRODUIT'!$A$211 -> MARIUS PDP W | B58: ='FICHE PRODUIT'!$H$211 -> Beige | C58: ='FICHE PRODUIT'!$S$211 -> W26-27 | D58: ='FICHE PRODUIT'!$Q$211 -> 0 | E58: ='FICHE PRODUIT'!$S$213 -> IN PRODUCTION | F58: ='FICHE PRODUIT'!$E$215 -> Page 15 | G58: ='FICHE PRODUIT'!$E$216 -> Not need | H58: ='FICHE PRODUIT'!$E$217 -> OCEAN SURPLUS | I58: ='FICHE PRODUIT'!$E$219 -> FALSE | J58: ='FICHE PRODUIT'!$E$221 -> Gilet | K58: ='FICHE PRODUIT'!$E$222 -> Marius | L58: ='FICHE PRODUIT'!$E$224 -> 55 | M58: ='FICHE PRODUIT'!$E$225 -> 24.18 | N58: ='FICHE PRODUIT'!$E$227 -> 79.18 | O58: ='FICHE PRODUIT'!$E$228 -> 3.9782773 | P58: ='FICHE PRODUIT'!$E$230 -> 315 | Q58: ='FICHE PRODUIT'!$E$231 -> 126 | R58: ='FICHE PRODUIT'!$E$232 -> 143.18182 | S58: ='FICHE PRODUIT'!$E$233 -> 46162 | T58: ='FICHE PRODUIT'!A240 -> 0 | U58: ='FICHE PRODUIT'!B240 -> 0 | V58: ='FICHE PRODUIT'!C240 -> 0 | W58: ='FICHE PRODUIT'!D240 -> 0 | X58: ='FICHE PRODUIT'!E240 -> 0 | Y58: ='FICHE PRODUIT'!F240 -> 0 | Z58: ='FICHE PRODUIT'!G240 -> 0 | AA58: ='FICHE PRODUIT'!H240 -> 0
A59: ='FICHE PRODUIT'!$A$211 -> MARIUS PDP W | B59: ='FICHE PRODUIT'!$H$211 -> Beige | C59: ='FICHE PRODUIT'!$S$211 -> W26-27 | D59: ='FICHE PRODUIT'!$Q$211 -> 0 | E59: ='FICHE PRODUIT'!$S$213 -> IN PRODUCTION | F59: ='FICHE PRODUIT'!$E$215 -> Page 15 | G59: ='FICHE PRODUIT'!$E$216 -> Not need | H59: ='FICHE PRODUIT'!$E$217 -> OCEAN SURPLUS | I59: ='FICHE PRODUIT'!$E$219 -> FALSE | J59: ='FICHE PRODUIT'!$E$221 -> Gilet | K59: ='FICHE PRODUIT'!$E$222 -> Marius | L59: ='FICHE PRODUIT'!$E$224 -> 55 | M59: ='FICHE PRODUIT'!$E$225 -> 24.18 | N59: ='FICHE PRODUIT'!$E$227 -> 79.18 | O59: ='FICHE PRODUIT'!$E$228 -> 3.9782773 | P59: ='FICHE PRODUIT'!$E$230 -> 315 | Q59: ='FICHE PRODUIT'!$E$231 -> 126 | R59: ='FICHE PRODUIT'!$E$232 -> 143.18182 | S59: ='FICHE PRODUIT'!$E$233 -> 46162 | T59: ='FICHE PRODUIT'!A241 -> 0 | U59: ='FICHE PRODUIT'!B241 -> 0 | V59: ='FICHE PRODUIT'!C241 -> 0 | W59: ='FICHE PRODUIT'!D241 -> 0 | X59: ='FICHE PRODUIT'!E241 -> 0 | Y59: ='FICHE PRODUIT'!F241 -> 0 | Z59: ='FICHE PRODUIT'!G241 -> 0 | AA59: ='FICHE PRODUIT'!H241 -> 0
A60: ='FICHE PRODUIT'!$A$211 -> MARIUS PDP W | B60: ='FICHE PRODUIT'!$H$211 -> Beige | C60: ='FICHE PRODUIT'!$S$211 -> W26-27 | D60: ='FICHE PRODUIT'!$Q$211 -> 0 | E60: ='FICHE PRODUIT'!$S$213 -> IN PRODUCTION | F60: ='FICHE PRODUIT'!$E$215 -> Page 15 | G60: ='FICHE PRODUIT'!$E$216 -> Not need | H60: ='FICHE PRODUIT'!$E$217 -> OCEAN SURPLUS | I60: ='FICHE PRODUIT'!$E$219 -> FALSE | J60: ='FICHE PRODUIT'!$E$221 -> Gilet | K60: ='FICHE PRODUIT'!$E$222 -> Marius | L60: ='FICHE PRODUIT'!$E$224 -> 55 | M60: ='FICHE PRODUIT'!$E$225 -> 24.18 | N60: ='FICHE PRODUIT'!$E$227 -> 79.18 | O60: ='FICHE PRODUIT'!$E$228 -> 3.9782773 | P60: ='FICHE PRODUIT'!$E$230 -> 315 | Q60: ='FICHE PRODUIT'!$E$231 -> 126 | R60: ='FICHE PRODUIT'!$E$232 -> 143.18182 | S60: ='FICHE PRODUIT'!$E$233 -> 46162 | T60: ='FICHE PRODUIT'!A242 -> 0 | U60: ='FICHE PRODUIT'!B242 -> 0 | V60: ='FICHE PRODUIT'!C242 -> 0 | W60: ='FICHE PRODUIT'!D242 -> 0 | X60: ='FICHE PRODUIT'!E242 -> 0 | Y60: ='FICHE PRODUIT'!F242 -> 0 | Z60: ='FICHE PRODUIT'!G242 -> 0 | AA60: ='FICHE PRODUIT'!H242 -> 0
A61: ='FICHE PRODUIT'!$A$211 -> MARIUS PDP W | B61: ='FICHE PRODUIT'!$H$211 -> Beige | C61: ='FICHE PRODUIT'!$S$211 -> W26-27 | D61: ='FICHE PRODUIT'!$Q$211 -> 0 | E61: ='FICHE PRODUIT'!$S$213 -> IN PRODUCTION | F61: ='FICHE PRODUIT'!$E$215 -> Page 15 | G61: ='FICHE PRODUIT'!$E$216 -> Not need | H61: ='FICHE PRODUIT'!$E$217 -> OCEAN SURPLUS | I61: ='FICHE PRODUIT'!$E$219 -> FALSE | J61: ='FICHE PRODUIT'!$E$221 -> Gilet | K61: ='FICHE PRODUIT'!$E$222 -> Marius | L61: ='FICHE PRODUIT'!$E$224 -> 55 | M61: ='FICHE PRODUIT'!$E$225 -> 24.18 | N61: ='FICHE PRODUIT'!$E$227 -> 79.18 | O61: ='FICHE PRODUIT'!$E$228 -> 3.9782773 | P61: ='FICHE PRODUIT'!$E$230 -> 315 | Q61: ='FICHE PRODUIT'!$E$231 -> 126 | R61: ='FICHE PRODUIT'!$E$232 -> 143.18182 | S61: ='FICHE PRODUIT'!$E$233 -> 46162 | T61: ='FICHE PRODUIT'!A243 -> 0 | U61: ='FICHE PRODUIT'!B243 -> 0 | V61: ='FICHE PRODUIT'!C243 -> 0 | W61: ='FICHE PRODUIT'!D243 -> 0 | X61: ='FICHE PRODUIT'!E243 -> 0 | Y61: ='FICHE PRODUIT'!F243 -> 0 | Z61: ='FICHE PRODUIT'!G243 -> 0 | AA61: ='FICHE PRODUIT'!H243 -> 0
A62: ='FICHE PRODUIT'!$A$211 -> MARIUS PDP W | B62: ='FICHE PRODUIT'!$H$211 -> Beige | C62: ='FICHE PRODUIT'!$S$211 -> W26-27 | D62: ='FICHE PRODUIT'!$Q$211 -> 0 | E62: ='FICHE PRODUIT'!$S$213 -> IN PRODUCTION | F62: ='FICHE PRODUIT'!$E$215 -> Page 15 | G62: ='FICHE PRODUIT'!$E$216 -> Not need | H62: ='FICHE PRODUIT'!$E$217 -> OCEAN SURPLUS | I62: ='FICHE PRODUIT'!$E$219 -> FALSE | J62: ='FICHE PRODUIT'!$E$221 -> Gilet | K62: ='FICHE PRODUIT'!$E$222 -> Marius | L62: ='FICHE PRODUIT'!$E$224 -> 55 | M62: ='FICHE PRODUIT'!$E$225 -> 24.18 | N62: ='FICHE PRODUIT'!$E$227 -> 79.18 | O62: ='FICHE PRODUIT'!$E$228 -> 3.9782773 | P62: ='FICHE PRODUIT'!$E$230 -> 315 | Q62: ='FICHE PRODUIT'!$E$231 -> 126 | R62: ='FICHE PRODUIT'!$E$232 -> 143.18182 | S62: ='FICHE PRODUIT'!$E$233 -> 46162 | T62: ='FICHE PRODUIT'!A244 -> 0 | U62: ='FICHE PRODUIT'!B244 -> 0 | V62: ='FICHE PRODUIT'!C244 -> 0 | W62: ='FICHE PRODUIT'!D244 -> 0 | X62: ='FICHE PRODUIT'!E244 -> 0 | Y62: ='FICHE PRODUIT'!F244 -> 0 | Z62: ='FICHE PRODUIT'!G244 -> 0 | AA62: ='FICHE PRODUIT'!H244 -> 0
A63: ='FICHE PRODUIT'!$A$211 -> MARIUS PDP W | B63: ='FICHE PRODUIT'!$H$211 -> Beige | C63: ='FICHE PRODUIT'!$S$211 -> W26-27 | D63: ='FICHE PRODUIT'!$Q$211 -> 0 | E63: ='FICHE PRODUIT'!$S$213 -> IN PRODUCTION | F63: ='FICHE PRODUIT'!$E$215 -> Page 15 | G63: ='FICHE PRODUIT'!$E$216 -> Not need | H63: ='FICHE PRODUIT'!$E$217 -> OCEAN SURPLUS | I63: ='FICHE PRODUIT'!$E$219 -> FALSE | J63: ='FICHE PRODUIT'!$E$221 -> Gilet | K63: ='FICHE PRODUIT'!$E$222 -> Marius | L63: ='FICHE PRODUIT'!$E$224 -> 55 | M63: ='FICHE PRODUIT'!$E$225 -> 24.18 | N63: ='FICHE PRODUIT'!$E$227 -> 79.18 | O63: ='FICHE PRODUIT'!$E$228 -> 3.9782773 | P63: ='FICHE PRODUIT'!$E$230 -> 315 | Q63: ='FICHE PRODUIT'!$E$231 -> 126 | R63: ='FICHE PRODUIT'!$E$232 -> 143.18182 | S63: ='FICHE PRODUIT'!$E$233 -> 46162 | T63: ='FICHE PRODUIT'!A245 -> 0 | U63: ='FICHE PRODUIT'!B245 -> 0 | V63: ='FICHE PRODUIT'!C245 -> 0 | W63: ='FICHE PRODUIT'!D245 -> 0 | X63: ='FICHE PRODUIT'!E245 -> 0 | Y63: ='FICHE PRODUIT'!F245 -> 0 | Z63: ='FICHE PRODUIT'!G245 -> 0 | AA63: ='FICHE PRODUIT'!H245 -> 0
A64: ='FICHE PRODUIT'!$A$211 -> MARIUS PDP W | B64: ='FICHE PRODUIT'!$H$211 -> Beige | C64: ='FICHE PRODUIT'!$S$211 -> W26-27 | D64: ='FICHE PRODUIT'!$Q$211 -> 0 | E64: ='FICHE PRODUIT'!$S$213 -> IN PRODUCTION | F64: ='FICHE PRODUIT'!$E$215 -> Page 15 | G64: ='FICHE PRODUIT'!$E$216 -> Not need | H64: ='FICHE PRODUIT'!$E$217 -> OCEAN SURPLUS | I64: ='FICHE PRODUIT'!$E$219 -> FALSE | J64: ='FICHE PRODUIT'!$E$221 -> Gilet | K64: ='FICHE PRODUIT'!$E$222 -> Marius | L64: ='FICHE PRODUIT'!$E$224 -> 55 | M64: ='FICHE PRODUIT'!$E$225 -> 24.18 | N64: ='FICHE PRODUIT'!$E$227 -> 79.18 | O64: ='FICHE PRODUIT'!$E$228 -> 3.9782773 | P64: ='FICHE PRODUIT'!$E$230 -> 315 | Q64: ='FICHE PRODUIT'!$E$231 -> 126 | R64: ='FICHE PRODUIT'!$E$232 -> 143.18182 | S64: ='FICHE PRODUIT'!$E$233 -> 46162 | T64: ='FICHE PRODUIT'!A246 -> 0 | U64: ='FICHE PRODUIT'!B246 -> 0 | V64: ='FICHE PRODUIT'!C246 -> 0 | W64: ='FICHE PRODUIT'!D246 -> 0 | X64: ='FICHE PRODUIT'!E246 -> 0 | Y64: ='FICHE PRODUIT'!F246 -> 0 | Z64: ='FICHE PRODUIT'!G246 -> 0 | AA64: ='FICHE PRODUIT'!H246 -> 0
A65: ='FICHE PRODUIT'!$A$211 -> MARIUS PDP W | B65: ='FICHE PRODUIT'!$H$211 -> Beige | C65: ='FICHE PRODUIT'!$S$211 -> W26-27 | D65: ='FICHE PRODUIT'!$Q$211 -> 0 | E65: ='FICHE PRODUIT'!$S$213 -> IN PRODUCTION | F65: ='FICHE PRODUIT'!$E$215 -> Page 15 | G65: ='FICHE PRODUIT'!$E$216 -> Not need | H65: ='FICHE PRODUIT'!$E$217 -> OCEAN SURPLUS | I65: ='FICHE PRODUIT'!$E$219 -> FALSE | J65: ='FICHE PRODUIT'!$E$221 -> Gilet | K65: ='FICHE PRODUIT'!$E$222 -> Marius | L65: ='FICHE PRODUIT'!$E$224 -> 55 | M65: ='FICHE PRODUIT'!$E$225 -> 24.18 | N65: ='FICHE PRODUIT'!$E$227 -> 79.18 | O65: ='FICHE PRODUIT'!$E$228 -> 3.9782773 | P65: ='FICHE PRODUIT'!$E$230 -> 315 | Q65: ='FICHE PRODUIT'!$E$231 -> 126 | R65: ='FICHE PRODUIT'!$E$232 -> 143.18182 | S65: ='FICHE PRODUIT'!$E$233 -> 46162 | T65: ='FICHE PRODUIT'!A247 -> 0 | U65: ='FICHE PRODUIT'!B247 -> 0 | V65: ='FICHE PRODUIT'!C247 -> 0 | W65: ='FICHE PRODUIT'!D247 -> 0 | X65: ='FICHE PRODUIT'!E247 -> 0 | Y65: ='FICHE PRODUIT'!F247 -> 0 | Z65: ='FICHE PRODUIT'!G247 -> 0 | AA65: ='FICHE PRODUIT'!H247 -> 0
A66: ='FICHE PRODUIT'!$A$211 -> MARIUS PDP W | B66: ='FICHE PRODUIT'!$H$211 -> Beige | C66: ='FICHE PRODUIT'!$S$211 -> W26-27 | D66: ='FICHE PRODUIT'!$Q$211 -> 0 | E66: ='FICHE PRODUIT'!$S$213 -> IN PRODUCTION | F66: ='FICHE PRODUIT'!$E$215 -> Page 15 | G66: ='FICHE PRODUIT'!$E$216 -> Not need | H66: ='FICHE PRODUIT'!$E$217 -> OCEAN SURPLUS | I66: ='FICHE PRODUIT'!$E$219 -> FALSE | J66: ='FICHE PRODUIT'!$E$221 -> Gilet | K66: ='FICHE PRODUIT'!$E$222 -> Marius | L66: ='FICHE PRODUIT'!$E$224 -> 55 | M66: ='FICHE PRODUIT'!$E$225 -> 24.18 | N66: ='FICHE PRODUIT'!$E$227 -> 79.18 | O66: ='FICHE PRODUIT'!$E$228 -> 3.9782773 | P66: ='FICHE PRODUIT'!$E$230 -> 315 | Q66: ='FICHE PRODUIT'!$E$231 -> 126 | R66: ='FICHE PRODUIT'!$E$232 -> 143.18182 | S66: ='FICHE PRODUIT'!$E$233 -> 46162 | T66: ='FICHE PRODUIT'!A248 -> 0 | U66: ='FICHE PRODUIT'!B248 -> 0 | V66: ='FICHE PRODUIT'!C248 -> 0 | W66: ='FICHE PRODUIT'!D248 -> 0 | X66: ='FICHE PRODUIT'!E248 -> 0 | Y66: ='FICHE PRODUIT'!F248 -> 0 | Z66: ='FICHE PRODUIT'!G248 -> 0 | AA66: ='FICHE PRODUIT'!H248 -> 0
A67: ='FICHE PRODUIT'!$A$211 -> MARIUS PDP W | B67: ='FICHE PRODUIT'!$H$211 -> Beige | C67: ='FICHE PRODUIT'!$S$211 -> W26-27 | D67: ='FICHE PRODUIT'!$Q$211 -> 0 | E67: ='FICHE PRODUIT'!$S$213 -> IN PRODUCTION | F67: ='FICHE PRODUIT'!$E$215 -> Page 15 | G67: ='FICHE PRODUIT'!$E$216 -> Not need | H67: ='FICHE PRODUIT'!$E$217 -> OCEAN SURPLUS | I67: ='FICHE PRODUIT'!$E$219 -> FALSE | J67: ='FICHE PRODUIT'!$E$221 -> Gilet | K67: ='FICHE PRODUIT'!$E$222 -> Marius | L67: ='FICHE PRODUIT'!$E$224 -> 55 | M67: ='FICHE PRODUIT'!$E$225 -> 24.18 | N67: ='FICHE PRODUIT'!$E$227 -> 79.18 | O67: ='FICHE PRODUIT'!$E$228 -> 3.9782773 | P67: ='FICHE PRODUIT'!$E$230 -> 315 | Q67: ='FICHE PRODUIT'!$E$231 -> 126 | R67: ='FICHE PRODUIT'!$E$232 -> 143.18182 | S67: ='FICHE PRODUIT'!$E$233 -> 46162 | T67: ='FICHE PRODUIT'!A249 -> 0 | U67: ='FICHE PRODUIT'!B249 -> 0 | V67: ='FICHE PRODUIT'!C249 -> 0 | W67: ='FICHE PRODUIT'!D249 -> 0 | X67: ='FICHE PRODUIT'!E249 -> 0 | Y67: ='FICHE PRODUIT'!F249 -> 0 | Z67: ='FICHE PRODUIT'!G249 -> 0 | AA67: ='FICHE PRODUIT'!H249 -> 0
... A70: ='FICHE PRODUIT'!$A$211 -> MARIUS PDP W | B70: ='FICHE PRODUIT'!$H$211 -> Beige | C70: ='FICHE PRODUIT'!$S$211 -> W26-27 | D70: ='FICHE PRODUIT'!$Q$211 -> 0 | E70: ='FICHE PRODUIT'!$S$213 -> IN PRODUCTION | F70: ='FICHE PRODUIT'!$E$215 -> Page 15 | G70: ='FICHE PRODUIT'!$E$216 -> Not need | H70: ='FICHE PRODUIT'!$E$217 -> OCEAN SURPLUS | I70: ='FICHE PRODUIT'!$E$219 -> FALSE | J70: ='FICHE PRODUIT'!$E$221 -> Gilet | K70: ='FICHE PRODUIT'!$E$222 -> Marius | L70: ='FICHE PRODUIT'!$E$224 -> 55 | M70: ='FICHE PRODUIT'!$E$225 -> 24.18 | N70: ='FICHE PRODUIT'!$E$227 -> 79.18 | O70: ='FICHE PRODUIT'!$E$228 -> 3.9782773 | P70: ='FICHE PRODUIT'!$E$230 -> 315 | Q70: ='FICHE PRODUIT'!$E$231 -> 126 | R70: ='FICHE PRODUIT'!$E$232 -> 143.18182 | S70: ='FICHE PRODUIT'!$E$233 -> 46162 | T70: ='FICHE PRODUIT'!A252 -> Frais externe | U70: ='FICHE PRODUIT'!B252 -> Communication | V70: ='FICHE PRODUIT'!C252 -> Marketing | W70: ='FICHE PRODUIT'!D252 -> 1 | X70: ='FICHE PRODUIT'!E252 -> 70 | Y70: ='FICHE PRODUIT'!F252 -> 0.5 | Z70: ='FICHE PRODUIT'!G252 -> 0.5 | AA70: ='FICHE PRODUIT'!H252 -> 35
A71: ='FICHE PRODUIT'!$A$254 -> MARIUS PDG W | B71: ='FICHE PRODUIT'!$H$254 -> Brown / Orange | C71: ='FICHE PRODUIT'!$S$254 -> W26-27 | D71: ='FICHE PRODUIT'!$Q$254 -> 0 | E71: ='FICHE PRODUIT'!$S$256 -> PROTO | F71: ='FICHE PRODUIT'!$E$258 -> Page 16 | G71: ='FICHE PRODUIT'!$E$259 -> TO DO | H71: ='FICHE PRODUIT'!$E$260 -> OCEAN SURPLUS | I71: ='FICHE PRODUIT'!$E$262 -> FALSE | J71: ='FICHE PRODUIT'!$E$264 -> Gilet | K71: ='FICHE PRODUIT'!$E$265 -> Marius | L71: ='FICHE PRODUIT'!$E$267 -> 55 | M71: ='FICHE PRODUIT'!$E$268 -> 29.342 | N71: ='FICHE PRODUIT'!$E$270 -> 84.342 | O71: ='FICHE PRODUIT'!$E$271 -> 3.8533589 | P71: ='FICHE PRODUIT'!$E$273 -> 325 | Q71: ='FICHE PRODUIT'!$E$274 -> 130 | R71: ='FICHE PRODUIT'!$E$275 -> 147.72727 | S71: ='FICHE PRODUIT'!$E$276 -> 46162 | T71: ='FICHE PRODUIT'!A281 -> FABRIC | U71: ='FICHE PRODUIT'!B281 -> ZANIERI | V71: ='FICHE PRODUIT'!C281 -> 74044 SUPER WASHED COL 8161 | W71: ='FICHE PRODUIT'!D281 -> 0.8 | X71: ='FICHE PRODUIT'!E281 -> 40 | Y71: ='FICHE PRODUIT'!F281 -> 18.24 | Z71: ='FICHE PRODUIT'!G281 -> 14.592 | AA71: ='FICHE PRODUIT'!H281 -> 729.6
A72: ='FICHE PRODUIT'!$A$254 -> MARIUS PDG W | B72: ='FICHE PRODUIT'!$H$254 -> Brown / Orange | C72: ='FICHE PRODUIT'!$S$254 -> W26-27 | D72: ='FICHE PRODUIT'!$Q$254 -> 0 | E72: ='FICHE PRODUIT'!$S$256 -> PROTO | F72: ='FICHE PRODUIT'!$E$258 -> Page 16 | G72: ='FICHE PRODUIT'!$E$259 -> TO DO | H72: ='FICHE PRODUIT'!$E$260 -> OCEAN SURPLUS | I72: ='FICHE PRODUIT'!$E$262 -> FALSE | J72: ='FICHE PRODUIT'!$E$264 -> Gilet | K72: ='FICHE PRODUIT'!$E$265 -> Marius | L72: ='FICHE PRODUIT'!$E$267 -> 55 | M72: ='FICHE PRODUIT'!$E$268 -> 29.342 | N72: ='FICHE PRODUIT'!$E$270 -> 84.342 | O72: ='FICHE PRODUIT'!$E$271 -> 3.8533589 | P72: ='FICHE PRODUIT'!$E$273 -> 325 | Q72: ='FICHE PRODUIT'!$E$274 -> 130 | R72: ='FICHE PRODUIT'!$E$275 -> 147.72727 | S72: ='FICHE PRODUIT'!$E$276 -> 46162 | T72: ='FICHE PRODUIT'!A282 -> LINNING | U72: ='FICHE PRODUIT'!B282 -> NF21 | V72: ='FICHE PRODUIT'!C282 -> 4589-600 | W72: ='FICHE PRODUIT'!D282 -> 0.3 | X72: ='FICHE PRODUIT'!E282 -> 15 | Y72: ='FICHE PRODUIT'!F282 -> 7.5 | Z72: ='FICHE PRODUIT'!G282 -> 2.25 | AA72: ='FICHE PRODUIT'!H282 -> 112.5
A73: ='FICHE PRODUIT'!$A$254 -> MARIUS PDG W | B73: ='FICHE PRODUIT'!$H$254 -> Brown / Orange | C73: ='FICHE PRODUIT'!$S$254 -> W26-27 | D73: ='FICHE PRODUIT'!$Q$254 -> 0 | E73: ='FICHE PRODUIT'!$S$256 -> PROTO | F73: ='FICHE PRODUIT'!$E$258 -> Page 16 | G73: ='FICHE PRODUIT'!$E$259 -> TO DO | H73: ='FICHE PRODUIT'!$E$260 -> OCEAN SURPLUS | I73: ='FICHE PRODUIT'!$E$262 -> FALSE | J73: ='FICHE PRODUIT'!$E$264 -> Gilet | K73: ='FICHE PRODUIT'!$E$265 -> Marius | L73: ='FICHE PRODUIT'!$E$267 -> 55 | M73: ='FICHE PRODUIT'!$E$268 -> 29.342 | N73: ='FICHE PRODUIT'!$E$270 -> 84.342 | O73: ='FICHE PRODUIT'!$E$271 -> 3.8533589 | P73: ='FICHE PRODUIT'!$E$273 -> 325 | Q73: ='FICHE PRODUIT'!$E$274 -> 130 | R73: ='FICHE PRODUIT'!$E$275 -> 147.72727 | S73: ='FICHE PRODUIT'!$E$276 -> 46162 | T73: ='FICHE PRODUIT'!A283 -> 0 | U73: ='FICHE PRODUIT'!B283 -> 0 | V73: ='FICHE PRODUIT'!C283 -> 0 | W73: ='FICHE PRODUIT'!D283 -> 0 | X73: ='FICHE PRODUIT'!E283 -> 0 | Y73: ='FICHE PRODUIT'!F283 -> 0 | Z73: ='FICHE PRODUIT'!G283 -> 0 | AA73: ='FICHE PRODUIT'!H283 -> 0
A74: ='FICHE PRODUIT'!$A$254 -> MARIUS PDG W | B74: ='FICHE PRODUIT'!$H$254 -> Brown / Orange | C74: ='FICHE PRODUIT'!$S$254 -> W26-27 | D74: ='FICHE PRODUIT'!$Q$254 -> 0 | E74: ='FICHE PRODUIT'!$S$256 -> PROTO | F74: ='FICHE PRODUIT'!$E$258 -> Page 16 | G74: ='FICHE PRODUIT'!$E$259 -> TO DO | H74: ='FICHE PRODUIT'!$E$260 -> OCEAN SURPLUS | I74: ='FICHE PRODUIT'!$E$262 -> FALSE | J74: ='FICHE PRODUIT'!$E$264 -> Gilet | K74: ='FICHE PRODUIT'!$E$265 -> Marius | L74: ='FICHE PRODUIT'!$E$267 -> 55 | M74: ='FICHE PRODUIT'!$E$268 -> 29.342 | N74: ='FICHE PRODUIT'!$E$270 -> 84.342 | O74: ='FICHE PRODUIT'!$E$271 -> 3.8533589 | P74: ='FICHE PRODUIT'!$E$273 -> 325 | Q74: ='FICHE PRODUIT'!$E$274 -> 130 | R74: ='FICHE PRODUIT'!$E$275 -> 147.72727 | S74: ='FICHE PRODUIT'!$E$276 -> 46162 | T74: ='FICHE PRODUIT'!A284 -> 0 | U74: ='FICHE PRODUIT'!B284 -> 0 | V74: ='FICHE PRODUIT'!C284 -> 0 | W74: ='FICHE PRODUIT'!D284 -> 0 | X74: ='FICHE PRODUIT'!E284 -> 0 | Y74: ='FICHE PRODUIT'!F284 -> 0 | Z74: ='FICHE PRODUIT'!G284 -> 0 | AA74: ='FICHE PRODUIT'!H284 -> 0
A75: ='FICHE PRODUIT'!$A$254 -> MARIUS PDG W | B75: ='FICHE PRODUIT'!$H$254 -> Brown / Orange | C75: ='FICHE PRODUIT'!$S$254 -> W26-27 | D75: ='FICHE PRODUIT'!$Q$254 -> 0 | E75: ='FICHE PRODUIT'!$S$256 -> PROTO | F75: ='FICHE PRODUIT'!$E$258 -> Page 16 | G75: ='FICHE PRODUIT'!$E$259 -> TO DO | H75: ='FICHE PRODUIT'!$E$260 -> OCEAN SURPLUS | I75: ='FICHE PRODUIT'!$E$262 -> FALSE | J75: ='FICHE PRODUIT'!$E$264 -> Gilet | K75: ='FICHE PRODUIT'!$E$265 -> Marius | L75: ='FICHE PRODUIT'!$E$267 -> 55 | M75: ='FICHE PRODUIT'!$E$268 -> 29.342 | N75: ='FICHE PRODUIT'!$E$270 -> 84.342 | O75: ='FICHE PRODUIT'!$E$271 -> 3.8533589 | P75: ='FICHE PRODUIT'!$E$273 -> 325 | Q75: ='FICHE PRODUIT'!$E$274 -> 130 | R75: ='FICHE PRODUIT'!$E$275 -> 147.72727 | S75: ='FICHE PRODUIT'!$E$276 -> 46162 | T75: ='FICHE PRODUIT'!A285 -> 0 | U75: ='FICHE PRODUIT'!B285 -> 0 | V75: ='FICHE PRODUIT'!C285 -> 0 | W75: ='FICHE PRODUIT'!D285 -> 0 | X75: ='FICHE PRODUIT'!E285 -> 0 | Y75: ='FICHE PRODUIT'!F285 -> 0 | Z75: ='FICHE PRODUIT'!G285 -> 0 | AA75: ='FICHE PRODUIT'!H285 -> 0
A76: ='FICHE PRODUIT'!$A$254 -> MARIUS PDG W | B76: ='FICHE PRODUIT'!$H$254 -> Brown / Orange | C76: ='FICHE PRODUIT'!$S$254 -> W26-27 | D76: ='FICHE PRODUIT'!$Q$254 -> 0 | E76: ='FICHE PRODUIT'!$S$256 -> PROTO | F76: ='FICHE PRODUIT'!$E$258 -> Page 16 | G76: ='FICHE PRODUIT'!$E$259 -> TO DO | H76: ='FICHE PRODUIT'!$E$260 -> OCEAN SURPLUS | I76: ='FICHE PRODUIT'!$E$262 -> FALSE | J76: ='FICHE PRODUIT'!$E$264 -> Gilet | K76: ='FICHE PRODUIT'!$E$265 -> Marius | L76: ='FICHE PRODUIT'!$E$267 -> 55 | M76: ='FICHE PRODUIT'!$E$268 -> 29.342 | N76: ='FICHE PRODUIT'!$E$270 -> 84.342 | O76: ='FICHE PRODUIT'!$E$271 -> 3.8533589 | P76: ='FICHE PRODUIT'!$E$273 -> 325 | Q76: ='FICHE PRODUIT'!$E$274 -> 130 | R76: ='FICHE PRODUIT'!$E$275 -> 147.72727 | S76: ='FICHE PRODUIT'!$E$276 -> 46162 | T76: ='FICHE PRODUIT'!A286 -> 0 | U76: ='FICHE PRODUIT'!B286 -> 0 | V76: ='FICHE PRODUIT'!C286 -> 0 | W76: ='FICHE PRODUIT'!D286 -> 0 | X76: ='FICHE PRODUIT'!E286 -> 0 | Y76: ='FICHE PRODUIT'!F286 -> 0 | Z76: ='FICHE PRODUIT'!G286 -> 0 | AA76: ='FICHE PRODUIT'!H286 -> 0
A77: ='FICHE PRODUIT'!$A$254 -> MARIUS PDG W | B77: ='FICHE PRODUIT'!$H$254 -> Brown / Orange | C77: ='FICHE PRODUIT'!$S$254 -> W26-27 | D77: ='FICHE PRODUIT'!$Q$254 -> 0 | E77: ='FICHE PRODUIT'!$S$256 -> PROTO | F77: ='FICHE PRODUIT'!$E$258 -> Page 16 | G77: ='FICHE PRODUIT'!$E$259 -> TO DO | H77: ='FICHE PRODUIT'!$E$260 -> OCEAN SURPLUS | I77: ='FICHE PRODUIT'!$E$262 -> FALSE | J77: ='FICHE PRODUIT'!$E$264 -> Gilet | K77: ='FICHE PRODUIT'!$E$265 -> Marius | L77: ='FICHE PRODUIT'!$E$267 -> 55 | M77: ='FICHE PRODUIT'!$E$268 -> 29.342 | N77: ='FICHE PRODUIT'!$E$270 -> 84.342 | O77: ='FICHE PRODUIT'!$E$271 -> 3.8533589 | P77: ='FICHE PRODUIT'!$E$273 -> 325 | Q77: ='FICHE PRODUIT'!$E$274 -> 130 | R77: ='FICHE PRODUIT'!$E$275 -> 147.72727 | S77: ='FICHE PRODUIT'!$E$276 -> 46162 | T77: ='FICHE PRODUIT'!A287 -> 0 | U77: ='FICHE PRODUIT'!B287 -> 0 | V77: ='FICHE PRODUIT'!C287 -> 0 | W77: ='FICHE PRODUIT'!D287 -> 0 | X77: ='FICHE PRODUIT'!E287 -> 0 | Y77: ='FICHE PRODUIT'!F287 -> 0 | Z77: ='FICHE PRODUIT'!G287 -> 0 | AA77: ='FICHE PRODUIT'!H287 -> 0
A78: ='FICHE PRODUIT'!$A$254 -> MARIUS PDG W | B78: ='FICHE PRODUIT'!$H$254 -> Brown / Orange | C78: ='FICHE PRODUIT'!$S$254 -> W26-27 | D78: ='FICHE PRODUIT'!$Q$254 -> 0 | E78: ='FICHE PRODUIT'!$S$256 -> PROTO | F78: ='FICHE PRODUIT'!$E$258 -> Page 16 | G78: ='FICHE PRODUIT'!$E$259 -> TO DO | H78: ='FICHE PRODUIT'!$E$260 -> OCEAN SURPLUS | I78: ='FICHE PRODUIT'!$E$262 -> FALSE | J78: ='FICHE PRODUIT'!$E$264 -> Gilet | K78: ='FICHE PRODUIT'!$E$265 -> Marius | L78: ='FICHE PRODUIT'!$E$267 -> 55 | M78: ='FICHE PRODUIT'!$E$268 -> 29.342 | N78: ='FICHE PRODUIT'!$E$270 -> 84.342 | O78: ='FICHE PRODUIT'!$E$271 -> 3.8533589 | P78: ='FICHE PRODUIT'!$E$273 -> 325 | Q78: ='FICHE PRODUIT'!$E$274 -> 130 | R78: ='FICHE PRODUIT'!$E$275 -> 147.72727 | S78: ='FICHE PRODUIT'!$E$276 -> 46162 | T78: ='FICHE PRODUIT'!A288 -> 0 | U78: ='FICHE PRODUIT'!B288 -> 0 | V78: ='FICHE PRODUIT'!C288 -> 0 | W78: ='FICHE PRODUIT'!D288 -> 0 | X78: ='FICHE PRODUIT'!E288 -> 0 | Y78: ='FICHE PRODUIT'!F288 -> 0 | Z78: ='FICHE PRODUIT'!G288 -> 0 | AA78: ='FICHE PRODUIT'!H288 -> 0
A79: ='FICHE PRODUIT'!$A$254 -> MARIUS PDG W | B79: ='FICHE PRODUIT'!$H$254 -> Brown / Orange | C79: ='FICHE PRODUIT'!$S$254 -> W26-27 | D79: ='FICHE PRODUIT'!$Q$254 -> 0 | E79: ='FICHE PRODUIT'!$S$256 -> PROTO | F79: ='FICHE PRODUIT'!$E$258 -> Page 16 | G79: ='FICHE PRODUIT'!$E$259 -> TO DO | H79: ='FICHE PRODUIT'!$E$260 -> OCEAN SURPLUS | I79: ='FICHE PRODUIT'!$E$262 -> FALSE | J79: ='FICHE PRODUIT'!$E$264 -> Gilet | K79: ='FICHE PRODUIT'!$E$265 -> Marius | L79: ='FICHE PRODUIT'!$E$267 -> 55 | M79: ='FICHE PRODUIT'!$E$268 -> 29.342 | N79: ='FICHE PRODUIT'!$E$270 -> 84.342 | O79: ='FICHE PRODUIT'!$E$271 -> 3.8533589 | P79: ='FICHE PRODUIT'!$E$273 -> 325 | Q79: ='FICHE PRODUIT'!$E$274 -> 130 | R79: ='FICHE PRODUIT'!$E$275 -> 147.72727 | S79: ='FICHE PRODUIT'!$E$276 -> 46162 | T79: ='FICHE PRODUIT'!A289 -> 0 | U79: ='FICHE PRODUIT'!B289 -> 0 | V79: ='FICHE PRODUIT'!C289 -> 0 | W79: ='FICHE PRODUIT'!D289 -> 0 | X79: ='FICHE PRODUIT'!E289 -> 0 | Y79: ='FICHE PRODUIT'!F289 -> 0 | Z79: ='FICHE PRODUIT'!G289 -> 0 | AA79: ='FICHE PRODUIT'!H289 -> 0
A80: ='FICHE PRODUIT'!$A$254 -> MARIUS PDG W | B80: ='FICHE PRODUIT'!$H$254 -> Brown / Orange | C80: ='FICHE PRODUIT'!$S$254 -> W26-27 | D80: ='FICHE PRODUIT'!$Q$254 -> 0 | E80: ='FICHE PRODUIT'!$S$256 -> PROTO | F80: ='FICHE PRODUIT'!$E$258 -> Page 16 | G80: ='FICHE PRODUIT'!$E$259 -> TO DO | H80: ='FICHE PRODUIT'!$E$260 -> OCEAN SURPLUS | I80: ='FICHE PRODUIT'!$E$262 -> FALSE | J80: ='FICHE PRODUIT'!$E$264 -> Gilet | K80: ='FICHE PRODUIT'!$E$265 -> Marius | L80: ='FICHE PRODUIT'!$E$267 -> 55 | M80: ='FICHE PRODUIT'!$E$268 -> 29.342 | N80: ='FICHE PRODUIT'!$E$270 -> 84.342 | O80: ='FICHE PRODUIT'!$E$271 -> 3.8533589 | P80: ='FICHE PRODUIT'!$E$273 -> 325 | Q80: ='FICHE PRODUIT'!$E$274 -> 130 | R80: ='FICHE PRODUIT'!$E$275 -> 147.72727 | S80: ='FICHE PRODUIT'!$E$276 -> 46162 | T80: ='FICHE PRODUIT'!A290 -> 0 | U80: ='FICHE PRODUIT'!B290 -> 0 | V80: ='FICHE PRODUIT'!C290 -> 0 | W80: ='FICHE PRODUIT'!D290 -> 0 | X80: ='FICHE PRODUIT'!E290 -> 0 | Y80: ='FICHE PRODUIT'!F290 -> 0 | Z80: ='FICHE PRODUIT'!G290 -> 0 | AA80: ='FICHE PRODUIT'!H290 -> 0
A81: ='FICHE PRODUIT'!$A$254 -> MARIUS PDG W | B81: ='FICHE PRODUIT'!$H$254 -> Brown / Orange | C81: ='FICHE PRODUIT'!$S$254 -> W26-27 | D81: ='FICHE PRODUIT'!$Q$254 -> 0 | E81: ='FICHE PRODUIT'!$S$256 -> PROTO | F81: ='FICHE PRODUIT'!$E$258 -> Page 16 | G81: ='FICHE PRODUIT'!$E$259 -> TO DO | H81: ='FICHE PRODUIT'!$E$260 -> OCEAN SURPLUS | I81: ='FICHE PRODUIT'!$E$262 -> FALSE | J81: ='FICHE PRODUIT'!$E$264 -> Gilet | K81: ='FICHE PRODUIT'!$E$265 -> Marius | L81: ='FICHE PRODUIT'!$E$267 -> 55 | M81: ='FICHE PRODUIT'!$E$268 -> 29.342 | N81: ='FICHE PRODUIT'!$E$270 -> 84.342 | O81: ='FICHE PRODUIT'!$E$271 -> 3.8533589 | P81: ='FICHE PRODUIT'!$E$273 -> 325 | Q81: ='FICHE PRODUIT'!$E$274 -> 130 | R81: ='FICHE PRODUIT'!$E$275 -> 147.72727 | S81: ='FICHE PRODUIT'!$E$276 -> 46162 | T81: ='FICHE PRODUIT'!A291 -> 0 | U81: ='FICHE PRODUIT'!B291 -> 0 | V81: ='FICHE PRODUIT'!C291 -> 0 | W81: ='FICHE PRODUIT'!D291 -> 0 | X81: ='FICHE PRODUIT'!E291 -> 0 | Y81: ='FICHE PRODUIT'!F291 -> 0 | Z81: ='FICHE PRODUIT'!G291 -> 0 | AA81: ='FICHE PRODUIT'!H291 -> 0
A82: ='FICHE PRODUIT'!$A$254 -> MARIUS PDG W | B82: ='FICHE PRODUIT'!$H$254 -> Brown / Orange | C82: ='FICHE PRODUIT'!$S$254 -> W26-27 | D82: ='FICHE PRODUIT'!$Q$254 -> 0 | E82: ='FICHE PRODUIT'!$S$256 -> PROTO | F82: ='FICHE PRODUIT'!$E$258 -> Page 16 | G82: ='FICHE PRODUIT'!$E$259 -> TO DO | H82: ='FICHE PRODUIT'!$E$260 -> OCEAN SURPLUS | I82: ='FICHE PRODUIT'!$E$262 -> FALSE | J82: ='FICHE PRODUIT'!$E$264 -> Gilet | K82: ='FICHE PRODUIT'!$E$265 -> Marius | L82: ='FICHE PRODUIT'!$E$267 -> 55 | M82: ='FICHE PRODUIT'!$E$268 -> 29.342 | N82: ='FICHE PRODUIT'!$E$270 -> 84.342 | O82: ='FICHE PRODUIT'!$E$271 -> 3.8533589 | P82: ='FICHE PRODUIT'!$E$273 -> 325 | Q82: ='FICHE PRODUIT'!$E$274 -> 130 | R82: ='FICHE PRODUIT'!$E$275 -> 147.72727 | S82: ='FICHE PRODUIT'!$E$276 -> 46162 | T82: ='FICHE PRODUIT'!A292 -> 0 | U82: ='FICHE PRODUIT'!B292 -> 0 | V82: ='FICHE PRODUIT'!C292 -> 0 | W82: ='FICHE PRODUIT'!D292 -> 0 | X82: ='FICHE PRODUIT'!E292 -> 0 | Y82: ='FICHE PRODUIT'!F292 -> 0 | Z82: ='FICHE PRODUIT'!G292 -> 0 | AA82: ='FICHE PRODUIT'!H292 -> 0
... A85: ='FICHE PRODUIT'!$A$254 -> MARIUS PDG W | B85: ='FICHE PRODUIT'!$H$254 -> Brown / Orange | C85: ='FICHE PRODUIT'!$S$254 -> W26-27 | D85: ='FICHE PRODUIT'!$Q$254 -> 0 | E85: ='FICHE PRODUIT'!$S$256 -> PROTO | F85: ='FICHE PRODUIT'!$E$258 -> Page 16 | G85: ='FICHE PRODUIT'!$E$259 -> TO DO | H85: ='FICHE PRODUIT'!$E$260 -> OCEAN SURPLUS | I85: ='FICHE PRODUIT'!$E$262 -> FALSE | J85: ='FICHE PRODUIT'!$E$264 -> Gilet | K85: ='FICHE PRODUIT'!$E$265 -> Marius | L85: ='FICHE PRODUIT'!$E$267 -> 55 | M85: ='FICHE PRODUIT'!$E$268 -> 29.342 | N85: ='FICHE PRODUIT'!$E$270 -> 84.342 | O85: ='FICHE PRODUIT'!$E$271 -> 3.8533589 | P85: ='FICHE PRODUIT'!$E$273 -> 325 | Q85: ='FICHE PRODUIT'!$E$274 -> 130 | R85: ='FICHE PRODUIT'!$E$275 -> 147.72727 | S85: ='FICHE PRODUIT'!$E$276 -> 46162 | T85: ='FICHE PRODUIT'!A295 -> Frais externe | U85: ='FICHE PRODUIT'!B295 -> Communication | V85: ='FICHE PRODUIT'!C295 -> Marketing | W85: ='FICHE PRODUIT'!D295 -> 1 | X85: ='FICHE PRODUIT'!E295 -> 50 | Y85: ='FICHE PRODUIT'!F295 -> 0.5 | Z85: ='FICHE PRODUIT'!G295 -> 0.5 | AA85: ='FICHE PRODUIT'!H295 -> 25
A86: ='FICHE PRODUIT'!$A$297 -> MARIUS PKT PDG W | B86: ='FICHE PRODUIT'!$H$297 -> Gray / Blue | C86: ='FICHE PRODUIT'!$S$297 -> W26-27 | D86: ='FICHE PRODUIT'!$Q$297 -> 0 | E86: ='FICHE PRODUIT'!$S$299 -> PROTO | F86: ='FICHE PRODUIT'!$E$301 -> Page 17 | G86: ='FICHE PRODUIT'!$E$302 -> TO DO | H86: ='FICHE PRODUIT'!$E$303 -> OCEAN SURPLUS | I86: ='FICHE PRODUIT'!$E$305 -> FALSE | J86: ='FICHE PRODUIT'!$E$307 -> Gilet | K86: ='FICHE PRODUIT'!$E$308 -> Marius | L86: ='FICHE PRODUIT'!$E$310 -> 55 | M86: ='FICHE PRODUIT'!$E$311 -> 12.5 | N86: ='FICHE PRODUIT'!$E$313 -> 67.5 | O86: ='FICHE PRODUIT'!$E$314 -> 4.8148148 | P86: ='FICHE PRODUIT'!$E$316 -> 325 | Q86: ='FICHE PRODUIT'!$E$317 -> 130 | R86: ='FICHE PRODUIT'!$E$318 -> 147.72727 | S86: ='FICHE PRODUIT'!$E$319 -> 46162 | T86: ='FICHE PRODUIT'!A324 -> FABRIC | U86: ='FICHE PRODUIT'!B324 -> MALLALEUS | V86: ='FICHE PRODUIT'!C324 -> M5103 DENIM 4 - 100% Wool Pure 5744 / IA | W86: ='FICHE PRODUIT'!D324 -> 0.8 | X86: ='FICHE PRODUIT'!E324 -> 0 | Y86: ='FICHE PRODUIT'!F324 -> 0 | Z86: ='FICHE PRODUIT'!G324 -> 0 | AA86: ='FICHE PRODUIT'!H324 -> 0
A87: ='FICHE PRODUIT'!$A$297 -> MARIUS PKT PDG W | B87: ='FICHE PRODUIT'!$H$297 -> Gray / Blue | C87: ='FICHE PRODUIT'!$S$297 -> W26-27 | D87: ='FICHE PRODUIT'!$Q$297 -> 0 | E87: ='FICHE PRODUIT'!$S$299 -> PROTO | F87: ='FICHE PRODUIT'!$E$301 -> Page 17 | G87: ='FICHE PRODUIT'!$E$302 -> TO DO | H87: ='FICHE PRODUIT'!$E$303 -> OCEAN SURPLUS | I87: ='FICHE PRODUIT'!$E$305 -> FALSE | J87: ='FICHE PRODUIT'!$E$307 -> Gilet | K87: ='FICHE PRODUIT'!$E$308 -> Marius | L87: ='FICHE PRODUIT'!$E$310 -> 55 | M87: ='FICHE PRODUIT'!$E$311 -> 12.5 | N87: ='FICHE PRODUIT'!$E$313 -> 67.5 | O87: ='FICHE PRODUIT'!$E$314 -> 4.8148148 | P87: ='FICHE PRODUIT'!$E$316 -> 325 | Q87: ='FICHE PRODUIT'!$E$317 -> 130 | R87: ='FICHE PRODUIT'!$E$318 -> 147.72727 | S87: ='FICHE PRODUIT'!$E$319 -> 46162 | T87: ='FICHE PRODUIT'!A325 -> 0 | U87: ='FICHE PRODUIT'!B325 -> 0 | V87: ='FICHE PRODUIT'!C325 -> 0 | W87: ='FICHE PRODUIT'!D325 -> 0 | X87: ='FICHE PRODUIT'!E325 -> 0 | Y87: ='FICHE PRODUIT'!F325 -> 0 | Z87: ='FICHE PRODUIT'!G325 -> 0 | AA87: ='FICHE PRODUIT'!H325 -> 0
A88: ='FICHE PRODUIT'!$A$297 -> MARIUS PKT PDG W | B88: ='FICHE PRODUIT'!$H$297 -> Gray / Blue | C88: ='FICHE PRODUIT'!$S$297 -> W26-27 | D88: ='FICHE PRODUIT'!$Q$297 -> 0 | E88: ='FICHE PRODUIT'!$S$299 -> PROTO | F88: ='FICHE PRODUIT'!$E$301 -> Page 17 | G88: ='FICHE PRODUIT'!$E$302 -> TO DO | H88: ='FICHE PRODUIT'!$E$303 -> OCEAN SURPLUS | I88: ='FICHE PRODUIT'!$E$305 -> FALSE | J88: ='FICHE PRODUIT'!$E$307 -> Gilet | K88: ='FICHE PRODUIT'!$E$308 -> Marius | L88: ='FICHE PRODUIT'!$E$310 -> 55 | M88: ='FICHE PRODUIT'!$E$311 -> 12.5 | N88: ='FICHE PRODUIT'!$E$313 -> 67.5 | O88: ='FICHE PRODUIT'!$E$314 -> 4.8148148 | P88: ='FICHE PRODUIT'!$E$316 -> 325 | Q88: ='FICHE PRODUIT'!$E$317 -> 130 | R88: ='FICHE PRODUIT'!$E$318 -> 147.72727 | S88: ='FICHE PRODUIT'!$E$319 -> 46162 | T88: ='FICHE PRODUIT'!A326 -> 0 | U88: ='FICHE PRODUIT'!B326 -> 0 | V88: ='FICHE PRODUIT'!C326 -> 0 | W88: ='FICHE PRODUIT'!D326 -> 0 | X88: ='FICHE PRODUIT'!E326 -> 0 | Y88: ='FICHE PRODUIT'!F326 -> 0 | Z88: ='FICHE PRODUIT'!G326 -> 0 | AA88: ='FICHE PRODUIT'!H326 -> 0
A89: ='FICHE PRODUIT'!$A$297 -> MARIUS PKT PDG W | B89: ='FICHE PRODUIT'!$H$297 -> Gray / Blue | C89: ='FICHE PRODUIT'!$S$297 -> W26-27 | D89: ='FICHE PRODUIT'!$Q$297 -> 0 | E89: ='FICHE PRODUIT'!$S$299 -> PROTO | F89: ='FICHE PRODUIT'!$E$301 -> Page 17 | G89: ='FICHE PRODUIT'!$E$302 -> TO DO | H89: ='FICHE PRODUIT'!$E$303 -> OCEAN SURPLUS | I89: ='FICHE PRODUIT'!$E$305 -> FALSE | J89: ='FICHE PRODUIT'!$E$307 -> Gilet | K89: ='FICHE PRODUIT'!$E$308 -> Marius | L89: ='FICHE PRODUIT'!$E$310 -> 55 | M89: ='FICHE PRODUIT'!$E$311 -> 12.5 | N89: ='FICHE PRODUIT'!$E$313 -> 67.5 | O89: ='FICHE PRODUIT'!$E$314 -> 4.8148148 | P89: ='FICHE PRODUIT'!$E$316 -> 325 | Q89: ='FICHE PRODUIT'!$E$317 -> 130 | R89: ='FICHE PRODUIT'!$E$318 -> 147.72727 | S89: ='FICHE PRODUIT'!$E$319 -> 46162 | T89: ='FICHE PRODUIT'!A327 -> 0 | U89: ='FICHE PRODUIT'!B327 -> 0 | V89: ='FICHE PRODUIT'!C327 -> 0 | W89: ='FICHE PRODUIT'!D327 -> 0 | X89: ='FICHE PRODUIT'!E327 -> 0 | Y89: ='FICHE PRODUIT'!F327 -> 0 | Z89: ='FICHE PRODUIT'!G327 -> 0 | AA89: ='FICHE PRODUIT'!H327 -> 0
A90: ='FICHE PRODUIT'!$A$297 -> MARIUS PKT PDG W | B90: ='FICHE PRODUIT'!$H$297 -> Gray / Blue | C90: ='FICHE PRODUIT'!$S$297 -> W26-27 | D90: ='FICHE PRODUIT'!$Q$297 -> 0 | E90: ='FICHE PRODUIT'!$S$299 -> PROTO | F90: ='FICHE PRODUIT'!$E$301 -> Page 17 | G90: ='FICHE PRODUIT'!$E$302 -> TO DO | H90: ='FICHE PRODUIT'!$E$303 -> OCEAN SURPLUS | I90: ='FICHE PRODUIT'!$E$305 -> FALSE | J90: ='FICHE PRODUIT'!$E$307 -> Gilet | K90: ='FICHE PRODUIT'!$E$308 -> Marius | L90: ='FICHE PRODUIT'!$E$310 -> 55 | M90: ='FICHE PRODUIT'!$E$311 -> 12.5 | N90: ='FICHE PRODUIT'!$E$313 -> 67.5 | O90: ='FICHE PRODUIT'!$E$314 -> 4.8148148 | P90: ='FICHE PRODUIT'!$E$316 -> 325 | Q90: ='FICHE PRODUIT'!$E$317 -> 130 | R90: ='FICHE PRODUIT'!$E$318 -> 147.72727 | S90: ='FICHE PRODUIT'!$E$319 -> 46162 | T90: ='FICHE PRODUIT'!A328 -> 0 | U90: ='FICHE PRODUIT'!B328 -> 0 | V90: ='FICHE PRODUIT'!C328 -> 0 | W90: ='FICHE PRODUIT'!D328 -> 0 | X90: ='FICHE PRODUIT'!E328 -> 0 | Y90: ='FICHE PRODUIT'!F328 -> 0 | Z90: ='FICHE PRODUIT'!G328 -> 0 | AA90: ='FICHE PRODUIT'!H328 -> 0
A91: ='FICHE PRODUIT'!$A$297 -> MARIUS PKT PDG W | B91: ='FICHE PRODUIT'!$H$297 -> Gray / Blue | C91: ='FICHE PRODUIT'!$S$297 -> W26-27 | D91: ='FICHE PRODUIT'!$Q$297 -> 0 | E91: ='FICHE PRODUIT'!$S$299 -> PROTO | F91: ='FICHE PRODUIT'!$E$301 -> Page 17 | G91: ='FICHE PRODUIT'!$E$302 -> TO DO | H91: ='FICHE PRODUIT'!$E$303 -> OCEAN SURPLUS | I91: ='FICHE PRODUIT'!$E$305 -> FALSE | J91: ='FICHE PRODUIT'!$E$307 -> Gilet | K91: ='FICHE PRODUIT'!$E$308 -> Marius | L91: ='FICHE PRODUIT'!$E$310 -> 55 | M91: ='FICHE PRODUIT'!$E$311 -> 12.5 | N91: ='FICHE PRODUIT'!$E$313 -> 67.5 | O91: ='FICHE PRODUIT'!$E$314 -> 4.8148148 | P91: ='FICHE PRODUIT'!$E$316 -> 325 | Q91: ='FICHE PRODUIT'!$E$317 -> 130 | R91: ='FICHE PRODUIT'!$E$318 -> 147.72727 | S91: ='FICHE PRODUIT'!$E$319 -> 46162 | T91: ='FICHE PRODUIT'!A329 -> 0 | U91: ='FICHE PRODUIT'!B329 -> 0 | V91: ='FICHE PRODUIT'!C329 -> 0 | W91: ='FICHE PRODUIT'!D329 -> 0 | X91: ='FICHE PRODUIT'!E329 -> 0 | Y91: ='FICHE PRODUIT'!F329 -> 0 | Z91: ='FICHE PRODUIT'!G329 -> 0 | AA91: ='FICHE PRODUIT'!H329 -> 0
A92: ='FICHE PRODUIT'!$A$297 -> MARIUS PKT PDG W | B92: ='FICHE PRODUIT'!$H$297 -> Gray / Blue | C92: ='FICHE PRODUIT'!$S$297 -> W26-27 | D92: ='FICHE PRODUIT'!$Q$297 -> 0 | E92: ='FICHE PRODUIT'!$S$299 -> PROTO | F92: ='FICHE PRODUIT'!$E$301 -> Page 17 | G92: ='FICHE PRODUIT'!$E$302 -> TO DO | H92: ='FICHE PRODUIT'!$E$303 -> OCEAN SURPLUS | I92: ='FICHE PRODUIT'!$E$305 -> FALSE | J92: ='FICHE PRODUIT'!$E$307 -> Gilet | K92: ='FICHE PRODUIT'!$E$308 -> Marius | L92: ='FICHE PRODUIT'!$E$310 -> 55 | M92: ='FICHE PRODUIT'!$E$311 -> 12.5 | N92: ='FICHE PRODUIT'!$E$313 -> 67.5 | O92: ='FICHE PRODUIT'!$E$314 -> 4.8148148 | P92: ='FICHE PRODUIT'!$E$316 -> 325 | Q92: ='FICHE PRODUIT'!$E$317 -> 130 | R92: ='FICHE PRODUIT'!$E$318 -> 147.72727 | S92: ='FICHE PRODUIT'!$E$319 -> 46162 | T92: ='FICHE PRODUIT'!A330 -> 0 | U92: ='FICHE PRODUIT'!B330 -> 0 | V92: ='FICHE PRODUIT'!C330 -> 0 | W92: ='FICHE PRODUIT'!D330 -> 0 | X92: ='FICHE PRODUIT'!E330 -> 0 | Y92: ='FICHE PRODUIT'!F330 -> 0 | Z92: ='FICHE PRODUIT'!G330 -> 0 | AA92: ='FICHE PRODUIT'!H330 -> 0
A93: ='FICHE PRODUIT'!$A$297 -> MARIUS PKT PDG W | B93: ='FICHE PRODUIT'!$H$297 -> Gray / Blue | C93: ='FICHE PRODUIT'!$S$297 -> W26-27 | D93: ='FICHE PRODUIT'!$Q$297 -> 0 | E93: ='FICHE PRODUIT'!$S$299 -> PROTO | F93: ='FICHE PRODUIT'!$E$301 -> Page 17 | G93: ='FICHE PRODUIT'!$E$302 -> TO DO | H93: ='FICHE PRODUIT'!$E$303 -> OCEAN SURPLUS | I93: ='FICHE PRODUIT'!$E$305 -> FALSE | J93: ='FICHE PRODUIT'!$E$307 -> Gilet | K93: ='FICHE PRODUIT'!$E$308 -> Marius | L93: ='FICHE PRODUIT'!$E$310 -> 55 | M93: ='FICHE PRODUIT'!$E$311 -> 12.5 | N93: ='FICHE PRODUIT'!$E$313 -> 67.5 | O93: ='FICHE PRODUIT'!$E$314 -> 4.8148148 | P93: ='FICHE PRODUIT'!$E$316 -> 325 | Q93: ='FICHE PRODUIT'!$E$317 -> 130 | R93: ='FICHE PRODUIT'!$E$318 -> 147.72727 | S93: ='FICHE PRODUIT'!$E$319 -> 46162 | T93: ='FICHE PRODUIT'!A331 -> 0 | U93: ='FICHE PRODUIT'!B331 -> 0 | V93: ='FICHE PRODUIT'!C331 -> 0 | W93: ='FICHE PRODUIT'!D331 -> 0 | X93: ='FICHE PRODUIT'!E331 -> 0 | Y93: ='FICHE PRODUIT'!F331 -> 0 | Z93: ='FICHE PRODUIT'!G331 -> 0 | AA93: ='FICHE PRODUIT'!H331 -> 0
A94: ='FICHE PRODUIT'!$A$297 -> MARIUS PKT PDG W | B94: ='FICHE PRODUIT'!$H$297 -> Gray / Blue | C94: ='FICHE PRODUIT'!$S$297 -> W26-27 | D94: ='FICHE PRODUIT'!$Q$297 -> 0 | E94: ='FICHE PRODUIT'!$S$299 -> PROTO | F94: ='FICHE PRODUIT'!$E$301 -> Page 17 | G94: ='FICHE PRODUIT'!$E$302 -> TO DO | H94: ='FICHE PRODUIT'!$E$303 -> OCEAN SURPLUS | I94: ='FICHE PRODUIT'!$E$305 -> FALSE | J94: ='FICHE PRODUIT'!$E$307 -> Gilet | K94: ='FICHE PRODUIT'!$E$308 -> Marius | L94: ='FICHE PRODUIT'!$E$310 -> 55 | M94: ='FICHE PRODUIT'!$E$311 -> 12.5 | N94: ='FICHE PRODUIT'!$E$313 -> 67.5 | O94: ='FICHE PRODUIT'!$E$314 -> 4.8148148 | P94: ='FICHE PRODUIT'!$E$316 -> 325 | Q94: ='FICHE PRODUIT'!$E$317 -> 130 | R94: ='FICHE PRODUIT'!$E$318 -> 147.72727 | S94: ='FICHE PRODUIT'!$E$319 -> 46162 | T94: ='FICHE PRODUIT'!A332 -> 0 | U94: ='FICHE PRODUIT'!B332 -> 0 | V94: ='FICHE PRODUIT'!C332 -> 0 | W94: ='FICHE PRODUIT'!D332 -> 0 | X94: ='FICHE PRODUIT'!E332 -> 0 | Y94: ='FICHE PRODUIT'!F332 -> 0 | Z94: ='FICHE PRODUIT'!G332 -> 0 | AA94: ='FICHE PRODUIT'!H332 -> 0
A95: ='FICHE PRODUIT'!$A$297 -> MARIUS PKT PDG W | B95: ='FICHE PRODUIT'!$H$297 -> Gray / Blue | C95: ='FICHE PRODUIT'!$S$297 -> W26-27 | D95: ='FICHE PRODUIT'!$Q$297 -> 0 | E95: ='FICHE PRODUIT'!$S$299 -> PROTO | F95: ='FICHE PRODUIT'!$E$301 -> Page 17 | G95: ='FICHE PRODUIT'!$E$302 -> TO DO | H95: ='FICHE PRODUIT'!$E$303 -> OCEAN SURPLUS | I95: ='FICHE PRODUIT'!$E$305 -> FALSE | J95: ='FICHE PRODUIT'!$E$307 -> Gilet | K95: ='FICHE PRODUIT'!$E$308 -> Marius | L95: ='FICHE PRODUIT'!$E$310 -> 55 | M95: ='FICHE PRODUIT'!$E$311 -> 12.5 | N95: ='FICHE PRODUIT'!$E$313 -> 67.5 | O95: ='FICHE PRODUIT'!$E$314 -> 4.8148148 | P95: ='FICHE PRODUIT'!$E$316 -> 325 | Q95: ='FICHE PRODUIT'!$E$317 -> 130 | R95: ='FICHE PRODUIT'!$E$318 -> 147.72727 | S95: ='FICHE PRODUIT'!$E$319 -> 46162 | T95: ='FICHE PRODUIT'!A333 -> 0 | U95: ='FICHE PRODUIT'!B333 -> 0 | V95: ='FICHE PRODUIT'!C333 -> 0 | W95: ='FICHE PRODUIT'!D333 -> 0 | X95: ='FICHE PRODUIT'!E333 -> 0 | Y95: ='FICHE PRODUIT'!F333 -> 0 | Z95: ='FICHE PRODUIT'!G333 -> 0 | AA95: ='FICHE PRODUIT'!H333 -> 0
A96: ='FICHE PRODUIT'!$A$297 -> MARIUS PKT PDG W | B96: ='FICHE PRODUIT'!$H$297 -> Gray / Blue | C96: ='FICHE PRODUIT'!$S$297 -> W26-27 | D96: ='FICHE PRODUIT'!$Q$297 -> 0 | E96: ='FICHE PRODUIT'!$S$299 -> PROTO | F96: ='FICHE PRODUIT'!$E$301 -> Page 17 | G96: ='FICHE PRODUIT'!$E$302 -> TO DO | H96: ='FICHE PRODUIT'!$E$303 -> OCEAN SURPLUS | I96: ='FICHE PRODUIT'!$E$305 -> FALSE | J96: ='FICHE PRODUIT'!$E$307 -> Gilet | K96: ='FICHE PRODUIT'!$E$308 -> Marius | L96: ='FICHE PRODUIT'!$E$310 -> 55 | M96: ='FICHE PRODUIT'!$E$311 -> 12.5 | N96: ='FICHE PRODUIT'!$E$313 -> 67.5 | O96: ='FICHE PRODUIT'!$E$314 -> 4.8148148 | P96: ='FICHE PRODUIT'!$E$316 -> 325 | Q96: ='FICHE PRODUIT'!$E$317 -> 130 | R96: ='FICHE PRODUIT'!$E$318 -> 147.72727 | S96: ='FICHE PRODUIT'!$E$319 -> 46162 | T96: ='FICHE PRODUIT'!A334 -> 0 | U96: ='FICHE PRODUIT'!B334 -> 0 | V96: ='FICHE PRODUIT'!C334 -> 0 | W96: ='FICHE PRODUIT'!D334 -> 0 | X96: ='FICHE PRODUIT'!E334 -> 0 | Y96: ='FICHE PRODUIT'!F334 -> 0 | Z96: ='FICHE PRODUIT'!G334 -> 0 | AA96: ='FICHE PRODUIT'!H334 -> 0
A97: ='FICHE PRODUIT'!$A$297 -> MARIUS PKT PDG W | B97: ='FICHE PRODUIT'!$H$297 -> Gray / Blue | C97: ='FICHE PRODUIT'!$S$297 -> W26-27 | D97: ='FICHE PRODUIT'!$Q$297 -> 0 | E97: ='FICHE PRODUIT'!$S$299 -> PROTO | F97: ='FICHE PRODUIT'!$E$301 -> Page 17 | G97: ='FICHE PRODUIT'!$E$302 -> TO DO | H97: ='FICHE PRODUIT'!$E$303 -> OCEAN SURPLUS | I97: ='FICHE PRODUIT'!$E$305 -> FALSE | J97: ='FICHE PRODUIT'!$E$307 -> Gilet | K97: ='FICHE PRODUIT'!$E$308 -> Marius | L97: ='FICHE PRODUIT'!$E$310 -> 55 | M97: ='FICHE PRODUIT'!$E$311 -> 12.5 | N97: ='FICHE PRODUIT'!$E$313 -> 67.5 | O97: ='FICHE PRODUIT'!$E$314 -> 4.8148148 | P97: ='FICHE PRODUIT'!$E$316 -> 325 | Q97: ='FICHE PRODUIT'!$E$317 -> 130 | R97: ='FICHE PRODUIT'!$E$318 -> 147.72727 | S97: ='FICHE PRODUIT'!$E$319 -> 46162 | T97: ='FICHE PRODUIT'!A335 -> 0 | U97: ='FICHE PRODUIT'!B335 -> 0 | V97: ='FICHE PRODUIT'!C335 -> 0 | W97: ='FICHE PRODUIT'!D335 -> 0 | X97: ='FICHE PRODUIT'!E335 -> 0 | Y97: ='FICHE PRODUIT'!F335 -> 0 | Z97: ='FICHE PRODUIT'!G335 -> 0 | AA97: ='FICHE PRODUIT'!H335 -> 0
... A100: ='FICHE PRODUIT'!$A$297 -> MARIUS PKT PDG W | B100: ='FICHE PRODUIT'!$H$297 -> Gray / Blue | C100: ='FICHE PRODUIT'!$S$297 -> W26-27 | D100: ='FICHE PRODUIT'!$Q$297 -> 0 | E100: ='FICHE PRODUIT'!$S$299 -> PROTO | F100: ='FICHE PRODUIT'!$E$301 -> Page 17 | G100: ='FICHE PRODUIT'!$E$302 -> TO DO | H100: ='FICHE PRODUIT'!$E$303 -> OCEAN SURPLUS | I100: ='FICHE PRODUIT'!$E$305 -> FALSE | J100: ='FICHE PRODUIT'!$E$307 -> Gilet | K100: ='FICHE PRODUIT'!$E$308 -> Marius | L100: ='FICHE PRODUIT'!$E$310 -> 55 | M100: ='FICHE PRODUIT'!$E$311 -> 12.5 | N100: ='FICHE PRODUIT'!$E$313 -> 67.5 | O100: ='FICHE PRODUIT'!$E$314 -> 4.8148148 | P100: ='FICHE PRODUIT'!$E$316 -> 325 | Q100: ='FICHE PRODUIT'!$E$317 -> 130 | R100: ='FICHE PRODUIT'!$E$318 -> 147.72727 | S100: ='FICHE PRODUIT'!$E$319 -> 46162 | T100: ='FICHE PRODUIT'!A338 -> Frais externe | U100: ='FICHE PRODUIT'!B338 -> Communication | V100: ='FICHE PRODUIT'!C338 -> Marketing | W100: ='FICHE PRODUIT'!D338 -> 1 | X100: ='FICHE PRODUIT'!E338 -> 0 | Y100: ='FICHE PRODUIT'!F338 -> 0.5 | Z100: ='FICHE PRODUIT'!G338 -> 0.5 | AA100: ='FICHE PRODUIT'!H338 -> 0
A101: ='FICHE PRODUIT'!$A$340 -> SLACK PKT PDG W | B101: ='FICHE PRODUIT'!$H$340 -> Brown | C101: ='FICHE PRODUIT'!$S$340 -> W26-27 | D101: ='FICHE PRODUIT'!$Q$340 -> 0 | E101: ='FICHE PRODUIT'!$S$342 -> REPORT / CANCEL | F101: ='FICHE PRODUIT'!$E$344 -> Page 17 | G101: ='FICHE PRODUIT'!$E$345 -> TO DO | H101: ='FICHE PRODUIT'!$E$346 -> OCEAN SURPLUS | I101: ='FICHE PRODUIT'!$E$348 -> FALSE | J101: ='FICHE PRODUIT'!$E$350 -> Gilet | K101: ='FICHE PRODUIT'!$E$351 -> Marius | L101: ='FICHE PRODUIT'!$E$353 -> 55 | M101: ='FICHE PRODUIT'!$E$354 -> 12.5 | N101: ='FICHE PRODUIT'!$E$356 -> 67.5 | O101: ='FICHE PRODUIT'!$E$357 -> 8.8148148 | P101: ='FICHE PRODUIT'!$E$359 -> 595 | Q101: ='FICHE PRODUIT'!$E$360 -> 238 | R101: ='FICHE PRODUIT'!$E$361 -> 270.45455 | S101: ='FICHE PRODUIT'!$E$362 -> 0 | T101: ='FICHE PRODUIT'!A367 -> FABRIC | U101: ='FICHE PRODUIT'!B367 -> ALBANO MORGADO | V101: ='FICHE PRODUIT'!C367 -> 35 16857 X MARRON 005 | W101: ='FICHE PRODUIT'!D367 -> 0.8 | X101: ='FICHE PRODUIT'!E367 -> 0 | Y101: ='FICHE PRODUIT'!F367 -> 0 | Z101: ='FICHE PRODUIT'!G367 -> 0 | AA101: ='FICHE PRODUIT'!H367 -> 0
A102: ='FICHE PRODUIT'!$A$340 -> SLACK PKT PDG W | B102: ='FICHE PRODUIT'!$H$340 -> Brown | C102: ='FICHE PRODUIT'!$S$340 -> W26-27 | D102: ='FICHE PRODUIT'!$Q$340 -> 0 | E102: ='FICHE PRODUIT'!$S$342 -> REPORT / CANCEL | F102: ='FICHE PRODUIT'!$E$344 -> Page 17 | G102: ='FICHE PRODUIT'!$E$345 -> TO DO | H102: ='FICHE PRODUIT'!$E$346 -> OCEAN SURPLUS | I102: ='FICHE PRODUIT'!$E$348 -> FALSE | J102: ='FICHE PRODUIT'!$E$350 -> Gilet | K102: ='FICHE PRODUIT'!$E$351 -> Marius | L102: ='FICHE PRODUIT'!$E$353 -> 55 | M102: ='FICHE PRODUIT'!$E$354 -> 12.5 | N102: ='FICHE PRODUIT'!$E$356 -> 67.5 | O102: ='FICHE PRODUIT'!$E$357 -> 8.8148148 | P102: ='FICHE PRODUIT'!$E$359 -> 595 | Q102: ='FICHE PRODUIT'!$E$360 -> 238 | R102: ='FICHE PRODUIT'!$E$361 -> 270.45455 | S102: ='FICHE PRODUIT'!$E$362 -> 0 | T102: ='FICHE PRODUIT'!A368 -> 0 | U102: ='FICHE PRODUIT'!B368 -> 0 | V102: ='FICHE PRODUIT'!C368 -> 0 | W102: ='FICHE PRODUIT'!D368 -> 0 | X102: ='FICHE PRODUIT'!E368 -> 0 | Y102: ='FICHE PRODUIT'!F368 -> 0 | Z102: ='FICHE PRODUIT'!G368 -> 0 | AA102: ='FICHE PRODUIT'!H368 -> 0
A103: ='FICHE PRODUIT'!$A$340 -> SLACK PKT PDG W | B103: ='FICHE PRODUIT'!$H$340 -> Brown | C103: ='FICHE PRODUIT'!$S$340 -> W26-27 | D103: ='FICHE PRODUIT'!$Q$340 -> 0 | E103: ='FICHE PRODUIT'!$S$342 -> REPORT / CANCEL | F103: ='FICHE PRODUIT'!$E$344 -> Page 17 | G103: ='FICHE PRODUIT'!$E$345 -> TO DO | H103: ='FICHE PRODUIT'!$E$346 -> OCEAN SURPLUS | I103: ='FICHE PRODUIT'!$E$348 -> FALSE | J103: ='FICHE PRODUIT'!$E$350 -> Gilet | K103: ='FICHE PRODUIT'!$E$351 -> Marius | L103: ='FICHE PRODUIT'!$E$353 -> 55 | M103: ='FICHE PRODUIT'!$E$354 -> 12.5 | N103: ='FICHE PRODUIT'!$E$356 -> 67.5 | O103: ='FICHE PRODUIT'!$E$357 -> 8.8148148 | P103: ='FICHE PRODUIT'!$E$359 -> 595 | Q103: ='FICHE PRODUIT'!$E$360 -> 238 | R103: ='FICHE PRODUIT'!$E$361 -> 270.45455 | S103: ='FICHE PRODUIT'!$E$362 -> 0 | T103: ='FICHE PRODUIT'!A369 -> 0 | U103: ='FICHE PRODUIT'!B369 -> 0 | V103: ='FICHE PRODUIT'!C369 -> 0 | W103: ='FICHE PRODUIT'!D369 -> 0 | X103: ='FICHE PRODUIT'!E369 -> 0 | Y103: ='FICHE PRODUIT'!F369 -> 0 | Z103: ='FICHE PRODUIT'!G369 -> 0 | AA103: ='FICHE PRODUIT'!H369 -> 0
A104: ='FICHE PRODUIT'!$A$340 -> SLACK PKT PDG W | B104: ='FICHE PRODUIT'!$H$340 -> Brown | C104: ='FICHE PRODUIT'!$S$340 -> W26-27 | D104: ='FICHE PRODUIT'!$Q$340 -> 0 | E104: ='FICHE PRODUIT'!$S$342 -> REPORT / CANCEL | F104: ='FICHE PRODUIT'!$E$344 -> Page 17 | G104: ='FICHE PRODUIT'!$E$345 -> TO DO | H104: ='FICHE PRODUIT'!$E$346 -> OCEAN SURPLUS | I104: ='FICHE PRODUIT'!$E$348 -> FALSE | J104: ='FICHE PRODUIT'!$E$350 -> Gilet | K104: ='FICHE PRODUIT'!$E$351 -> Marius | L104: ='FICHE PRODUIT'!$E$353 -> 55 | M104: ='FICHE PRODUIT'!$E$354 -> 12.5 | N104: ='FICHE PRODUIT'!$E$356 -> 67.5 | O104: ='FICHE PRODUIT'!$E$357 -> 8.8148148 | P104: ='FICHE PRODUIT'!$E$359 -> 595 | Q104: ='FICHE PRODUIT'!$E$360 -> 238 | R104: ='FICHE PRODUIT'!$E$361 -> 270.45455 | S104: ='FICHE PRODUIT'!$E$362 -> 0 | T104: ='FICHE PRODUIT'!A370 -> 0 | U104: ='FICHE PRODUIT'!B370 -> 0 | V104: ='FICHE PRODUIT'!C370 -> 0 | W104: ='FICHE PRODUIT'!D370 -> 0 | X104: ='FICHE PRODUIT'!E370 -> 0 | Y104: ='FICHE PRODUIT'!F370 -> 0 | Z104: ='FICHE PRODUIT'!G370 -> 0 | AA104: ='FICHE PRODUIT'!H370 -> 0
A105: ='FICHE PRODUIT'!$A$340 -> SLACK PKT PDG W | B105: ='FICHE PRODUIT'!$H$340 -> Brown | C105: ='FICHE PRODUIT'!$S$340 -> W26-27 | D105: ='FICHE PRODUIT'!$Q$340 -> 0 | E105: ='FICHE PRODUIT'!$S$342 -> REPORT / CANCEL | F105: ='FICHE PRODUIT'!$E$344 -> Page 17 | G105: ='FICHE PRODUIT'!$E$345 -> TO DO | H105: ='FICHE PRODUIT'!$E$346 -> OCEAN SURPLUS | I105: ='FICHE PRODUIT'!$E$348 -> FALSE | J105: ='FICHE PRODUIT'!$E$350 -> Gilet | K105: ='FICHE PRODUIT'!$E$351 -> Marius | L105: ='FICHE PRODUIT'!$E$353 -> 55 | M105: ='FICHE PRODUIT'!$E$354 -> 12.5 | N105: ='FICHE PRODUIT'!$E$356 -> 67.5 | O105: ='FICHE PRODUIT'!$E$357 -> 8.8148148 | P105: ='FICHE PRODUIT'!$E$359 -> 595 | Q105: ='FICHE PRODUIT'!$E$360 -> 238 | R105: ='FICHE PRODUIT'!$E$361 -> 270.45455 | S105: ='FICHE PRODUIT'!$E$362 -> 0 | T105: ='FICHE PRODUIT'!A371 -> 0 | U105: ='FICHE PRODUIT'!B371 -> 0 | V105: ='FICHE PRODUIT'!C371 -> 0 | W105: ='FICHE PRODUIT'!D371 -> 0 | X105: ='FICHE PRODUIT'!E371 -> 0 | Y105: ='FICHE PRODUIT'!F371 -> 0 | Z105: ='FICHE PRODUIT'!G371 -> 0 | AA105: ='FICHE PRODUIT'!H371 -> 0
A106: ='FICHE PRODUIT'!$A$340 -> SLACK PKT PDG W | B106: ='FICHE PRODUIT'!$H$340 -> Brown | C106: ='FICHE PRODUIT'!$S$340 -> W26-27 | D106: ='FICHE PRODUIT'!$Q$340 -> 0 | E106: ='FICHE PRODUIT'!$S$342 -> REPORT / CANCEL | F106: ='FICHE PRODUIT'!$E$344 -> Page 17 | G106: ='FICHE PRODUIT'!$E$345 -> TO DO | H106: ='FICHE PRODUIT'!$E$346 -> OCEAN SURPLUS | I106: ='FICHE PRODUIT'!$E$348 -> FALSE | J106: ='FICHE PRODUIT'!$E$350 -> Gilet | K106: ='FICHE PRODUIT'!$E$351 -> Marius | L106: ='FICHE PRODUIT'!$E$353 -> 55 | M106: ='FICHE PRODUIT'!$E$354 -> 12.5 | N106: ='FICHE PRODUIT'!$E$356 -> 67.5 | O106: ='FICHE PRODUIT'!$E$357 -> 8.8148148 | P106: ='FICHE PRODUIT'!$E$359 -> 595 | Q106: ='FICHE PRODUIT'!$E$360 -> 238 | R106: ='FICHE PRODUIT'!$E$361 -> 270.45455 | S106: ='FICHE PRODUIT'!$E$362 -> 0 | T106: ='FICHE PRODUIT'!A372 -> 0 | U106: ='FICHE PRODUIT'!B372 -> 0 | V106: ='FICHE PRODUIT'!C372 -> 0 | W106: ='FICHE PRODUIT'!D372 -> 0 | X106: ='FICHE PRODUIT'!E372 -> 0 | Y106: ='FICHE PRODUIT'!F372 -> 0 | Z106: ='FICHE PRODUIT'!G372 -> 0 | AA106: ='FICHE PRODUIT'!H372 -> 0
A107: ='FICHE PRODUIT'!$A$340 -> SLACK PKT PDG W | B107: ='FICHE PRODUIT'!$H$340 -> Brown | C107: ='FICHE PRODUIT'!$S$340 -> W26-27 | D107: ='FICHE PRODUIT'!$Q$340 -> 0 | E107: ='FICHE PRODUIT'!$S$342 -> REPORT / CANCEL | F107: ='FICHE PRODUIT'!$E$344 -> Page 17 | G107: ='FICHE PRODUIT'!$E$345 -> TO DO | H107: ='FICHE PRODUIT'!$E$346 -> OCEAN SURPLUS | I107: ='FICHE PRODUIT'!$E$348 -> FALSE | J107: ='FICHE PRODUIT'!$E$350 -> Gilet | K107: ='FICHE PRODUIT'!$E$351 -> Marius | L107: ='FICHE PRODUIT'!$E$353 -> 55 | M107: ='FICHE PRODUIT'!$E$354 -> 12.5 | N107: ='FICHE PRODUIT'!$E$356 -> 67.5 | O107: ='FICHE PRODUIT'!$E$357 -> 8.8148148 | P107: ='FICHE PRODUIT'!$E$359 -> 595 | Q107: ='FICHE PRODUIT'!$E$360 -> 238 | R107: ='FICHE PRODUIT'!$E$361 -> 270.45455 | S107: ='FICHE PRODUIT'!$E$362 -> 0 | T107: ='FICHE PRODUIT'!A373 -> 0 | U107: ='FICHE PRODUIT'!B373 -> 0 | V107: ='FICHE PRODUIT'!C373 -> 0 | W107: ='FICHE PRODUIT'!D373 -> 0 | X107: ='FICHE PRODUIT'!E373 -> 0 | Y107: ='FICHE PRODUIT'!F373 -> 0 | Z107: ='FICHE PRODUIT'!G373 -> 0 | AA107: ='FICHE PRODUIT'!H373 -> 0
A108: ='FICHE PRODUIT'!$A$340 -> SLACK PKT PDG W | B108: ='FICHE PRODUIT'!$H$340 -> Brown | C108: ='FICHE PRODUIT'!$S$340 -> W26-27 | D108: ='FICHE PRODUIT'!$Q$340 -> 0 | E108: ='FICHE PRODUIT'!$S$342 -> REPORT / CANCEL | F108: ='FICHE PRODUIT'!$E$344 -> Page 17 | G108: ='FICHE PRODUIT'!$E$345 -> TO DO | H108: ='FICHE PRODUIT'!$E$346 -> OCEAN SURPLUS | I108: ='FICHE PRODUIT'!$E$348 -> FALSE | J108: ='FICHE PRODUIT'!$E$350 -> Gilet | K108: ='FICHE PRODUIT'!$E$351 -> Marius | L108: ='FICHE PRODUIT'!$E$353 -> 55 | M108: ='FICHE PRODUIT'!$E$354 -> 12.5 | N108: ='FICHE PRODUIT'!$E$356 -> 67.5 | O108: ='FICHE PRODUIT'!$E$357 -> 8.8148148 | P108: ='FICHE PRODUIT'!$E$359 -> 595 | Q108: ='FICHE PRODUIT'!$E$360 -> 238 | R108: ='FICHE PRODUIT'!$E$361 -> 270.45455 | S108: ='FICHE PRODUIT'!$E$362 -> 0 | T108: ='FICHE PRODUIT'!A374 -> 0 | U108: ='FICHE PRODUIT'!B374 -> 0 | V108: ='FICHE PRODUIT'!C374 -> 0 | W108: ='FICHE PRODUIT'!D374 -> 0 | X108: ='FICHE PRODUIT'!E374 -> 0 | Y108: ='FICHE PRODUIT'!F374 -> 0 | Z108: ='FICHE PRODUIT'!G374 -> 0 | AA108: ='FICHE PRODUIT'!H374 -> 0
...

Sheet BASE_TECH
A1: FAMILLE | B1: SOUS FAMILLE | E1: {=_xlfn.UNIQUE(_xlfn._xlws.FILTER(B:B, A:A = 'FICHE PRODUIT'!E12, "Pas de résultat"))} -> 0 | H1: TYPE | I1: SUPPLIER2 | J1: REF PRODUCT | K1: Cost / per m | L1: Dernière MAJ | N1: {=_xlfn.UNIQUE(_xlfn._xlws.FILTER(TabFournisseurs[SUPPLIER2], TabFournisseurs[TYPE]=INDIRECT("'FICHE PRODUIT'!A"&CELL("ligne")), "Choisir Type"))} -> Choisir Type | O1: {=_xlfn._xlws.FILTER(TabFournisseurs[REF PRODUCT], (TabFournisseurs[TYPE]=INDIRECT("'FICHE PRODUIT'!A"&CELL("ligne")))*(TabFournisseurs[SUPPLIER2]=INDIRECT("'FICHE PRODUIT'!B"&CELL("ligne"))), "Choisir...")} -> Choisir... | Q1: LISTE DEROULANTE SAMPLE | S1: LISTE DEROULANTE ETAT | U1: COLOR
A2: Blazers | B2: Slack | H2: FABRIC | I2: MARZOTTO | J2: F0065/004 | K2: 22.4 | L2: 46154 | Q2: TO DO | S2: In development | U2: Army Brown
A3: Chemise | H3: FABRIC | I3: AMBASSADOR | J3: SUE225PEC - FAUX SUEDE PECAN | K3: 6.2 | L3: 46210 | Q3: Not need | S3: PROTO | U3: Army Patch
A4: Gilet | B4: Marius | H4: BOUTONS | I4: LOUROPEL | J4: 03040 SIZE 44 COL 21012 | Q4: Done | S4: WAIT QUANTITY | U4: Beige
A5: Gilet | B5: Dandy | H5: FABRIC | I5: HALLEY STEVENSON | J5: 10:10 ARMY DUCK 1275 TAN CRUZ | K5: 18.8 | L5: 46163 | S5: IN PRODUCTION | U5: Bleu
A6: Gilet | B6: Peck | H6: FABRIC | I6: ALBANO MORGADO | J6: 12 16190 I 005 | S6: PRODUCTION FINISH | U6: Brown
A7: Gilet | B7: Matelassé | H7: FABRIC | I7: ALBANO MORGADO | J7: 13 15370 I 002 | K7: 13.8 | L7: 46148 | S7: Sufficient stock | U7: Brut
A8: Pantalon | B8: Jeans | H8: FABRIC | I8: ALBANO MORGADO | J8: 13 15370 I 008 | K8: 13.8 | L8: 46127 | S8: REPORT / CANCEL | U8: Camo
A9: Pantalon | B9: Chino | H9: FABRIC | I9: ALBANO MORGADO | J9: 13 15370 I 015 | K9: 13.8 | L9: 46127 | U9: Caramel
A10: Pantalon | B10: Cargo | H10: FABRIC | I10: ALBANO MORGADO | J10: 13 15370 I 017 | K10: 12.8 | L10: 46148 | U10: Chambray Bleach
A11: Pantalon | B11: Cool pants - Louisiane | H11: FABRIC | I11: ALBANO MORGADO | J11: 13 16190 I 005 | K11: 14.2 | L11: 46162 | U11: Ciel
A12: Pièce à manche | B12: Manteau | H12: FABRIC | I12: ALBANO MORGADO | J12: 15 12987 I 022 | K12: 13.4 | L12: 46148 | U12: Creme
A13: Pièce à manche | B13: Veste | H13: FABRIC | I13: ALBANO MORGADO | J13: 15 13825 I 010 | K13: 13.4 | L13: 46148 | U13: Denim
A14: Polo | H14: FABRIC | I14: ALBANO MORGADO | J14: 15 13825 I 016 | K14: 13.4 | L14: 46148 | U14: Écrue
A15: Surchemise | B15: Wood | H15: FABRIC | I15: ALBANO MORGADO | J15: 15 13825 I 018 | K15: 13.4 | L15: 46148 | U15: Fade out indigo
H16: FABRIC | I16: ALBANO MORGADO | J16: 15 13825 I 029 | K16: 11.9 | L16: 46162 | U16: Gitane
D17: FABRIC | F17: Colonne1 | H17: FABRIC | I17: ALBANO MORGADO | J17: 15 15214 I 001 | K17: 11.2 | L17: 46162 | U17: Gris
D18: LINNING | F18: ACM | H18: FABRIC | I18: ALBANO MORGADO | J18: 15 15214 I 021 | K18: 11.2 | L18: 46154 | U18: Indigo
D19: BACK | F19: ALBANO MORGADO | H19: FABRIC | I19: ALBANO MORGADO | J19: 15 16982 I 001 | K19: 11.2 | L19: 46162 | U19: Kaki
D20: INTERLINING | F20: AMBASSADOR | H20: FABRIC | I20: ALBANO MORGADO | J20: 15 16982 I 002 | K20: 11.2 | L20: 46162 | U20: Marine
D21: UNDER COLLAR | F21: CADICA | H21: FABRIC | I21: ALBANO MORGADO | J21: 15 16982 I 003 | K21: 11.2 | L21: 46162 | U21: Marron
D22: BOUCLE | F22: CERVOTESSILE | H22: FABRIC | I22: ALBANO MORGADO | J22: 15 16982 I 004 | K22: 11.2 | L22: 46162 | U22: Naturel
D23: PANO DE BOLSO | F23: CHARGEUR | H23: FABRIC | I23: ALBANO MORGADO | J23: 15 16982 I 005 | K23: 11.2 | L23: 46162 | U23: Navy
D24: GALON | F24: Classwash | H24: FABRIC | I24: ALBANO MORGADO | J24: 1516514-001 | K24: 13.4 | L24: 46127 | U24: Off White
D25: BOUTONS | F25: Communication | H25: FABRIC | I25: ZANIERI | J25: 15900 SUPERFELT 901 COLOR 901 | K25: 23.52 | L25: 46155 | U25: Orange
D26: ETIQUETTES | F26: DRAGONI | H26: FABRIC | I26: PONTEX | J26: 1603/K51VALLON PXT RESINA DOM 1+1 | K26: 15.45 | L26: 46163 | U26: Patch Bleu
D27: GALON | F27: DUCA VISCONTI | H27: FABRIC | I27: MDA | J27: 2124 DESENCOLADO | K27: 4.5 | L27: 46155 | U27: Patch Caramel
D28: HANGTAG | F28: LOUROPEL | H28: FABRIC | I28: MDA | J28: 2179 COL. P.T.E. "CANVAS " | K28: 4.2 | L28: 46155 | U28: Patch Kaki
... D31: ZIP | F31: NASTRO | H31: BACK | I31: MDA | J31: 2179 PPT / COL CW27742 | K31: 8.91 | L31: 46127 | U31: Rayure Kaki
F32: NF21 | H32: BACK | I32: MDA | J32: 2179 PPT / COL CW608790 | K32: 8.91 | L32: 46148 | U32: Rose
F33: OFFITEX | H33: BACK | I33: MDA | J33: 2179 PPT / COL CW708793 | K33: 8.91 | L33: 46148 | U33: Rouge
F34: SIDOGRAS | H34: PIPING | I34: J.GUERRA | J34: 315/25 COL 239 | U34: Sable
F35: TABEL | H35: FABRIC | I35: ALBANO MORGADO | J35: 35 13200 I 001 | K35: 13.4 | L35: 46210 | U35: Seersucker
F36: TELATEX | H36: FABRIC | I36: ALBANO MORGADO | J36: 35 13200 I 010 | K36: 13.4 | L36: 46148 | U36: Shibory
F37: Transport | H37: FABRIC | I37: ALBANO MORGADO | J37: 35 13200 I 041 | K37: 13.2 | L37: 46154 | U37: Sky
F38: TROFICOLOR | H38: FABRIC | I38: ALBANO MORGADO | J38: 35 14447 I 001 | K38: 17.2 | L38: 46210 | U38: Stone
F39: ZANIERI | H39: FABRIC | I39: ALBANO MORGADO | J39: 35 15370 I 017 | K39: 13.8 | L39: 46127 | U39: Surseekur
F40: ? | H40: FABRIC | I40: ALBANO MORGADO | J40: 35 15955 R 001 | K40: 12 | L40: 46151 | U40: Terra
F41: OLMETEX | H41: FABRIC | I41: ALBANO MORGADO | J41: 35 16100 I 028 | K41: 12.8 | L41: 46154 | U41: Vert
F42: J.GUERRA | H42: FABRIC | I42: ALBANO MORGADO | J42: 35 16640 I 001 | K42: 14.35 | L42: 46127 | U42: Straw
F43: MARZOTTO | H43: FABRIC | I43: ALBANO MORGADO | J43: 35 16670 I 041 | K43: 13.2 | L43: 46148 | U43: Brown / Orange
F44: TECNITEXTIL | H44: FABRIC | I44: ALBANO MORGADO | J44: 35 16670 I 044 | K44: 13.2 | L44: 46154 | U44: White
F45: MOON | H45: FABRIC | I45: ALBANO MORGADO | J45: 35 16673 I 001 | K45: 14.35 | L45: 46148 | U45: BROW CHINE
F46: HALLEY STEVENSON | H46: FABRIC | I46: ALBANO MORGADO | J46: 35 16857 I 005 | U46: Gray / Blue
F47: PONTEX | H47: FABRIC | I47: ALBANO MORGADO | J47: 35 16983 X 002 | K47: 14.6 | L47: 46148 | U47: Tweed Brown
F48: MYZIP | H48: FABRIC | I48: ALBANO MORGADO | J48: 3516983X COL 2 | K48: 14.6 | L48: 46127 | U48: Kaki / Brown
F49: VITALE BARBERIS | H49: ETIQUETTES | I49: CADICA | J49: 4/2 - EA0134704 | K49: 0.11 | L49: 46157 | U49: Taupe
F50: PANTEX | H50: LINNING | I50: ACM | J50: 4544 VAR 2 | K50: 7.5 | L50: 46148 | U50: Camel
H51: LINNING | I51: ACM | J51: 4544 VAR 3 | K51: 7.5 | L51: 46148 | U51: Gris bleu
H52: LINNING | I52: NF21 | J52: 4589-600 | K52: 7.5 | L52: 46148 | U52: KAKI WASHED
H53: FABRIC | I53: VITALE BARBERIS | J53: 504 801 COL 1 | K53: 24.4 | L53: 46157 | U53: Red orange
H54: FABRIC | I54: VITALE BARBERIS | J54: 504 801 COL 3 | K54: 24.4 | L54: 46157 | U54: Melton Camel
H55: INTERLINING | I55: CHARGEUR | J55: 711048/A NATURAL | U55: Kaki Army
H56: INTERLINING | I56: CHARGEUR | J56: 713048 PRETA | K56: 1.35 | L56: 46127 | U56: Fantaisie
H57: FABRIC | I57: ZANIERI | J57: 74044 SUPER WASHED COL 8161 | K57: 18.24 | L57: 46127 | U57: Gold
H58: ETIQUETTES | I58: CADICA | J58: A2 | K58: 0.38 | L58: 46157 | U58: Shetland
H59: ETIQUETTES | I59: CADICA | J59: A3 | K59: 0.27 | L59: 46127 | U59: Gris foncé
H60: ZIP | I60: MYZIP | J60: ART 03VV1B130000 COL 631 (18CM) | U60: Gris clair
H61: BOUTONS | I61: LOUROPEL | J61: BT Brown 1 | K61: 0.05 | L61: 46152 | U61: Ecru
H62: BOUTONS | I62: LOUROPEL | J62: BT White 2 - CZL0092 SIZE 24 | K62: 0.09 | L62: 46157 | U62: New red
H63: BOUTONS | I63: LOUROPEL | J63: BT1 | K63: 0.06 | L63: 46127 | U63: Light green sauge
H64: BOUTONS | I64: LOUROPEL | J64: BT2 | K64: 0.13 | L64: 46154 | U64: Indigo Fade out
H65: BOUTONS | I65: LOUROPEL | J65: BT4 - 387 SIZE 14 COL 51 | K65: 0.228 | L65: 46157 | U65: Multi Brown
H66: ETIQUETTES | I66: CADICA | J66: C2 - EA0227993 | K66: 0.355 | L66: 46157 | U66: Multi
H67: FABRIC | I67: PONTEX | J67: CANVAS STRETCH PXT 01425/P05-1970 | K67: 4.4 | L67: 46157 | U67: Edition 1
H68: POCHETTE | I68: SONDRIO | J68: Chambray
H69: BACK | I69: NF21 | J69: Chambrey | K69: 6.44 | L69: 46148
H70: FABRIC | I70: NF21 | J70: Chambrey | K70: 6.44 | L70: 46148
H71: BACK | I71: MDA | J71: Chambrey Bleach | K71: 6.44 | L71: 46148
H72: UNDER COLLAR | I72: OFFITEX | J72: COR 301C/1 | K72: 0.05 | L72: 46127
H73: LINNING | I73: TABEL | J73: Dessin Camo - Fleurs Bleue | K73: 3.75 | L73: 46148
H74: LINNING | I74: TABEL | J74: Dessin Camo - Fleurs Rouge | K74: 3.95 | L74: 46127
H75: ETIQUETTES | I75: CADICA | J75: DM1 | K75: 0.27 | L75: 46152
H76: BOUTONS | I76: LOUROPEL | J76: ESPIGAO 1 - 387SIZE 9 COL 5 ESPIGÃO | K76: 0.079 | L76: 46157
H77: Frais externe | I77: Transport | J77: Européen | K77: 2 | L77: 46127
H78: ETIQUETTES | I78: CADICA | J78: EV3 - EA0135834 | K78: 0.137 | L78: 46157
H79: FABRIC | I79: TROFICOLOR | J79: F11 NAPLES | K79: 5.98 | L79: 46157
H80: FABRIC | I80: TROFICOLOR | J80: F6S1A 113 COL 100 | K80: 6.75 | L80: 46162
... H83: FABRIC | I83: TELATEX | J83: Gros coton | K83: 13 | L83: 46157
H84: GALON | I84: NASTRO | J84: H
H85: FABRIC | I85: TELATEX | J85: H03311 KIOWA | K85: 12.5 | L85: 46148
H86: FABRIC | I86: MOON | J86: HERITAGE 1116 / 87 ARMY GREEN | K86: 22.2 | L86: 46157
H87: FABRIC | I87: MOON | J87: HERITAGE 1116 / F05 CAMEL | K87: 22.2 | L87: 46157
H88: Frais externe | I88: Transport | J88: International | K88: 4 | L88: 46127
H89: FABRIC | I89: MDA | J89: K112 / COR : Desencolado
H90: LINNING | I90: MDA | J90: K23 AZUL-BRANCO | K90: 5.5 | L90: 46157
H91: ETIQUETTES | I91: CADICA | J91: LE1 | K91: 0.65 | L91: 46151
H92: ETIQUETTES | I92: CADICA | J92: LE2 | K92: 0.78 | L92: 46151
H93: ETIQUETTES | I93: CADICA | J93: LE3 | K93: 0.35 | L93: 46157
H94: BOUCLE | I94: LOUROPEL | J94: Loop 1 | K94: 0.243 | L94: 46152
H95: LINNING | I95: CERVOTESSILE | J95: LOTO e.202
H96: LINNING | I96: CERVOTESSILE | J96: LOTO e.215
H97: LINNING | I97: CERVOTESSILE | J97: LOTO e.225
H98: LINNING | I98: CERVOTESSILE | J98: LOTO e.235
H99: FABRIC | I99: MALLALEUS | J99: M5103 5688 7L | K99: 18.8 | L99: 46151
H100: FABRIC | I100: MALLALEUS | J100: M5103 DENIM 4 - 100% Wool Pure 5744 / IA
H101: Frais externe | I101: Communication | J101: Marketing | K101: 0.5 | L101: 46127
H102: BACK | I102: SIDOGRAS | J102: MC00-5357-003 | K102: 6.44 | L102: 46148
H103: FABRIC | I103: OLMETEX | J103: N92 187 bleu / caramel | K103: 26.95 | L103: 46151
H104: FABRIC | I104: OLMETEX | J104: N92 187 KAIROS QUILTED COL 1 KAKI / ORANGE N92010 | K104: 33.5 | L104: 46152
...
